Workbook

Sheet Лист1
B1: библиотеки 2019 | E1: ИТОГО | G1: 2018 | H1: 2019
A2: 1 | B2: Число посещений библиотеки | C2: ='биб-ки'!EC34 -> 2788.951 | D2: 3.241 | E2: =C2+D2 -> 2792.192
B3: б-ки кду | C3: ='биб-ки'!EC37 -> 39.787 | E3: =C3+D3 -> 39.787
B4: ВСЕГО | E4: =SUM(E2:E3) -> 2831.979 | H4: =E4 -> 2831.979
B5: число посещений КИБО | C5: 3.241 | E5: =C5+D5 -> 3.241
B6: библиотеки 2018
B7: Число посещений библиотеки | C7: ='биб-ки'!EB34 -> 1813.867 | D7: 3.121 | E7: =C7+D7 -> 1816.988
B8: б-ки кду | C8: ='биб-ки'!EB37 -> 39.787 | E8: =C8+D8 -> 39.787
B9: ВСЕГО | E9: =SUM(E7:E8) -> 1856.775 | G9: =E9 -> 1856.775
B10: число посещений КИБО | C10: 3.121 | E10: =C10+D10 -> 3.121
B12: КДУ 2019
A13: 2 | B13: к-во посещений плат.меропр. | C13: =клубы!EI35/1000 -> 272.718 | E13: =C13+D13 -> 272.718 | H13: =E13 -> 272.718
B14: к-во уч. КДФ | C14: =клубы!BL35/1000 -> 30.183 | E14: =C14+D14 -> 30.183 | H14: =E14 -> 30.183
B15: к-во посещ.меропр.с пр.сп.тр. Из общего числа | C15: =1838/1000 -> 1.838 | E15: =C15+D15 -> 1.838
B16: КДУ 2018
A17: 2 | B17: к-во посещений плат.меропр. | C17: =клубы!EH35/1000 -> 189.759 | E17: =C17+D17 -> 189.759 | G17: =E17 -> 189.759
B18: к-во уч. КДФ | C18: =клубы!BK35/1000 -> 31.271 | E18: =C18+D18 -> 31.271 | G18: =E18 -> 31.271
B19: к-во посещ.меропр.с пр.сп.тр. Из общего числа | C19: =2456/1000 -> 2.456 | E19: =C19+D19 -> 2.456
B21: музеи 2019
B22: Число посещений музея - всего | C22: =#REF! -> #REF! | E22: =C22+D22 -> #REF! | H22: =E22 -> #REF!
B23: музеи 2018
B24: Число посещений музея - всего | C24: =#REF! -> #REF! | E24: =C24+D24 -> #REF! | G24: =E24 -> #REF!
B26: театры 2019
B27: Численность зрителей на мероп, провед.собств.силами | C27: =#REF! -> #REF! | E27: =C27+D27 -> #REF! | F27: 330.2
B28: негос театры | D28: 34.3 | E28: =C28+D28 -> 34.3
B29: ИТОГО | C29: =C27+C28 -> #REF! | D29: =D27+D28 -> 34.3 | E29: =C29+D29 -> #REF! | H29: =E29 -> #REF!
B30: театры 2018
B31: Численность зрителей на мероп, провед.собств.силами | C31: =#REF! -> #REF! | E31: =C31+D31 -> #REF! | F31: 399.4
B32: негос театры | D32: 36.7 | E32: =C32+D32 -> 36.7
B33: ИТОГО | C33: =C31+C32 -> #REF! | D33: =D31+D32 -> 36.7 | E33: =C33+D33 -> #REF! | G33: =E33 -> #REF!
B35: Концертн.орг.2019
B36: Число зрителей на мер-х, провед.в пред.своего субъекта РФ | C36: =Конц.!AO12 -> 95.7 | E36: =C36+D36 -> 95.7 | H36: =E36 -> 95.7
B37: Концертн.орг.2018
B38: Число зрителей на мер-х, провед.в пред.своего субъекта РФ | C38: =Конц.!AN12 -> 58.2 | E38: =C38+D38 -> 58.2 | G38: =E38 -> 58.2
B40: зоопарки 2019
B41: Число посещений - всего | C41: =зоопарк!O9 -> 52.5 | E41: =C41+D41 -> 52.5 | H41: =E41 -> 52.5
B42: зоопарки 2019
B43: Число посещений - всего | C43: =зоопарк!N9 -> 35.1 | E43: =C43+D43 -> 35.1 | G43: =E43 -> 35.1
G44: =SUM(G2:G43) -> #REF! | H44: =SUM(H2:H43) -> #REF!
B45: числ.насел получ.услуги автоклубов
B46: библиотеки | G46: =E10 -> 3.121 | H46: =E5 -> 3.241
B47: КДУ | G47: =E19 -> 2.456 | H47: =E15 -> 1.838
B48: ИТОГО | G48: =SUM(G46:G47) -> 5.577 | H48: =SUM(H46:H47) -> 5.079
G50: =G44+G48 -> #REF! | H50: =H44+H48 -> #REF!

Sheet УК гг 
A1: Количество областных и муниципальных учреждений культуры Томской области (сет.ед.)
A2: Наименование учреждений | B2: Количество муниципальных учреждений (МУ) | D2: Количество областных учреждений (ОУ) | F2: ВСЕГО
B3: 2020 | C3: 2021 | D3: 2020 | E3: 2021 | F3: 2020 | G3: 2021
A4: Клубы | B4: 271 | C4: 269 | D4: 4 | E4: 4 | F4: =B4+D4 -> 275 | G4: =C4+E4 -> 273
A5: Библиотеки | B5: 319 | C5: 319 | D5: 2 | E5: 2 | F5: =B5+D5 -> 321 | G5: =C5+E5 -> 321
A6: ДМШ, ДШИ, ДХШ | B6: 25 | C6: 25 | D6: 5 | E6: 5 | F6: =B6+D6 -> 30 | G6: =C6+E6 -> 30
A7: Музеи (всего / в т.ч. филиалы / в т.ч.структурные подразделения) | B7: 9/1/1 | C7: 9/1/1 | D7: 8/6 | E7: 8/6 | F7: 17/7/1 | G7: 17/7/1
A8: Театры | B8: 2 | C8: 2 | D8: 3 | E8: 3 | F8: =B8+D8 -> 5 | G8: =C8+E8 -> 5
A9: Филармония | D9: 1 | E9: 1 | F9: =B9+D9 -> 1 | G9: =C9+E9 -> 1
A10: Учреждения среднего профессионального образования | D10: 2 | E10: 2 | F10: =B10+D10 -> 2 | G10: =C10+E10 -> 2
A11: ТОИУМЦКИ | D11: 1 | E11: 1 | F11: =B11+D11 -> 1 | G11: =C11+E11 -> 1
A12: Центр по охране памятников | D12: 1 | E12: 1 | F12: =B12+D12 -> 1 | G12: =C12+E12 -> 1
A13: Северский природный парк (зоопарк) | B13: 1 | C13: 1 | F13: =B13+D13 -> 1 | G13: =C13+E13 -> 1
A14: Архивы | B14: 1 | C14: 1 | D14: 2 | E14: 2 | F14: =B14+D14 -> 3 | G14: =C14+E14 -> 3
A15: Итого учреждений культуры (в т.ч. филиалы и структурные подразделения): | B15: =SUM(B4:B6)+9+SUM(B8:B14) -> 628 | C15: =SUM(C4:C6)+9+SUM(C8:C14) -> 626 | D15: =SUM(D4:D6)+SUM(D8:D14)+8 -> 29 | E15: =SUM(E4:E6)+SUM(E8:E14)+8 -> 29 | F15: =SUM(F4:F6)+SUM(F8:F14)+17 -> 657 | G15: =SUM(G4:G6)+SUM(G8:G14)+17 -> 655
A16: ЦДСО "Томь" * | D16: 1 | E16: 1 | F16: =B16+D16 -> 1 | G16: =C16+E16 -> 1
A17: ВСЕГО: | B17: =B15+B16 -> 628 | C17: =C15+C16 -> 626 | D17: =D15+D16 -> 30 | E17: =E15+E16 -> 30 | F17: =F15+F16 -> 658 | G17: =G15+G16 -> 656
A19: В том числе: Структурные подразделения учр-ний культуры, осуществляющие библиотечную деятельность (справочно) | B19: 2 | C19: 2 | F19: =B19+D19 -> 2 | G19: =C19+E19 -> 2
A21: *) ЦДСО "Томь"- основной ОКВЭД: 55.90 (Деятельность по предоставлению прочих мест для временного проживания)

Sheet Кол-во УК
A1: Количество учреждений культуры, искусства и художественного образования сферы культуры Томской области в разрезе муниципальных образований
A3: Наименование | B3: Код стр. | C3: Количество учреждений культуры, искусства и художественного образования, сет.ед.
C4: ВСЕГО | E4: в том числе:
E5: культурно-досуговые учреждения | G5: библиотеки | I5: ДМШ, ДШИ, ДХШ | K5: музеи (всего / в т.ч. филиалы / в т.ч.структурные подразделения) | M5: театрально-зрелищные учреждения | O5: учреждения среднего профессионального образования | Q5: ТОИУМЦКИ | S5: зоопарк | U5: архивы | W5: Центр по охране памятников
C6: 2020 | D6: 2021 | E6: 2020 | F6: 2021 | G6: 2020 | H6: 2021 | I6: 2020 | J6: 2021 | K6: 2020 | L6: 2021 | M6: 2020 | N6: 2021 | O6: 2020 | P6: 2021 | Q6: 2020 | R6: 2021 | S6: 2020 | T6: 2021 | U6: 2020 | V6: 2021 | W6: 2020 | X6: 2021
B7: 1 | C7: 2 | D7: 3 | E7: 4 | F7: 5 | G7: 6 | H7: 7 | I7: 8 | J7: 9 | K7: 10 | L7: 11 | M7: 12 | N7: 13 | O7: 14 | P7: 15 | Q7: 16 | R7: 17 | S7: 18 | T7: 19 | U7: 20 | V7: 21 | W7: 22 | X7: 23
A8: Александровский | B8: 01 | C8: =E8+G8+I8+K8+M8+O8+Q8+S8+U8+W8 -> 17 | D8: =F8+H8+J8+L8+N8+P8+R8+T8+V8+X8 -> 17 | E8: 8 | F8: 8 | G8: 8 | H8: 8 | I8: 1 | J8: 1
A9: Асиновский | B9: 02 | C9: =E9+G9+I9+K9+M9+O9+Q9+S9+U9+W9 -> 36 | D9: =F9+H9+J9+L9+N9+P9+R9+T9+V9+X9 -> 36 | E9: 16 | F9: 16 | G9: 20 | H9: 20
A10: Бакчарский | B10: 03 | C10: =E10+G10+I10+K10+M10+O10+Q10+S10+U10+W10 -> 32 | D10: =F10+H10+J10+L10+N10+P10+R10+T10+V10+X10 -> 32 | E10: 18 | F10: 18 | G10: 13 | H10: 13 | K10: 1 | L10: 1
A11: Верхнекетский | B11: 04 | C11: =E11+G11+I11+K11+M11+O11+Q11+S11+U11+W11 -> 23 | D11: =F11+H11+J11+L11+N11+P11+R11+T11+V11+X11 -> 22 | E11: 10 | F11: 9 | G11: 13 | H11: 13
A12: Зырянский | B12: 05 | C12: =E12+G12+I12+K12+M12+O12+Q12+S12+U12+W12 -> 39 | D12: =F12+H12+J12+L12+N12+P12+R12+T12+V12+X12 -> 39 | E12: 20 | F12: 20 | G12: 18 | H12: 18 | K12: 1 | L12: 1
A13: Каргасокский | B13: 06 | C13: =E13+G13+I13+K13+M13+O13+Q13+S13+U13+W13 -> 41 | D13: =F13+H13+J13+L13+N13+P13+R13+T13+V13+X13 -> 41 | E13: 18 | F13: 18 | G13: 22 | H13: 22 | I13: 1 | J13: 1
A14: Кожевниковский | B14: 07 | C14: =E14+G14+I14+K14+M14+O14+Q14+S14+U14+W14 -> 46 | D14: =F14+H14+J14+L14+N14+P14+R14+T14+V14+X14 -> 46 | E14: 24 | F14: 24 | G14: 21 | H14: 21 | I14: 1 | J14: 1
A15: Колпашевский | B15: 08 | C15: =E15+G15+I15+K15+M15+O15+Q15+S15+U15+W15 -> 44 | D15: =F15+H15+J15+L15+N15+P15+R15+T15+V15+X15 -> 44 | E15: 17 | F15: 17 | G15: 26 | H15: 26 | U15: 1 | V15: 1
A16: Кривошеинский | B16: 09 | C16: =E16+G16+I16+K16+M16+O16+Q16+S16+U16+W16 -> 28 | D16: =F16+H16+J16+L16+N16+P16+R16+T16+V16+X16 -> 28 | E16: 15 | F16: 15 | G16: 13 | H16: 13
A17: Молчановский | B17: 10 | C17: =E17+G17+I17+K17+M17+O17+Q17+S17+U17+W17 -> 22 | D17: =F17+H17+J17+L17+N17+P17+R17+T17+V17+X17 -> 22 | E17: 8 | F17: 8 | G17: 13 | H17: 13 | I17: 1 | J17: 1
A18: Парабельский | B18: 11 | C18: =E18+G18+I18+K18+M18+O18+Q18+S18+U18+W18 -> 30 | D18: =F18+H18+J18+L18+N18+P18+R18+T18+V18+X18 -> 30 | E18: 12 | F18: 12 | G18: 16 | H18: 16 | I18: 1 | J18: 1 | K18: 1 | L18: 1
A19: Первомайский | B19: 12 | C19: =E19+G19+I19+2+M19+O19+Q19+S19+U19+W19 -> 45 | D19: =F19+H19+J19+2+N19+P19+R19+T19+V19+X19 -> 45 | E19: 22 | F19: 22 | G19: 20 | H19: 20 | I19: 1 | J19: 1 | K19: 2/1ф | L19: 2/1ф
A20: Тегульдетский | B20: 13 | C20: =E20+G20+I20+K20+M20+O20+Q20+S20+U20+W20 -> 12 | D20: =F20+H20+J20+L20+N20+P20+R20+T20+V20+X20 -> 12 | E20: 6 | F20: 6 | G20: 6 | H20: 6
A21: Томский | B21: 14 | C21: =E21+G21+I21+K21+M21+O21+Q21+S21+U21+W21 -> 81 | D21: =F21+H21+J21+L21+N21+P21+R21+T21+V21+X21 -> 81 | E21: 38 | F21: 38 | G21: 39 | H21: 39 | I21: 4 | J21: 4
A22: Чаинский | B22: 15 | C22: =E22+G22+I22+K22+M22+O22+Q22+S22+U22+W22 -> 33 | D22: =F22+H22+J22+L22+N22+P22+R22+T22+V22+X22 -> 33 | E22: 14 | F22: 14 | G22: 17 | H22: 17 | I22: 2 | J22: 2
A23: Шегарский | B23: 16 | C23: =E23+G23+I23+K23+M23+O23+Q23+S23+U23+W23 -> 32 | D23: =F23+H23+J23+L23+N23+P23+R23+T23+V23+X23 -> 31 | E23: 15 | F23: 14 | G23: 16 | H23: 16 | K23: 1 | L23: 1
A24: г.Кедровый | B24: 17 | C24: =E24+G24+I24+K24+M24+O24+Q24+S24+U24+W24 -> 5 | D24: =F24+H24+J24+L24+N24+P24+R24+T24+V24+X24 -> 5 | E24: 2 | F24: 2 | G24: 2 | H24: 2 | I24: 1 | J24: 1
A25: г.Стрежевой | B25: 18 | C25: =E25+G25+I25+1+M25+O25+Q25+S25+U25+W25 -> 5 | D25: =F25+H25+J25+1+N25+P25+R25+T25+V25+X25 -> 5 | E25: 1 | F25: 1 | G25: 2 | H25: 2 | I25: 1 | J25: 1 | K25: 1стр.п. | L25: 1стр.п.
A26: г.Томск | B26: 19 | C26: =E26+G26+I26+K26+M26+O26+Q26+S26+U26+W26 -> 40 | D26: =F26+H26+J26+L26+N26+P26+R26+T26+V26+X26 -> 40 | E26: 5 | F26: 5 | G26: 26 | H26: 26 | I26: 8 | J26: 8 | K26: 1 | L26: 1
A27: ЗАТО Северск | B27: 20 | C27: =E27+G27+I27+K27+M27+O27+Q27+S27+U27+W27 -> 17 | D27: =F27+H27+J27+L27+N27+P27+R27+T27+V27+X27 -> 17 | E27: 2 | F27: 2 | G27: 8 | H27: 8 | I27: 3 | J27: 3 | K27: 1 | L27: 1 | M27: 2 | N27: 2 | S27: 1 | T27: 1 | Z27: пров.
A28: Итого МУ: | B28: 21 | C28: =SUM(C8:C27) -> 628 | D28: =SUM(D8:D27) -> 626 | E28: =SUM(E8:E27) -> 271 | F28: =SUM(F8:F27) -> 269 | G28: =SUM(G8:G27) -> 319 | H28: =SUM(H8:H27) -> 319 | I28: =SUM(I8:I27) -> 25 | J28: =SUM(J8:J27) -> 25 | K28: 9/1/1 | L28: 9/1/1 | M28: =SUM(M8:M27) -> 2 | N28: =SUM(N8:N27) -> 2 | O28: =SUM(O8:O27) -> 0 | P28: =SUM(P8:P27) -> 0 | Q28: =SUM(Q8:Q27) -> 0 | R28: =SUM(R8:R27) -> 0 | S28: =SUM(S8:S27) -> 1 | T28: =SUM(T8:T27) -> 1 | ... X28: =SUM(X8:X27) -> 0 | Z28: =E28+G28+I28+M28+O28+Q28+S28+U28+W28+9 -> 628 | AA28: =F28+H28+J28+N28+P28+R28+T28+V28+X28+9 -> 626
A29: Областные учреждения | B29: 22 | C29: =E29+G29+I29+8+M29+O29+Q29+S29+U29+W29 -> 29 | D29: =F29+H29+J29+8+N29+P29+R29+T29+V29+X29 -> 29 | E29: 4 | F29: 4 | G29: 2 | H29: 2 | I29: 5 | J29: 5 | K29: 8/6 | L29: 8/6 | M29: 4 | N29: 4 | O29: 2 | P29: 2 | Q29: 1 | R29: 1 | U29: 2 | V29: 2 | W29: 1 | X29: 1 | Z29: =E29+G29+I29+M29+O29+Q29+S29+U29+W29+8 -> 29 | AA29: =F29+H29+J29+N29+P29+R29+T29+V29+X29+8 -> 29
A30: ВСЕГО: | B30: 23 | C30: =C28+C29 -> 657 | D30: =D28+D29 -> 655 | E30: =E28+E29 -> 275 | F30: =F28+F29 -> 273 | G30: =G28+G29 -> 321 | H30: =H28+H29 -> 321 | I30: =I28+I29 -> 30 | J30: =J28+J29 -> 30 | K30: 17/7/1 | L30: 17/7/1 | M30: =M28+M29 -> 6 | N30: =N28+N29 -> 6 | O30: =O28+O29 -> 2 | P30: =P28+P29 -> 2 | Q30: =Q28+Q29 -> 1 | R30: =R28+R29 -> 1 | S30: =S28+S29 -> 1 | T30: =T28+T29 -> 1 | ... X30: =X28+X29 -> 1 | Z30: =E30+G30+I30+M30+O30+Q30+S30+U30+W30+17 -> 657 | AA30: =F30+H30+J30+N30+P30+R30+T30+V30+X30+17 -> 655
A31: Кроме того:
A32: Сторонние учреждения культуры | C32: =E32+G32+I32+K32+M32+O32+Q32+S32+U32+W32 -> 8 | D32: =F32+H32+J32+L32+N32+P32+R32+T32+V32+X32 -> 8 | E32: 2 | F32: 2 | G32: 2 | H32: 2 | K32: 1 | L32: 1 | M32: 3 | N32: 3
D34: =D30+D32 -> 663
A38: ВСЕГО: | C38: =C30+C37 -> 657 | D38: =D30+D37 -> 655
C39: =C38-'[1]УК гг '!F17 -> 2 | D39: =D38-'[1]УК гг '!G17 -> -3

Sheet биб-ки
A1: Общие сведения по библиотекам | AR1: Электронные ресурсы библиотек | BS1: Среднее количество населения на одну библиотеку в муниципальных образованиях (тыс.чел.) | CL1: Движение библиотечного фонда | DO1: Работа с пользователями | FG1: Персонал библиотек | GE1: Поступление и использование финансовых средств библиотек за 2021 г.
A3: N п/п | B3: Наименование | C3: Код стр. | D3: Общее число библиотек и библиотек-филиалов на конец отч. года, всего (сет. ед.) | J3: из общего числа библиотек имеют помещения | R3: Число детских библиотек, сет. ед. | T3: из них имеют помещения | AB3: из общего числа библиотек имеют | AN3: Число пунктов вне стационарного обслуживания пользователей б-ки, ед. | AR3: N п/п | AS3: Наименование | AT3: Код стр. | AU3: Из общего числа библиотек | BL3: Объем электронного каталога на конец отчетного года, тыс. ед. | BS3: N п/п | BT3: Наименование районов и городов | BU3: Код стр. | BV3: Численность постоянного населения на 1 января соотв. года | CB3: Среднее число жителей на одну библиотеку | CL3: N п/п | CM3: Наименование | CN3: Код стр. | CO3: Библиотечный фонд (состоит документов на конец отчетного года), тыс.экз. | CX3: Поступило документов за отчетный год, тыс.экз. | DG3: Поступило документов за год в среднем на 1000 жителей, ед. | DJ3: Обеспеченность жителей фондами библиотек (на 1 жителя), экз. | DM3: Место среди районов | DO3: N п/п | DP3: Наименование | DQ3: Код стр. | DR3: Число зарегистрированных пользователей библиотеки - всего, тыс. чел. | DU3: из них пользователей, обслуженных в стационарных условиях | DX3: % охвата населения библиотечным обслуживанием | EA3: Место среди районов | EB3: Число посещений библиотеки в стационарных условиях - всего, тыс. ед. | EE3: из них число посещений библиотечных мероприятий в стационарных условиях | EH3: Число обращений к библиотеке удаленных пользователей - всего, тыс. ед. | EK3: Обеспеченность пользователей фондами библиотек, экз. | EN3: Число библиотечных мероприятий, ед. | EQ3: Выдано (просмотрено) документов из фондов данной библиотеки - ВСЕГО (в стационарном, во внестационарном и удаленном режиме), тыс.ед. | ET3: Читаемость | EW3: Обращаемость | EZ3: Выполнено справок и консультаций - ВСЕГО (в стационарном, во внестационарном и удаленном режиме), тыс.ед. | FC3: Выдано (просмотрено) документов из фондов других библиотек - ВСЕГО (в стационарном, во внестационарном и удаленном режиме), тыс.ед. | FG3: N п/п | FH3: Наименование | FI3: Код стр. | FJ3: Численность работников - всего, чел. | FM3: из общей численности работников - основной персонал | FP3: из них имеют образование | FV3: % работников осн. перс. с высш. и ср.професс. образованием 2021 г. | FW3: Место среди районов | FX3: Нагрузка на одного библиотечного работника | GE3: N п/п | GF3: Наименование | GG3: Код стр. | GH3: Поступило за год - всего, тыс. руб. | GI3: В сред-нем на 1 библиотеку, тыс. руб. | GJ3: Место среди районов | GK3: из общей суммы поступлений | GQ3: Израсходовано за год - всего, тыс. руб. | GR3: из них расходы на: | GY3: Количество финансовых средств
J4: требующие капитального ремонта | M4: аварийные | P4: % помещений библиотек в неудовлетв. состоянии | T4: требующие капитального ремонта | W4: аварийные | Z4: % помещений библиотек в неудовлетв. состоянии | AB4: Пункты вне стационарного обслуживания пользователей библиотеки | AE4: Посадочные места для пользователей | AU4: имеют доступ в Интернет | AX4: из них имеют доступ посетители | BA4: % библиотек, имеющих доступ в Интернет | BC4: имеют собственный Интернет-сайт или Интернет-страницу | BF4: имеют электронные каталоги | BI4: из них доступных в Интернете | GK4: бюджетные ассигнования учредителя | GL4: финансирование из бюджетов других уровней | GM4: поступл. от оказания услуг (выполнения работ) на платной основе и от иной приносящей доход деят-сти, всего | GN4: из них | GP4: % бюджетного финансирования | GR4: оплату труда | GS4: кап. ремонт и реконструкцию | GT4: приобретение (замену) оборудования | GU4: из них для улучш. условий доступности для инвалидов и лиц с ОВЗ | GV4: комплектование фонда | GW4: организацию и провед. мероприятий | GX4: информатизацию библ-ной деят-сти
AE5: всего | AH5: из них компьютеризированные (из гр.29 и гр.30 соотв-но) | AK5: из них с возможностью выхода в Интернет (из гр.32 и гр.33 соотв-но) | BL5: общее число записей | BO5: из них число записей, доступных в Интернете | BV5: 2020 г. | BY5: 2021 г. | CB5: 2020 г. | CE5: 2021 г. | CH5: Отклонения к 2020 г. | CO5: Всего | CR5: Город | CU5: Село | CX5: Всего | DA5: Город | DD5: Село | FP5: высшее | FS5: среднее профессиональное | FX5: Число пользователей, чел. | GA5: Выдача фонда, тыс.экз. | GN5: благотворительные и спонсорские вклады | GO5: от сдачи имущества в аренду | GY5: на 1 жителя, руб. | GZ5: Место среди районов | HA5: на 1 читателя, руб. | HB5: Место среди районов
D6: 2020 | G6: 2021
D8: Всего | E8: Город | F8: Село | G8: Всего | H8: Город | I8: Село | J8: 2020 | K8: 2021 | L8: отк. | M8: 2020 | N8: 2021 | O8: отк. | P8: 2020 | Q8: 2021 | R8: 2020 | S8: 2021 | T8: 2020 | U8: 2021 | V8: отк. | W8: 2020 | X8: 2021 | Y8: отк. | Z8: 2020 | AA8: 2021 | AB8: 2020 | AC8: 2021 | AD8: отк. | AE8: 2020 | AF8: 2021 | AG8: отк. | AH8: 2020 | AI8: 2021 | AJ8: отк. | AK8: 2020 | AL8: 2021 | AM8: отк. | AN8: 2020 | AO8: 2021 | AP8: отк. | AU8: 2020 | AV8: 2021 | AW8: отк. | AX8: 2020 | AY8: 2021 | AZ8: отк. | BA8: 2020 | BB8: 2021 | BC8: 2020 | BD8: 2021 | BE8: отк. | BF8: 2020 | BG8: 2021 | BH8: отк. | BI8: 2020 | BJ8: 2021 | BK8: отк. | BL8: 2020 | BM8: 2021 | BN8: отк. | BO8: 2020 | BP8: 2021 | BQ8: отк. | BV8: Всего | BW8: Город | BX8: Село | BY8: Всего | BZ8: Город | CA8: Село | CB8: Всего | CC8: Город | CD8: Село | CE8: Всего | CF8: Город | CG8: Село | CH8: Всего | CI8: Город | CJ8: Село | CO8: 2020 | CP8: 2021 | CQ8: отк. | CR8: 2020 | CS8: 2021 | CT8: отк. | CU8: 2020 | CV8: 2021 | CW8: отк. | CX8: 2020 | CY8: 2021 | CZ8: отк. | DA8: 2020 | DB8: 2021 | DC8: отк. | DD8: 2020 | DE8: 2021 | DF8: отк. | DG8: 2020 | DH8: 2021 | DI8: отк. | DJ8: 2020 | DK8: 2021 | DL8: отк. | DR8: 2020 | DS8: 2021 | DT8: отк. | DU8: 2020 | DV8: 2021 | DW8: отк. | DX8: 2020 | DY8: 2021 | DZ8: отк. | EB8: 2020 | EC8: 2021 | ED8: отк. | EE8: 2020 | EF8: 2021 | EG8: отк. | EH8: 2020 | EI8: 2021 | EJ8: отк. | EK8: 2020 | EL8: 2021 | EM8: отк. | EN8: 2020 | EO8: 2021 | EP8: отк. | EQ8: 2020 | ER8: 2021 | ES8: отк. | ET8: 2020 | EU8: 2021 | EV8: отк. | EW8: 2020 | EX8: 2021 | EY8: отк. | EZ8: 2020 | FA8: 2021 | FB8: отк. | FC8: 2020 | FD8: 2021 | FE8: отк. | FJ8: 2020 | FK8: 2021 | FL8: отк. | FM8: 2020 | FN8: 2021 | FO8: отк. | FP8: 2020 | FQ8: 2021 | FR8: отк. | FS8: 2020 | FT8: 2021 | FU8: отк. | FX8: 2020 | FY8: 2021 | FZ8: отк. | GA8: 2020 | GB8: 2021 | GC8: отк.
C9: 1 | D9: 2 | E9: 3 | F9: 4 | G9: 5 | H9: 6 | I9: 7 | J9: 8 | K9: 9 | L9: 10 | M9: 11 | N9: 12 | O9: 13 | P9: 14 | Q9: 15 | R9: 16 | S9: 17 | T9: 18 | U9: 19 | V9: 20 | W9: 21 | X9: 22 | Y9: 23 | Z9: 24 | AA9: 25 | AB9: 26 | AC9: 27 | AD9: 28 | AE9: 29 | AF9: 30 | AG9: 31 | AH9: 32 | AI9: 33 | AJ9: 34 | AK9: 35 | AL9: 36 | AM9: 37 | AN9: 38 | AO9: 39 | AP9: 40 | AT9: 1 | AU9: 2 | AV9: 3 | AW9: 4 | AX9: 5 | AY9: 6 | AZ9: 7 | BA9: 8 | BB9: 9 | BC9: 10 | BD9: 11 | BE9: 12 | BF9: 13 | BG9: 14 | BH9: 15 | BI9: 16 | BJ9: 17 | BK9: 18 | BL9: 19 | BM9: 20 | BN9: 21 | BO9: 22 | BP9: 23 | BQ9: 24 | BU9: 1 | BV9: 2 | BW9: 3 | BX9: 4 | BY9: 5 | BZ9: 6 | CA9: 7 | CB9: 8 | CC9: 9 | CD9: 10 | CE9: 11 | CF9: 12 | CG9: 13 | CH9: 14 | CI9: 15 | CJ9: 16 | CN9: 1 | CO9: 2 | CP9: 3 | CQ9: 4 | CR9: 5 | CS9: 6 | CT9: 7 | CU9: 8 | CV9: 9 | CW9: 10 | CX9: 11 | CY9: 12 | CZ9: 13 | DA9: 14 | DB9: 15 | DC9: 16 | DD9: 17 | DE9: 18 | DF9: 19 | DG9: 20 | DH9: 21 | DI9: 22 | DJ9: 23 | DK9: 24 | DL9: 25 | DM9: 26 | DQ9: 1 | DR9: 2 | DS9: 3 | DT9: 4 | DU9: 5 | DV9: 6 | DW9: 7 | DX9: 8 | DY9: 9 | DZ9: 10 | EA9: 11 | EB9: 12 | EC9: 13 | ED9: 14 | EE9: 15 | EF9: 16 | EG9: 17 | EH9: 18 | EI9: 19 | EJ9: 20 | EK9: 21 | EL9: 22 | EM9: 23 | EN9: 24 | EO9: 25 | EP9: 26 | EQ9: 27 | ER9: 28 | ES9: 29 | ET9: 30 | EU9: 31 | EV9: 32 | EW9: 33 | EX9: 34 | EY9: 35 | EZ9: 36 | FA9: 37 | FB9: 38 | FC9: 39 | FD9: 40 | FE9: 41 | FI9: 1 | FJ9: 2 | FK9: 3 | FL9: 4 | FM9: 5 | FN9: 6 | FO9: 7 | FP9: 8 | FQ9: 9 | FR9: 10 | FS9: 11 | FT9: 12 | FU9: 13 | FV9: 14 | FW9: 15 | FX9: 16 | FY9: 17 | FZ9: 18 | GA9: 19 | GB9: 20 | GC9: 21 | GG9: 1 | GH9: 2 | GI9: 3 | GJ9: 4 | GK9: 5 | GL9: 6 | GM9: 7 | GN9: 8 | GO9: 9 | GP9: 10 | GQ9: 11 | GR9: 12 | GS9: 13 | GT9: 14 | GU9: 15 | GV9: 16 | GW9: 17 | GX9: 18 | GY9: 19 | GZ9: 20 | HA9: 21 | HB9: 22
A10: 1 | B10: Александровский | C10: 01 | D10: =E10+F10 -> 8 | F10: 8 | G10: =H10+I10 -> 8 | I10: 8 | L10: =K10-J10 -> 0 | O10: =N10-M10 -> 0 | P10: =ROUND((J10+M10)/D10*100,1) -> 0 | Q10: =ROUND((K10+N10)/G10*100,1) -> 0 | R10: 1 | S10: 1 | V10: =U10-T10 -> 0 | Y10: =X10-W10 -> 0 | Z10: =ROUND((T10+W10)/R10*100,1) -> 0 | AA10: =ROUND((U10+X10)/S10*100,1) -> 0 | AD10: =AC10-AB10 -> 0 | AE10: 7 | AF10: 7 | AG10: =AF10-AE10 -> 0 | AH10: 1 | AI10: 2 | AJ10: =AI10-AH10 -> 1 | AK10: 1 | AL10: 1 | AM10: =AL10-AK10 -> 0 | AP10: =AO10-AN10 -> 0 | AR10: 1 | AS10: Александровский | AT10: 01 | AU10: 2 | AV10: 2 | AW10: =AV10-AU10 -> 0 | AX10: 1 | AY10: 2 | AZ10: =AY10-AX10 -> 1 | BA10: =ROUND(AU10/D10*100,1) -> 25 | BB10: =ROUND(AV10/G10*100,1) -> 25 | BC10: 2 | BD10: 2 | BE10: =BD10-BC10 -> 0 | BF10: 2 | BG10: 2 | BH10: =BG10-BF10 -> 0 | BI10: 2 | BJ10: 2 | BK10: =BJ10-BI10 -> 0 | BL10: 16.829 | BM10: 17.771 | BN10: =BM10-BL10 -> 0.942 | BO10: 16.829 | BP10: 17.771 | BQ10: =BP10-BO10 -> 0.942 | BS10: 1 | BT10: Александровский | BU10: 01 | BV10: =BW10+BX10 -> 7.7 | BX10: 7.7 | BY10: =BZ10+CA10 -> 7.7 | CA10: 7.7 | CB10: =ROUND(BV10/D10,2) -> 0.96 | CC10: 0 | CD10: =ROUND(BX10/F10,2) -> 0.96 | CE10: =ROUND(BY10/G10,2) -> 0.96 | CF10: 0 | CG10: =ROUND(CA10/I10,2) -> 0.96 | CH10: =CE10-CB10 -> 0 | CI10: =CF10-CC10 -> 0 | CJ10: =CG10-CD10 -> 0 | CL10: 1 | CM10: Александровский | CN10: 01 | CO10: =CR10+CU10 -> 68.445 | CP10: =CS10+CV10 -> 69.089 | CQ10: =CP10-CO10 -> 0.644 | CT10: =CS10-CR10 -> 0 | CU10: 68.445 | CV10: 69.089 | CW10: =CV10-CU10 -> 0.644 | CX10: =DA10+DD10 -> 4.186 | CY10: =DB10+DE10 -> 2.082 | CZ10: =CY10-CX10 -> -2.104 | DC10: =DB10-DA10 -> 0 | DD10: 4.186 | DE10: 2.082 | DF10: =DE10-DD10 -> -2.104 | DG10: =ROUND(CX10*1000/BV10,0) -> 544 | DH10: =ROUND(CY10*1000/BY10,0) -> 270 | DI10: =DH10-DG10 -> -274 | DJ10: =ROUND(CO10/BV10,1) -> 8.9 | DK10: =ROUND(CP10/BY10,1) -> 9 | DL10: =DK10-DJ10 -> 0.1 | DM10: 9 | DO10: 1 | DP10: Александровский | DQ10: 01 | DR10: 2.19 | DS10: 2.153 | DT10: =DS10-DR10 -> -0.037 | DU10: 2.18 | DV10: 2.149 | DW10: =DV10-DU10 -> -0.031 | DX10: =ROUND(DR10/BV10*100,1) -> 28.4 | DY10: =ROUND(DS10/BY10*100,1) -> 28 | DZ10: =DY10-DX10 -> -0.4 | EA10: 17 | EB10: 15.891 | EC10: 24.455 | ED10: =EC10-EB10 -> 8.564 | EE10: 1.265 | EF10: 3.75 | EG10: =EF10-EE10 -> 2.485 | EH10: 4.595 | EI10: 2.416 | EJ10: =EI10-EH10 -> -2.179 | EK10: =ROUND(CO10/DR10,1) -> 31.3 | EL10: =ROUND(CP10/DS10,1) -> 32.1 | EM10: =EL10-EK10 -> 0.8 | EN10: 91 | EO10: 247 | EP10: =EO10-EN10 -> 156 | EQ10: 69.953 | ER10: 105.419 | ES10: =ER10-EQ10 -> 35.466 | ET10: =ROUND(EQ10/DR10,1) -> 31.9 | EU10: =ROUND(ER10/DS10,1) -> 49 | EV10: =EU10-ET10 -> 17.1 | EW10: =ROUND(EQ10/CO10,1) -> 1 | EX10: =ROUND(ER10/CP10,1) -> 1.5 | EY10: =EX10-EW10 -> 0.5 | EZ10: 0.901 | FA10: 1.193 | FB10: =FA10-EZ10 -> 0.292 | FC10: 0.035 | FD10: 0.01 | FE10: =FD10-FC10 -> -0.025 | FG10: 1 | FH10: Александровский | FI10: 01 | FJ10: 20 | FK10: 20 | FL10: =FK10-FJ10 -> 0 | FM10: 13 | FN10: 11 | FO10: =FN10-FM10 -> -2 | FP10: 5 | FQ10: 4 | FR10: =FQ10-FP10 -> -1 | FS10: 4 | FT10: 5 | FU10: =FT10-FS10 -> 1 | FV10: =ROUND((FQ10+FT10)/FN10*100,1) -> 81.8 | FW10: 9 | FX10: =ROUND(DR10*1000/FM10,0) -> 168 | FY10: =ROUND(DS10*1000/FN10,0) -> 196 | FZ10: =FY10-FX10 -> 28 | GA10: =ROUND(EQ10/FM10,1) -> 5.4 | GB10: =ROUND(ER10/FN10,1) -> 9.6 | GC10: =GB10-GA10 -> 4.2 | GE10: 1 | GF10: Александровский | GG10: 01 | GH10: =GK10+GL10+GM10 -> 14403.9 | GI10: =ROUND(GH10/G10,0) -> 1800 | GJ10: 10 | GK10: 8963.4 | GL10: 5440.5 | GP10: =ROUND((GK10+GL10)/GH10*100,1) -> 100 | GQ10: 14213.2 | GR10: 11297 | GT10: 901.1 | GV10: 620.1 | GW10: 31.9 | GY10: =ROUND(GH10/BY10,0) -> 1871 | GZ10: 8 | HA10: =ROUND(GH10/DS10,0) -> 6690 | HB10: 3
A11: 2 | B11: Асиновский | C11: 02 | D11: =E11+F11 -> 20 | E11: 6 | F11: 14 | G11: =H11+I11 -> 20 | H11: 6 | I11: 14 | L11: =K11-J11 -> 0 | O11: =N11-M11 -> 0 | P11: =ROUND((J11+M11)/D11*100,1) -> 0 | Q11: =ROUND((K11+N11)/G11*100,1) -> 0 | R11: 1 | S11: 1 | V11: =U11-T11 -> 0 | Y11: =X11-W11 -> 0 | Z11: =ROUND((T11+W11)/R11*100,1) -> 0 | AA11: =ROUND((U11+X11)/S11*100,1) -> 0 | AB11: 3 | AC11: 2 | AD11: =AC11-AB11 -> -1 | AE11: 20 | AF11: 20 | AG11: =AF11-AE11 -> 0 | AH11: 18 | AI11: 18 | AJ11: =AI11-AH11 -> 0 | AK11: 18 | AL11: 18 | AM11: =AL11-AK11 -> 0 | AN11: 3 | AO11: 2 | AP11: =AO11-AN11 -> -1 | AR11: 2 | AS11: Асиновский | AT11: 02 | AU11: 18 | AV11: 18 | AW11: =AV11-AU11 -> 0 | AX11: 18 | AY11: 18 | AZ11: =AY11-AX11 -> 0 | BA11: =ROUND(AU11/D11*100,1) -> 90 | BB11: =ROUND(AV11/G11*100,1) -> 90 | BC11: 14 | BD11: 17 | BE11: =BD11-BC11 -> 3 | BF11: 1 | BG11: 1 | BH11: =BG11-BF11 -> 0 | BI11: 1 | BJ11: 1 | BK11: =BJ11-BI11 -> 0 | BL11: 85.545 | BM11: 91.21 | BN11: =BM11-BL11 -> 5.665 | BO11: 85.545 | BP11: 91.21 | BQ11: =BP11-BO11 -> 5.665 | BS11: 2 | BT11: Асиновский | BU11: 02 | BV11: =BW11+BX11 -> 33.4 | BW11: 24.4 | BX11: 9 | BY11: =BZ11+CA11 -> 33.4 | BZ11: 24.4 | CA11: 9 | CB11: =ROUND(BV11/D11,2) -> 1.67 | CC11: =ROUND(BW11/E11,2) -> 4.07 | CD11: =ROUND(BX11/F11,2) -> 0.64 | CE11: =ROUND(BY11/G11,2) -> 1.67 | CF11: =ROUND(BZ11/H11,2) -> 4.07 | CG11: =ROUND(CA11/I11,2) -> 0.64 | CH11: =CE11-CB11 -> 0 | CI11: =CF11-CC11 -> 0 | CJ11: =CG11-CD11 -> 0 | CL11: 2 | CM11: Асиновский | CN11: 02 | CO11: =CR11+CU11 -> 217.939 | CP11: =CS11+CV11 -> 215.234 | CQ11: =CP11-CO11 -> -2.705 | CR11: 92.288 | CS11: 89.351 | CT11: =CS11-CR11 -> -2.937 | CU11: 125.651 | CV11: 125.883 | CW11: =CV11-CU11 -> 0.232 | CX11: =DA11+DD11 -> 4.348 | CY11: =DB11+DE11 -> 8.273 | CZ11: =CY11-CX11 -> 3.925 | DA11: 2.558 | DB11: 4.881 | DC11: =DB11-DA11 -> 2.323 | DD11: 1.79 | DE11: 3.392 | DF11: =DE11-DD11 -> 1.602 | DG11: =ROUND(CX11*1000/BV11,0) -> 130 | DH11: =ROUND(CY11*1000/BY11,0) -> 248 | DI11: =DH11-DG11 -> 118 | DJ11: =ROUND(CO11/BV11,1) -> 6.5 | DK11: =ROUND(CP11/BY11,1) -> 6.4 | DL11: =DK11-DJ11 -> -0.1 | DM11: 15 | DO11: 2 | DP11: Асиновский | DQ11: 02 | DR11: 14.476 | DS11: 18.295 | DT11: =DS11-DR11 -> 3.819 | DU11: 14.136 | DV11: 17.826 | DW11: =DV11-DU11 -> 3.69 | DX11: =ROUND(DR11/BV11*100,1) -> 43.3 | DY11: =ROUND(DS11/BY11*100,1) -> 54.8 | DZ11: =DY11-DX11 -> 11.5 | EA11: 6 | EB11: 92.634 | EC11: 173.01 | ED11: =EC11-EB11 -> 80.376 | EE11: 14.987 | EF11: 33.026 | EG11: =EF11-EE11 -> 18.039 | EH11: 18.938 | EI11: 44.311 | EJ11: =EI11-EH11 -> 25.373 | EK11: =ROUND(CO11/DR11,1) -> 15.1 | EL11: =ROUND(CP11/DS11,1) -> 11.8 | EM11: =EL11-EK11 -> -3.3 | EN11: 1293 | EO11: 2298 | EP11: =EO11-EN11 -> 1005 | EQ11: 290.227 | ER11: 491.746 | ES11: =ER11-EQ11 -> 201.519 | ET11: =ROUND(EQ11/DR11,1) -> 20 | EU11: =ROUND(ER11/DS11,1) -> 26.9 | EV11: =EU11-ET11 -> 6.9 | EW11: =ROUND(EQ11/CO11,1) -> 1.3 | EX11: =ROUND(ER11/CP11,1) -> 2.3 | EY11: =EX11-EW11 -> 1 | EZ11: 8.077 | FA11: 16.294 | FB11: =FA11-EZ11 -> 8.217 | FC11: 0.202 | FD11: 3.057 | FE11: =FD11-FC11 -> 2.855 | FG11: 2 | FH11: Асиновский | FI11: 02 | FJ11: 58 | FK11: 58 | FL11: =FK11-FJ11 -> 0 | FM11: 48 | FN11: 48 | FO11: =FN11-FM11 -> 0 | FP11: 21 | FQ11: 27 | FR11: =FQ11-FP11 -> 6 | FS11: 26 | FT11: 20 | FU11: =FT11-FS11 -> -6 | FV11: =ROUND((FQ11+FT11)/FN11*100,1) -> 97.9 | FW11: 2 | FX11: =ROUND(DR11*1000/FM11,0) -> 302 | FY11: =ROUND(DS11*1000/FN11,0) -> 381 | FZ11: =FY11-FX11 -> 79 | GA11: =ROUND(EQ11/FM11,1) -> 6 | GB11: =ROUND(ER11/FN11,1) -> 10.2 | GC11: =GB11-GA11 -> 4.2 | GE11: 2 | GF11: Асиновский | GG11: 02 | GH11: =GK11+GL11+GM11 -> 47703.3 | GI11: =ROUND(GH11/G11,0) -> 2385 | GJ11: 7 | GK11: 25949.5 | GL11: 21721 | GM11: 32.8 | GP11: =ROUND((GK11+GL11)/GH11*100,1) -> 99.9 | GQ11: 47544.8 | GR11: 25815.9 | GT11: 5575.6 | GU11: 114.8 | GV11: 1966.5 | GW11: 73.7 | GY11: =ROUND(GH11/BY11,0) -> 1428 | GZ11: 11 | HA11: =ROUND(GH11/DS11,0) -> 2607 | HB11: 12
A12: 3 | B12: Бакчарский | C12: 03 | D12: =E12+F12 -> 13 | F12: 13 | G12: =H12+I12 -> 13 | I12: 13 | J12: 1 | L12: =K12-J12 -> -1 | O12: =N12-M12 -> 0 | P12: =ROUND((J12+M12)/D12*100,1) -> 7.7 | Q12: =ROUND((K12+N12)/G12*100,1) -> 0 | R12: 1 | S12: 1 | T12: 1 | V12: =U12-T12 -> -1 | Y12: =X12-W12 -> 0 | Z12: =ROUND((T12+W12)/R12*100,1) -> 100 | AA12: =ROUND((U12+X12)/S12*100,1) -> 0 | AB12: 5 | AC12: 5 | AD12: =AC12-AB12 -> 0 | AE12: 13 | AF12: 13 | AG12: =AF12-AE12 -> 0 | AH12: 11 | AI12: 13 | AJ12: =AI12-AH12 -> 2 | AK12: 11 | AL12: 12 | AM12: =AL12-AK12 -> 1 | AN12: 28 | AO12: 28 | AP12: =AO12-AN12 -> 0 | AR12: 3 | AS12: Бакчарский | AT12: 03 | AU12: 11 | AV12: 13 | AW12: =AV12-AU12 -> 2 | AX12: 11 | AY12: 13 | AZ12: =AY12-AX12 -> 2 | BA12: =ROUND(AU12/D12*100,1) -> 84.6 | BB12: =ROUND(AV12/G12*100,1) -> 100 | BC12: 1 | BD12: 1 | BE12: =BD12-BC12 -> 0 | BF12: 1 | BG12: 1 | BH12: =BG12-BF12 -> 0 | BI12: 1 | BJ12: 1 | BK12: =BJ12-BI12 -> 0 | BL12: 13.923 | BM12: 17.565 | BN12: =BM12-BL12 -> 3.642 | BO12: 0.905 | BP12: 17.565 | BQ12: =BP12-BO12 -> 16.66 | BS12: 3 | BT12: Бакчарский | BU12: 03 | BV12: =BW12+BX12 -> 11.7 | BX12: 11.7 | BY12: =BZ12+CA12 -> 11.6 | CA12: 11.6 | CB12: =ROUND(BV12/D12,2) -> 0.9 | CC12: 0 | CD12: =ROUND(BX12/F12,2) -> 0.9 | CE12: =ROUND(BY12/G12,2) -> 0.89 | CF12: 0 | CG12: =ROUND(CA12/I12,2) -> 0.89 | CH12: =CE12-CB12 -> -0.01 | CI12: =CF12-CC12 -> 0 | CJ12: =CG12-CD12 -> -0.01 | CL12: 3 | CM12: Бакчарский | CN12: 03 | CO12: =CR12+CU12 -> 67.939 | CP12: =CS12+CV12 -> 72.629 | CQ12: =CP12-CO12 -> 4.69 | CT12: =CS12-CR12 -> 0 | CU12: 67.939 | CV12: 72.629 | CW12: =CV12-CU12 -> 4.69 | CX12: =DA12+DD12 -> 0.938 | CY12: =DB12+DE12 -> 5.16 | CZ12: =CY12-CX12 -> 4.222 | DC12: =DB12-DA12 -> 0 | DD12: 0.938 | DE12: 5.16 | DF12: =DE12-DD12 -> 4.222 | DG12: =ROUND(CX12*1000/BV12,0) -> 80 | DH12: =ROUND(CY12*1000/BY12,0) -> 445 | DI12: =DH12-DG12 -> 365 | DJ12: =ROUND(CO12/BV12,1) -> 5.8 | DK12: =ROUND(CP12/BY12,1) -> 6.3 | DL12: =DK12-DJ12 -> 0.5 | DM12: 16 | DO12: 3 | DP12: Бакчарский | DQ12: 03 | DR12: 4.293 | DS12: 4.288 | DT12: =DS12-DR12 -> -0.005 | DU12: 4.144 | DV12: 4.221 | DW12: =DV12-DU12 -> 0.077 | DX12: =ROUND(DR12/BV12*100,1) -> 36.7 | DY12: =ROUND(DS12/BY12*100,1) -> 37 | DZ12: =DY12-DX12 -> 0.3 | EA12: 15 | EB12: 50.803 | EC12: 48.162 | ED12: =EC12-EB12 -> -2.641 | EE12: 17.211 | EF12: 9.32 | EG12: =EF12-EE12 -> -7.891 | EH12: 3.938 | EI12: 7.309 | EJ12: =EI12-EH12 -> 3.371 | EK12: =ROUND(CO12/DR12,1) -> 15.8 | EL12: =ROUND(CP12/DS12,1) -> 16.9 | EM12: =EL12-EK12 -> 1.1 | EN12: 1777 | EO12: 1589 | EP12: =EO12-EN12 -> -188 | EQ12: 94.249 | ER12: 89.419 | ES12: =ER12-EQ12 -> -4.83 | ET12: =ROUND(EQ12/DR12,1) -> 22 | EU12: =ROUND(ER12/DS12,1) -> 20.9 | EV12: =EU12-ET12 -> -1.1 | EW12: =ROUND(EQ12/CO12,1) -> 1.4 | EX12: =ROUND(ER12/CP12,1) -> 1.2 | EY12: =EX12-EW12 -> -0.2 | EZ12: 4.494 | FA12: 2.187 | FB12: =FA12-EZ12 -> -2.307 | FE12: =FD12-FC12 -> 0 | FG12: 3 | FH12: Бакчарский | FI12: 03 | FJ12: 23 | FK12: 24 | FL12: =FK12-FJ12 -> 1 | FM12: 20 | FN12: 21 | FO12: =FN12-FM12 -> 1 | FP12: 8 | FQ12: 11 | FR12: =FQ12-FP12 -> 3 | FS12: 7 | FT12: 6 | FU12: =FT12-FS12 -> -1 | FV12: =ROUND((FQ12+FT12)/FN12*100,1) -> 81 | FW12: 10 | FX12: =ROUND(DR12*1000/FM12,0) -> 215 | FY12: =ROUND(DS12*1000/FN12,0) -> 204 | FZ12: =FY12-FX12 -> -11 | GA12: =ROUND(EQ12/FM12,1) -> 4.7 | GB12: =ROUND(ER12/FN12,1) -> 4.3 | GC12: =GB12-GA12 -> -0.4 | GE12: 3 | GF12: Бакчарский | GG12: 03 | GH12: =GK12+GL12+GM12 -> 32618.8 | GI12: =ROUND(GH12/G12,0) -> 2509 | GJ12: 6 | GK12: 32365 | GM12: 253.8 | GO12: 4.5 | GP12: =ROUND((GK12+GL12)/GH12*100,1) -> 99.2 | GQ12: 32508.6 | GR12: 12853.1 | GS12: 7668.2 | GT12: 8174.8 | GV12: 1375.9 | GW12: 7.3 | GY12: =ROUND(GH12/BY12,0) -> 2812 | GZ12: 2 | HA12: =ROUND(GH12/DS12,0) -> 7607 | HB12: 2
A13: 4 | B13: Верхнекетский | C13: 04 | D13: =E13+F13 -> 13 | E13: 2 | F13: 11 | G13: =H13+I13 -> 13 | H13: 2 | I13: 11 | J13: 1 | L13: =K13-J13 -> -1 | O13: =N13-M13 -> 0 | P13: =ROUND((J13+M13)/D13*100,1) -> 7.7 | Q13: =ROUND((K13+N13)/G13*100,1) -> 0 | R13: 1 | S13: 1 | V13: =U13-T13 -> 0 | Y13: =X13-W13 -> 0 | Z13: =ROUND((T13+W13)/R13*100,1) -> 0 | AA13: =ROUND((U13+X13)/S13*100,1) -> 0 | AB13: 10 | AC13: 9 | AD13: =AC13-AB13 -> -1 | AE13: 13 | AF13: 13 | AG13: =AF13-AE13 -> 0 | AH13: 6 | AI13: 6 | AJ13: =AI13-AH13 -> 0 | AK13: 6 | AL13: 6 | AM13: =AL13-AK13 -> 0 | AN13: 37 | AO13: 35 | AP13: =AO13-AN13 -> -2 | AR13: 4 | AS13: Верхнекетский | AT13: 04 | AU13: 9 | AV13: 10 | AW13: =AV13-AU13 -> 1 | AX13: 5 | AY13: 6 | AZ13: =AY13-AX13 -> 1 | BA13: =ROUND(AU13/D13*100,1) -> 69.2 | BB13: =ROUND(AV13/G13*100,1) -> 76.9 | BC13: 1 | BD13: 1 | BE13: =BD13-BC13 -> 0 | BF13: 1 | BG13: 1 | BH13: =BG13-BF13 -> 0 | BK13: =BJ13-BI13 -> 0 | BL13: 32.589 | BM13: 35.696 | BN13: =BM13-BL13 -> 3.107 | BQ13: =BP13-BO13 -> 0 | BS13: 4 | BT13: Верхнекетский | BU13: 04 | BV13: =BW13+BX13 -> 15.8 | BW13: 8.4 | BX13: 7.4 | BY13: =BZ13+CA13 -> 15.7 | BZ13: 8.3 | CA13: 7.4 | CB13: =ROUND(BV13/D13,2) -> 1.22 | CC13: =ROUND(BW13/E13,2) -> 4.2 | CD13: =ROUND(BX13/F13,2) -> 0.67 | CE13: =ROUND(BY13/G13,2) -> 1.21 | CF13: =ROUND(BZ13/H13,2) -> 4.15 | CG13: =ROUND(CA13/I13,2) -> 0.67 | CH13: =CE13-CB13 -> -0.01 | CI13: =CF13-CC13 -> -0.05 | CJ13: =CG13-CD13 -> 0 | CL13: 4 | CM13: Верхнекетский | CN13: 04 | CO13: =CR13+CU13 -> 115.209 | CP13: =CS13+CV13 -> 109.451 | CQ13: =CP13-CO13 -> -5.758 | CR13: 47.098 | CS13: 41.242 | CT13: =CS13-CR13 -> -5.856 | CU13: 68.111 | CV13: 68.209 | CW13: =CV13-CU13 -> 0.098 | CX13: =DA13+DD13 -> 1.243 | CY13: =DB13+DE13 -> 2.583 | CZ13: =CY13-CX13 -> 1.34 | DA13: 0.585 | DB13: 1.6 | DC13: =DB13-DA13 -> 1.015 | DD13: 0.658 | DE13: 0.983 | DF13: =DE13-DD13 -> 0.325 | DG13: =ROUND(CX13*1000/BV13,0) -> 79 | DH13: =ROUND(CY13*1000/BY13,0) -> 165 | DI13: =DH13-DG13 -> 86 | DJ13: =ROUND(CO13/BV13,1) -> 7.3 | DK13: =ROUND(CP13/BY13,1) -> 7 | DL13: =DK13-DJ13 -> -0.3 | DM13: 14 | DO13: 4 | DP13: Верхнекетский | DQ13: 04 | DR13: 5.864 | DS13: 7.126 | DT13: =DS13-DR13 -> 1.262 | DU13: 5.158 | DV13: 6.339 | DW13: =DV13-DU13 -> 1.181 | DX13: =ROUND(DR13/BV13*100,1) -> 37.1 | DY13: =ROUND(DS13/BY13*100,1) -> 45.4 | DZ13: =DY13-DX13 -> 8.3 | EA13: 9 | EB13: 71.848 | EC13: 132.38 | ED13: =EC13-EB13 -> 60.532 | EF13: 29.088 | EG13: =EF13-EE13 -> 29.088 | EH13: 36.211 | EI13: 4.159 | EJ13: =EI13-EH13 -> -32.052 | EK13: =ROUND(CO13/DR13,1) -> 19.6 | EL13: =ROUND(CP13/DS13,1) -> 15.4 | EM13: =EL13-EK13 -> -4.2 | EN13: 1250 | EO13: 1744 | EP13: =EO13-EN13 -> 494 | EQ13: 146.808 | ER13: 221.888 | ES13: =ER13-EQ13 -> 75.08 | ET13: =ROUND(EQ13/DR13,1) -> 25 | EU13: =ROUND(ER13/DS13,1) -> 31.1 | EV13: =EU13-ET13 -> 6.1 | EW13: =ROUND(EQ13/CO13,1) -> 1.3 | EX13: =ROUND(ER13/CP13,1) -> 2 | EY13: =EX13-EW13 -> 0.7 | EZ13: 1.336 | FA13: 1.656 | FB13: =FA13-EZ13 -> 0.32 | FE13: =FD13-FC13 -> 0 | FG13: 4 | FH13: Верхнекетский | FI13: 04 | FJ13: 35 | FK13: 36 | FL13: =FK13-FJ13 -> 1 | FM13: 25 | FN13: 24 | FO13: =FN13-FM13 -> -1 | FP13: 9 | FQ13: 7 | FR13: =FQ13-FP13 -> -2 | FS13: 12 | FT13: 17 | FU13: =FT13-FS13 -> 5 | FV13: =ROUND((FQ13+FT13)/FN13*100,1) -> 100 | FW13: 1 | FX13: =ROUND(DR13*1000/FM13,0) -> 235 | FY13: =ROUND(DS13*1000/FN13,0) -> 297 | FZ13: =FY13-FX13 -> 62 | GA13: =ROUND(EQ13/FM13,1) -> 5.9 | GB13: =ROUND(ER13/FN13,1) -> 9.2 | GC13: =GB13-GA13 -> 3.3 | GE13: 4 | GF13: Верхнекетский | GG13: 04 | GH13: =GK13+GL13+GM13 -> 22976.5 | GI13: =ROUND(GH13/G13,0) -> 1767 | GJ13: 11 | GK13: 22697 | GM13: 279.5 | GN13: 14.6 | GP13: =ROUND((GK13+GL13)/GH13*100,1) -> 98.8 | GQ13: 22976 | GR13: 18341 | GT13: 794.7 | GV13: 922.9 | GW13: 82.3 | GY13: =ROUND(GH13/BY13,0) -> 1463 | GZ13: 10 | HA13: =ROUND(GH13/DS13,0) -> 3224 | HB13: 11
A14: 5 | B14: Зырянский | C14: 05 | D14: =E14+F14 -> 18 | F14: 18 | G14: =H14+I14 -> 18 | I14: 18 | J14: 1 | K14: 1 | L14: =K14-J14 -> 0 | O14: =N14-M14 -> 0 | P14: =ROUND((J14+M14)/D14*100,1) -> 5.6 | Q14: =ROUND((K14+N14)/G14*100,1) -> 5.6 | V14: =U14-T14 -> 0 | Y14: =X14-W14 -> 0 | Z14: 0 | AA14: 0 | AD14: =AC14-AB14 -> 0 | AE14: 15 | AF14: 15 | AG14: =AF14-AE14 -> 0 | AH14: 14 | AI14: 14 | AJ14: =AI14-AH14 -> 0 | AK14: 14 | AL14: 14 | AM14: =AL14-AK14 -> 0 | AP14: =AO14-AN14 -> 0 | AR14: 5 | AS14: Зырянский | AT14: 05 | AU14: 14 | AV14: 14 | AW14: =AV14-AU14 -> 0 | AX14: 14 | AY14: 14 | AZ14: =AY14-AX14 -> 0 | BA14: =ROUND(AU14/D14*100,1) -> 77.8 | BB14: =ROUND(AV14/G14*100,1) -> 77.8 | BC14: 1 | BD14: 2 | BE14: =BD14-BC14 -> 1 | BF14: 1 | BG14: 1 | BH14: =BG14-BF14 -> 0 | BI14: 1 | BJ14: 1 | BK14: =BJ14-BI14 -> 0 | BL14: 14.092 | BM14: 14.471 | BN14: =BM14-BL14 -> 0.379 | BO14: 14.092 | BP14: 14.471 | BQ14: =BP14-BO14 -> 0.379 | BS14: 5 | BT14: Зырянский | BU14: 05 | BV14: =BW14+BX14 -> 11.2 | BX14: 11.2 | BY14: =BZ14+CA14 -> 11.1 | CA14: 11.1 | CB14: =ROUND(BV14/D14,2) -> 0.62 | CC14: 0 | CD14: =ROUND(BX14/F14,2) -> 0.62 | CE14: =ROUND(BY14/G14,2) -> 0.62 | CF14: 0 | CG14: =ROUND(CA14/I14,2) -> 0.62 | CH14: =CE14-CB14 -> 0 | CI14: =CF14-CC14 -> 0 | CJ14: =CG14-CD14 -> 0 | CL14: 5 | CM14: Зырянский | CN14: 05 | CO14: =CR14+CU14 -> 154.093 | CP14: =CS14+CV14 -> 162.016 | CQ14: =CP14-CO14 -> 7.923 | CT14: =CS14-CR14 -> 0 | CU14: 154.093 | CV14: 162.016 | CW14: =CV14-CU14 -> 7.923 | CX14: =DA14+DD14 -> 0.55 | CY14: =DB14+DE14 -> 7.923 | CZ14: =CY14-CX14 -> 7.373 | DC14: =DB14-DA14 -> 0 | DD14: 0.55 | DE14: 7.923 | DF14: =DE14-DD14 -> 7.373 | DG14: =ROUND(CX14*1000/BV14,0) -> 49 | DH14: =ROUND(CY14*1000/BY14,0) -> 714 | DI14: =DH14-DG14 -> 665 | DJ14: =ROUND(CO14/BV14,1) -> 13.8 | DK14: =ROUND(CP14/BY14,1) -> 14.6 | DL14: =DK14-DJ14 -> 0.8 | DM14: 2 | DO14: 5 | DP14: Зырянский | DQ14: 05 | DR14: 6.006 | DS14: 6.035 | DT14: =DS14-DR14 -> 0.029 | DU14: 6.006 | DV14: 6.035 | DW14: =DV14-DU14 -> 0.029 | DX14: =ROUND(DR14/BV14*100,1) -> 53.6 | DY14: =ROUND(DS14/BY14*100,1) -> 54.4 | DZ14: =DY14-DX14 -> 0.8 | EA14: 7 | EB14: 81.498 | EC14: 96.546 | ED14: =EC14-EB14 -> 15.048 | EE14: 20.45 | EF14: 7.576 | EG14: =EF14-EE14 -> -12.874 | EH14: 25.848 | EI14: 23.589 | EJ14: =EI14-EH14 -> -2.259 | EK14: =ROUND(CO14/DR14,1) -> 25.7 | EL14: =ROUND(CP14/DS14,1) -> 26.8 | EM14: =EL14-EK14 -> 1.1 | EN14: 1146 | EO14: 1149 | EP14: =EO14-EN14 -> 3 | EQ14: 149.463 | ER14: 207.867 | ES14: =ER14-EQ14 -> 58.404 | ET14: =ROUND(EQ14/DR14,1) -> 24.9 | EU14: =ROUND(ER14/DS14,1) -> 34.4 | EV14: =EU14-ET14 -> 9.5 | EW14: =ROUND(EQ14/CO14,1) -> 1 | EX14: =ROUND(ER14/CP14,1) -> 1.3 | EY14: =EX14-EW14 -> 0.3 | EZ14: 4.474 | FA14: 5.491 | FB14: =FA14-EZ14 -> 1.017 | FC14: 0.065 | FD14: 0.054 | FE14: =FD14-FC14 -> -0.011 | FG14: 5 | FH14: Зырянский | FI14: 05 | FJ14: 31 | FK14: 31 | FL14: =FK14-FJ14 -> 0 | FM14: 25 | FN14: 26 | FO14: =FN14-FM14 -> 1 | FP14: 7 | FQ14: 8 | FR14: =FQ14-FP14 -> 1 | FS14: 18 | FT14: 18 | FU14: =FT14-FS14 -> 0 | FV14: =ROUND((FQ14+FT14)/FN14*100,1) -> 100 | FW14: 1 | FX14: =ROUND(DR14*1000/FM14,0) -> 240 | FY14: =ROUND(DS14*1000/FN14,0) -> 232 | FZ14: =FY14-FX14 -> -8 | GA14: =ROUND(EQ14/FM14,1) -> 6 | GB14: =ROUND(ER14/FN14,1) -> 8 | GC14: =GB14-GA14 -> 2 | GE14: 5 | GF14: Зырянский | GG14: 05 | GH14: =GK14+GL14+GM14 -> 12505 | GI14: =ROUND(GH14/G14,0) -> 695 | GJ14: 19 | GK14: 7653 | GL14: 4798 | GM14: 54 | GN14: 49 | GP14: =ROUND((GK14+GL14)/GH14*100,1) -> 99.6 | GQ14: 12505 | GR14: 9230 | GT14: 1132 | GV14: 379 | GW14: 29 | GY14: =ROUND(GH14/BY14,0) -> 1127 | GZ14: 14 | HA14: =ROUND(GH14/DS14,0) -> 2072 | HB14: 14
A15: 6 | B15: Каргасокский | C15: 06 | D15: =E15+F15 -> 22 | F15: 22 | G15: =H15+I15 -> 22 | I15: 22 | L15: =K15-J15 -> 0 | O15: =N15-M15 -> 0 | P15: =ROUND((J15+M15)/D15*100,1) -> 0 | Q15: =ROUND((K15+N15)/G15*100,1) -> 0 | R15: 1 | S15: 1 | V15: =U15-T15 -> 0 | Y15: =X15-W15 -> 0 | Z15: =ROUND((T15+W15)/R15*100,1) -> 0 | AA15: =ROUND((U15+X15)/S15*100,1) -> 0 | AB15: 17 | AC15: 17 | AD15: =AC15-AB15 -> 0 | AE15: 22 | AF15: 22 | AG15: =AF15-AE15 -> 0 | AH15: 7 | AI15: 7 | AJ15: =AI15-AH15 -> 0 | AK15: 7 | AL15: 7 | AM15: =AL15-AK15 -> 0 | AN15: 38 | AO15: 38 | AP15: =AO15-AN15 -> 0 | AR15: 6 | AS15: Каргасокский | AT15: 06 | AU15: 15 | AV15: 15 | AW15: =AV15-AU15 -> 0 | AX15: 7 | AY15: 7 | AZ15: =AY15-AX15 -> 0 | BA15: =ROUND(AU15/D15*100,1) -> 68.2 | BB15: =ROUND(AV15/G15*100,1) -> 68.2 | BC15: 10 | BD15: 11 | BE15: =BD15-BC15 -> 1 | BF15: 1 | BG15: 1 | BH15: =BG15-BF15 -> 0 | BI15: 1 | BJ15: 1 | BK15: =BJ15-BI15 -> 0 | BL15: 23.722 | BM15: 25.722 | BN15: =BM15-BL15 -> 2 | BO15: 23.722 | BP15: 25.722 | BQ15: =BP15-BO15 -> 2 | BS15: 6 | BT15: Каргасокский | BU15: 06 | BV15: =BW15+BX15 -> 18.8 | BX15: 18.8 | BY15: =BZ15+CA15 -> 18.7 | CA15: 18.7 | CB15: =ROUND(BV15/D15,2) -> 0.85 | CC15: 0 | CD15: =ROUND(BX15/F15,2) -> 0.85 | CE15: =ROUND(BY15/G15,2) -> 0.85 | CF15: 0 | CG15: =ROUND(CA15/I15,2) -> 0.85 | CH15: =CE15-CB15 -> 0 | CI15: =CF15-CC15 -> 0 | CJ15: =CG15-CD15 -> 0 | CL15: 6 | CM15: Каргасокский | CN15: 06 | CO15: =CR15+CU15 -> 173.938 | CP15: =CS15+CV15 -> 170.319 | CQ15: =CP15-CO15 -> -3.619 | CT15: =CS15-CR15 -> 0 | CU15: 173.938 | CV15: 170.319 | CW15: =CV15-CU15 -> -3.619 | CX15: =DA15+DD15 -> 2.364 | CY15: =DB15+DE15 -> 2.927 | CZ15: =CY15-CX15 -> 0.563 | DC15: =DB15-DA15 -> 0 | DD15: 2.364 | DE15: 2.927 | DF15: =DE15-DD15 -> 0.563 | DG15: =ROUND(CX15*1000/BV15,0) -> 126 | DH15: =ROUND(CY15*1000/BY15,0) -> 157 | DI15: =DH15-DG15 -> 31 | DJ15: =ROUND(CO15/BV15,1) -> 9.3 | DK15: =ROUND(CP15/BY15,1) -> 9.1 | DL15: =DK15-DJ15 -> -0.2 | DM15: 8 | DO15: 6 | DP15: Каргасокский | DQ15: 06 | DR15: 7.014 | DS15: 7.738 | DT15: =DS15-DR15 -> 0.724 | DU15: 6.448 | DV15: 6.881 | DW15: =DV15-DU15 -> 0.433 | DX15: =ROUND(DR15/BV15*100,1) -> 37.3 | DY15: =ROUND(DS15/BY15*100,1) -> 41.4 | DZ15: =DY15-DX15 -> 4.1 | EA15: 11 | EB15: 53.987 | EC15: 97.475 | ED15: =EC15-EB15 -> 43.488 | EE15: 11.939 | EF15: 19.731 | EG15: =EF15-EE15 -> 7.792 | EH15: 12.696 | EI15: 11.088 | EJ15: =EI15-EH15 -> -1.608 | EK15: =ROUND(CO15/DR15,1) -> 24.8 | EL15: =ROUND(CP15/DS15,1) -> 22 | EM15: =EL15-EK15 -> -2.8 | EN15: 1548 | EO15: 1768 | EP15: =EO15-EN15 -> 220 | EQ15: 162.011 | ER15: 179.381 | ES15: =ER15-EQ15 -> 17.37 | ET15: =ROUND(EQ15/DR15,1) -> 23.1 | EU15: =ROUND(ER15/DS15,1) -> 23.2 | EV15: =EU15-ET15 -> 0.1 | EW15: =ROUND(EQ15/CO15,1) -> 0.9 | EX15: =ROUND(ER15/CP15,1) -> 1.1 | EY15: =EX15-EW15 -> 0.2 | EZ15: 5.424 | FA15: 5.836 | FB15: =FA15-EZ15 -> 0.412 | FE15: =FD15-FC15 -> 0 | FG15: 6 | FH15: Каргасокский | FI15: 06 | FJ15: 53 | FK15: 53 | FL15: =FK15-FJ15 -> 0 | FM15: 38 | FN15: 38 | FO15: =FN15-FM15 -> 0 | FP15: 13 | FQ15: 14 | FR15: =FQ15-FP15 -> 1 | FS15: 23 | FT15: 22 | FU15: =FT15-FS15 -> -1 | FV15: =ROUND((FQ15+FT15)/FN15*100,1) -> 94.7 | FW15: 6 | FX15: =ROUND(DR15*1000/FM15,0) -> 185 | FY15: =ROUND(DS15*1000/FN15,0) -> 204 | FZ15: =FY15-FX15 -> 19 | GA15: =ROUND(EQ15/FM15,1) -> 4.3 | GB15: =ROUND(ER15/FN15,1) -> 4.7 | GC15: =GB15-GA15 -> 0.4 | GE15: 6 | GF15: Каргасокский | GG15: 06 | GH15: =GK15+GL15+GM15 -> 49072.6 | GI15: =ROUND(GH15/G15,0) -> 2231 | GJ15: 8 | GK15: 34915.8 | GL15: 13829.3 | GM15: 327.5 | GP15: =ROUND((GK15+GL15)/GH15*100,1) -> 99.3 | GQ15: 49022.4 | GR15: 33099.1 | GT15: 6021.7 | GU15: 74.8 | GV15: 1310.4 | GX15: 3227.8 | GY15: =ROUND(GH15/BY15,0) -> 2624 | GZ15: 3 | HA15: =ROUND(GH15/DS15,0) -> 6342 | HB15: 4
A16: 7 | B16: Кожевниковский | C16: 07 | D16: =E16+F16 -> 21 | F16: 21 | G16: =H16+I16 -> 21 | I16: 21 | L16: =K16-J16 -> 0 | O16: =N16-M16 -> 0 | P16: =ROUND((J16+M16)/D16*100,1) -> 0 | Q16: =ROUND((K16+N16)/G16*100,1) -> 0 | V16: =U16-T16 -> 0 | Y16: =X16-W16 -> 0 | Z16: 0 | AA16: 0 | AB16: 10 | AC16: 9 | AD16: =AC16-AB16 -> -1 | AE16: 20 | AF16: 20 | AG16: =AF16-AE16 -> 0 | AH16: 19 | AI16: 20 | AJ16: =AI16-AH16 -> 1 | AK16: 10 | AL16: 15 | AM16: =AL16-AK16 -> 5 | AN16: 17 | AO16: 16 | AP16: =AO16-AN16 -> -1 | AR16: 7 | AS16: Кожевниковский | AT16: 07 | AU16: 20 | AV16: 19 | AW16: =AV16-AU16 -> -1 | AX16: 12 | AY16: 12 | AZ16: =AY16-AX16 -> 0 | BA16: =ROUND(AU16/D16*100,1) -> 95.2 | BB16: =ROUND(AV16/G16*100,1) -> 90.5 | BC16: 20 | BD16: 19 | BE16: =BD16-BC16 -> -1 | BF16: 1 | BG16: 1 | BH16: =BG16-BF16 -> 0 | BJ16: 1 | BK16: =BJ16-BI16 -> 1 | BL16: 23.305 | BM16: 24.148 | BN16: =BM16-BL16 -> 0.843 | BP16: 24.148 | BQ16: =BP16-BO16 -> 24.148 | BS16: 7 | BT16: Кожевниковский | BU16: 07 | BV16: =BW16+BX16 -> 20.3 | BX16: 20.3 | BY16: =BZ16+CA16 -> 20.3 | CA16: 20.3 | CB16: =ROUND(BV16/D16,2) -> 0.97 | CC16: 0 | CD16: =ROUND(BX16/F16,2) -> 0.97 | CE16: =ROUND(BY16/G16,2) -> 0.97 | CF16: 0 | CG16: =ROUND(CA16/I16,2) -> 0.97 | CH16: =CE16-CB16 -> 0 | CI16: =CF16-CC16 -> 0 | CJ16: =CG16-CD16 -> 0 | CL16: 7 | CM16: Кожевниковский | CN16: 07 | CO16: =CR16+CU16 -> 193.993 | CP16: =CS16+CV16 -> 192.79 | CQ16: =CP16-CO16 -> -1.203 | CT16: =CS16-CR16 -> 0 | CU16: 193.993 | CV16: 192.79 | CW16: =CV16-CU16 -> -1.203 | CX16: =DA16+DD16 -> 0.848 | CY16: =DB16+DE16 -> 1.314 | CZ16: =CY16-CX16 -> 0.466 | DC16: =DB16-DA16 -> 0 | DD16: 0.848 | DE16: 1.314 | DF16: =DE16-DD16 -> 0.466 | DG16: =ROUND(CX16*1000/BV16,0) -> 42 | DH16: =ROUND(CY16*1000/BY16,0) -> 65 | DI16: =DH16-DG16 -> 23 | DJ16: =ROUND(CO16/BV16,1) -> 9.6 | DK16: =ROUND(CP16/BY16,1) -> 9.5 | DL16: =DK16-DJ16 -> -0.1 | DM16: 7 | DO16: 7 | DP16: Кожевниковский | DQ16: 07 | DR16: 17.713 | DS16: 13.417 | DT16: =DS16-DR16 -> -4.296 | DU16: 11.005 | DV16: 11.895 | DW16: =DV16-DU16 -> 0.89 | DX16: =ROUND(DR16/BV16*100,1) -> 87.3 | DY16: =ROUND(DS16/BY16*100,1) -> 66.1 | DZ16: =DY16-DX16 -> -21.2 | EA16: 3 | EB16: 144.3 | EC16: 178.681 | ED16: =EC16-EB16 -> 34.381 | EE16: 22.54 | EF16: 44.232 | EG16: =EF16-EE16 -> 21.692 | EH16: 131.366 | EI16: 52.019 | EJ16: =EI16-EH16 -> -79.347 | EK16: =ROUND(CO16/DR16,1) -> 11 | EL16: =ROUND(CP16/DS16,1) -> 14.4 | EM16: =EL16-EK16 -> 3.4 | EN16: 2596 | EO16: 2088 | EP16: =EO16-EN16 -> -508 | EQ16: 220.184 | ER16: 249.229 | ES16: =ER16-EQ16 -> 29.045 | ET16: =ROUND(EQ16/DR16,1) -> 12.4 | EU16: =ROUND(ER16/DS16,1) -> 18.6 | EV16: =EU16-ET16 -> 6.2 | EW16: =ROUND(EQ16/CO16,1) -> 1.1 | EX16: =ROUND(ER16/CP16,1) -> 1.3 | EY16: =EX16-EW16 -> 0.2 | EZ16: 55.595 | FA16: 59.615 | FB16: =FA16-EZ16 -> 4.02 | FC16: 0.368 | FD16: 0.326 | FE16: =FD16-FC16 -> -0.042 | FG16: 7 | FH16: Кожевниковский | FI16: 07 | FJ16: 33 | FK16: 34 | FL16: =FK16-FJ16 -> 1 | FM16: 30 | FN16: 31 | FO16: =FN16-FM16 -> 1 | FP16: 9 | FQ16: 8 | FR16: =FQ16-FP16 -> -1 | FS16: 18 | FT16: 23 | FU16: =FT16-FS16 -> 5 | FV16: =ROUND((FQ16+FT16)/FN16*100,1) -> 100 | FW16: 1 | FX16: =ROUND(DR16*1000/FM16,0) -> 590 | FY16: =ROUND(DS16*1000/FN16,0) -> 433 | FZ16: =FY16-FX16 -> -157 | GA16: =ROUND(EQ16/FM16,1) -> 7.3 | GB16: =ROUND(ER16/FN16,1) -> 8 | GC16: =GB16-GA16 -> 0.7 | GE16: 7 | GF16: Кожевниковский | GG16: 07 | GH16: =GK16+GL16+GM16 -> 16444 | GI16: =ROUND(GH16/G16,0) -> 783 | GJ16: 18 | GK16: 16404 | GM16: 40 | GN16: 40 | GP16: =ROUND((GK16+GL16)/GH16*100,1) -> 99.8 | GQ16: 16320.9 | GR16: 13783.4 | GS16: 300 | GV16: 294 | GY16: =ROUND(GH16/BY16,0) -> 810 | GZ16: 16 | HA16: =ROUND(GH16/DS16,0) -> 1226 | HB16: 19
A17: 8 | B17: Колпашевский | C17: 08 | D17: =E17+F17 -> 26 | E17: 5 | F17: 21 | G17: =H17+I17 -> 26 | H17: 5 | I17: 21 | L17: =K17-J17 -> 0 | O17: =N17-M17 -> 0 | P17: =ROUND((J17+M17)/D17*100,1) -> 0 | Q17: =ROUND((K17+N17)/G17*100,1) -> 0 | R17: 2 | S17: 2 | V17: =U17-T17 -> 0 | Y17: =X17-W17 -> 0 | Z17: =ROUND((T17+W17)/R17*100,1) -> 0 | AA17: =ROUND((U17+X17)/S17*100,1) -> 0 | AB17: 1 | AC17: 1 | AD17: =AC17-AB17 -> 0 | AE17: 26 | AF17: 25 | AG17: =AF17-AE17 -> -1 | AH17: 6 | AI17: 7 | AJ17: =AI17-AH17 -> 1 | AK17: 6 | AL17: 7 | AM17: =AL17-AK17 -> 1 | AN17: 8 | AO17: 8 | AP17: =AO17-AN17 -> 0 | AR17: 8 | AS17: Колпашевский | AT17: 08 | AU17: 24 | AV17: 25 | AW17: =AV17-AU17 -> 1 | AX17: 24 | AY17: 25 | AZ17: =AY17-AX17 -> 1 | BA17: =ROUND(AU17/D17*100,1) -> 92.3 | BB17: =ROUND(AV17/G17*100,1) -> 96.2 | BC17: 25 | BD17: 25 | BE17: =BD17-BC17 -> 0 | BF17: 1 | BG17: 1 | BH17: =BG17-BF17 -> 0 | BI17: 1 | BJ17: 1 | BK17: =BJ17-BI17 -> 0 | BL17: 90.291 | BM17: 93.551 | BN17: =BM17-BL17 -> 3.26 | BO17: 89.38 | BP17: 92.64 | BQ17: =BP17-BO17 -> 3.26 | BS17: 8 | BT17: Колпашевский | BU17: 08 | BV17: =BW17+BX17 -> 37.7 | BW17: 22.9 | BX17: 14.8 | BY17: =BZ17+CA17 -> 37.2 | BZ17: 22.6 | CA17: 14.6 | CB17: =ROUND(BV17/D17,2) -> 1.45 | CC17: =ROUND(BW17/E17,2) -> 4.58 | CD17: =ROUND(BX17/F17,2) -> 0.7 | CE17: =ROUND(BY17/G17,2) -> 1.43 | CF17: =ROUND(BZ17/H17,2) -> 4.52 | CG17: =ROUND(CA17/I17,2) -> 0.7 | CH17: =CE17-CB17 -> -0.02 | CI17: =CF17-CC17 -> -0.06 | CJ17: =CG17-CD17 -> 0 | CL17: 8 | CM17: Колпашевский | CN17: 08 | CO17: =CR17+CU17 -> 288.188 | CP17: =CS17+CV17 -> 283.414 | CQ17: =CP17-CO17 -> -4.774 | CR17: 152.477 | CS17: 150.527 | CT17: =CS17-CR17 -> -1.95 | CU17: 135.711 | CV17: 132.887 | CW17: =CV17-CU17 -> -2.824 | CX17: =DA17+DD17 -> 5.584 | CY17: =DB17+DE17 -> 7.183 | CZ17: =CY17-CX17 -> 1.599 | DA17: 3.369 | DB17: 4.454 | DC17: =DB17-DA17 -> 1.085 | DD17: 2.215 | DE17: 2.729 | DF17: =DE17-DD17 -> 0.514 | DG17: =ROUND(CX17*1000/BV17,0) -> 148 | DH17: =ROUND(CY17*1000/BY17,0) -> 193 | DI17: =DH17-DG17 -> 45 | DJ17: =ROUND(CO17/BV17,1) -> 7.6 | DK17: =ROUND(CP17/BY17,1) -> 7.6 | DL17: =DK17-DJ17 -> 0 | DM17: 12 | DO17: 8 | DP17: Колпашевский | DQ17: 08 | DR17: 12.818 | DS17: 12.813 | DT17: =DS17-DR17 -> -0.005 | DU17: 11.782 | DV17: 11.875 | DW17: =DV17-DU17 -> 0.093 | DX17: =ROUND(DR17/BV17*100,1) -> 34 | DY17: =ROUND(DS17/BY17*100,1) -> 34.4 | DZ17: =DY17-DX17 -> 0.4 | EA17: 16 | EB17: 67.864 | EC17: 89.462 | ED17: =EC17-EB17 -> 21.598 | EE17: 7.323 | EF17: 12.041 | EG17: =EF17-EE17 -> 4.718 | EH17: 75.007 | EI17: 35.971 | EJ17: =EI17-EH17 -> -39.036 | EK17: =ROUND(CO17/DR17,1) -> 22.5 | EL17: =ROUND(CP17/DS17,1) -> 22.1 | EM17: =EL17-EK17 -> -0.4 | EN17: 1151 | EO17: 1673 | EP17: =EO17-EN17 -> 522 | EQ17: 231.344 | ER17: 295.479 | ES17: =ER17-EQ17 -> 64.135 | ET17: =ROUND(EQ17/DR17,1) -> 18 | EU17: =ROUND(ER17/DS17,1) -> 23.1 | EV17: =EU17-ET17 -> 5.1 | EW17: =ROUND(EQ17/CO17,1) -> 0.8 | EX17: =ROUND(ER17/CP17,1) -> 1 | EY17: =EX17-EW17 -> 0.2 | EZ17: 14.418 | FA17: 21.277 | FB17: =FA17-EZ17 -> 6.859 | FC17: 0.628 | FD17: 5.152 | FE17: =FD17-FC17 -> 4.524 | FG17: 8 | FH17: Колпашевский | FI17: 08 | FJ17: 75 | FK17: 75 | FL17: =FK17-FJ17 -> 0 | FM17: 54 | FN17: 54 | FO17: =FN17-FM17 -> 0 | FP17: 22 | FQ17: 23 | FR17: =FQ17-FP17 -> 1 | FS17: 25 | FT17: 25 | FU17: =FT17-FS17 -> 0 | FV17: =ROUND((FQ17+FT17)/FN17*100,1) -> 88.9 | FW17: 8 | FX17: =ROUND(DR17*1000/FM17,0) -> 237 | FY17: =ROUND(DS17*1000/FN17,0) -> 237 | FZ17: =FY17-FX17 -> 0 | GA17: =ROUND(EQ17/FM17,1) -> 4.3 | GB17: =ROUND(ER17/FN17,1) -> 5.5 | GC17: =GB17-GA17 -> 1.2 | GE17: 8 | GF17: Колпашевский | GG17: 08 | GH17: =GK17+GL17+GM17 -> 73696.2 | GI17: =ROUND(GH17/G17,0) -> 2834 | GJ17: 3 | GK17: 73593 | GM17: 103.2 | GP17: =ROUND((GK17+GL17)/GH17*100,1) -> 99.9 | GQ17: 73702.3 | GR17: 45975.2 | GT17: 6035 | GV17: 1550.6 | GW17: 73.7 | GY17: =ROUND(GH17/BY17,0) -> 1981 | GZ17: 7 | HA17: =ROUND(GH17/DS17,0) -> 5752 | HB17: 5
A18: 9 | B18: Кривошеинский | C18: 09 | D18: =E18+F18 -> 13 | F18: 13 | G18: =H18+I18 -> 13 | I18: 13 | J18: 1 | K18: 1 | L18: =K18-J18 -> 0 | O18: =N18-M18 -> 0 | P18: =ROUND((J18+M18)/D18*100,1) -> 7.7 | Q18: =ROUND((K18+N18)/G18*100,1) -> 7.7 | V18: =U18-T18 -> 0 | Y18: =X18-W18 -> 0 | Z18: 0 | AA18: 0 | AB18: 3 | AC18: 3 | AD18: =AC18-AB18 -> 0 | AE18: 13 | AF18: 13 | AG18: =AF18-AE18 -> 0 | AH18: 7 | AI18: 7 | AJ18: =AI18-AH18 -> 0 | AK18: 7 | AL18: 7 | AM18: =AL18-AK18 -> 0 | AN18: 11 | AO18: 11 | AP18: =AO18-AN18 -> 0 | AR18: 9 | AS18: Кривошеинский | AT18: 09 | AU18: 8 | AV18: 8 | AW18: =AV18-AU18 -> 0 | AX18: 7 | AY18: 7 | AZ18: =AY18-AX18 -> 0 | BA18: =ROUND(AU18/D18*100,1) -> 61.5 | BB18: =ROUND(AV18/G18*100,1) -> 61.5 | BC18: 10 | BD18: 10 | BE18: =BD18-BC18 -> 0 | BF18: 1 | BG18: 1 | BH18: =BG18-BF18 -> 0 | BI18: 1 | BJ18: 1 | BK18: =BJ18-BI18 -> 0 | BL18: 22.782 | BM18: 24.064 | BN18: =BM18-BL18 -> 1.282 | BO18: 22.782 | BP18: 24.064 | BQ18: =BP18-BO18 -> 1.282 | BS18: 9 | BT18: Кривошеинский | BU18: 09 | BV18: =BW18+BX18 -> 11.8 | BX18: 11.8 | BY18: =BZ18+CA18 -> 11.8 | CA18: 11.8 | CB18: =ROUND(BV18/D18,2) -> 0.91 | CC18: 0 | CD18: =ROUND(BX18/F18,2) -> 0.91 | CE18: =ROUND(BY18/G18,2) -> 0.91 | CF18: 0 | CG18: =ROUND(CA18/I18,2) -> 0.91 | CH18: =CE18-CB18 -> 0 | CI18: =CF18-CC18 -> 0 | CJ18: =CG18-CD18 -> 0 | CL18: 9 | CM18: Кривошеинский | CN18: 09 | CO18: =CR18+CU18 -> 132.036 | CP18: =CS18+CV18 -> 131.224 | CQ18: =CP18-CO18 -> -0.812 | CT18: =CS18-CR18 -> 0 | CU18: 132.036 | CV18: 131.224 | CW18: =CV18-CU18 -> -0.812 | CX18: =DA18+DD18 -> 1.306 | CY18: =DB18+DE18 -> 0.672 | CZ18: =CY18-CX18 -> -0.634 | DC18: =DB18-DA18 -> 0 | DD18: 1.306 | DE18: 0.672 | DF18: =DE18-DD18 -> -0.634 | DG18: =ROUND(CX18*1000/BV18,0) -> 111 | DH18: =ROUND(CY18*1000/BY18,0) -> 57 | DI18: =DH18-DG18 -> -54 | DJ18: =ROUND(CO18/BV18,1) -> 11.2 | DK18: =ROUND(CP18/BY18,1) -> 11.1 | DL18: =DK18-DJ18 -> -0.1 | DM18: 5 | DO18: 9 | DP18: Кривошеинский | DQ18: 09 | DR18: 6.273 | DS18: 7.11 | DT18: =DS18-DR18 -> 0.837 | DU18: 5.72 | DV18: 6.324 | DW18: =DV18-DU18 -> 0.604 | DX18: =ROUND(DR18/BV18*100,1) -> 53.2 | DY18: =ROUND(DS18/BY18*100,1) -> 60.3 | DZ18: =DY18-DX18 -> 7.1 | EA18: 4 | EB18: 57.411 | EC18: 67.473 | ED18: =EC18-EB18 -> 10.062 | EE18: 7.237 | EF18: 10.917 | EG18: =EF18-EE18 -> 3.68 | EH18: 5.23 | EI18: 5.179 | EJ18: =EI18-EH18 -> -0.051 | EK18: =ROUND(CO18/DR18,1) -> 21 | EL18: =ROUND(CP18/DS18,1) -> 18.5 | EM18: =EL18-EK18 -> -2.5 | EN18: 614 | EO18: 780 | EP18: =EO18-EN18 -> 166 | EQ18: 170.323 | ER18: 197.234 | ES18: =ER18-EQ18 -> 26.911 | ET18: =ROUND(EQ18/DR18,1) -> 27.2 | EU18: =ROUND(ER18/DS18,1) -> 27.7 | EV18: =EU18-ET18 -> 0.5 | EW18: =ROUND(EQ18/CO18,1) -> 1.3 | EX18: =ROUND(ER18/CP18,1) -> 1.5 | EY18: =EX18-EW18 -> 0.2 | EZ18: 4.639 | FA18: 5.451 | FB18: =FA18-EZ18 -> 0.812 | FD18: 0.001 | FE18: =FD18-FC18 -> 0.001 | FG18: 9 | FH18: Кривошеинский | FI18: 09 | FJ18: 26 | FK18: 26 | FL18: =FK18-FJ18 -> 0 | FM18: 21 | FN18: 21 | FO18: =FN18-FM18 -> 0 | FP18: 9 | FQ18: 9 | FR18: =FQ18-FP18 -> 0 | FS18: 11 | FT18: 11 | FU18: =FT18-FS18 -> 0 | FV18: =ROUND((FQ18+FT18)/FN18*100,1) -> 95.2 | FW18: 4 | FX18: =ROUND(DR18*1000/FM18,0) -> 299 | FY18: =ROUND(DS18*1000/FN18,0) -> 339 | FZ18: =FY18-FX18 -> 40 | GA18: =ROUND(EQ18/FM18,1) -> 8.1 | GB18: =ROUND(ER18/FN18,1) -> 9.4 | GC18: =GB18-GA18 -> 1.3 | GE18: 9 | GF18: Кривошеинский | GG18: 09 | GH18: =GK18+GL18+GM18 -> 15666 | GI18: =ROUND(GH18/G18,0) -> 1205 | GJ18: 16 | GK18: 9002 | GL18: 6585 | GM18: 79 | GP18: =ROUND((GK18+GL18)/GH18*100,1) -> 99.5 | GQ18: 15666 | GR18: 13923 | GT18: 128 | GV18: 414 | GY18: =ROUND(GH18/BY18,0) -> 1328 | GZ18: 12 | HA18: =ROUND(GH18/DS18,0) -> 2203 | HB18: 13
A19: 10 | B19: Молчановский | C19: 10 | D19: =E19+F19 -> 13 | F19: 13 | G19: =H19+I19 -> 13 | I19: 13 | J19: 1 | K19: 1 | L19: =K19-J19 -> 0 | O19: =N19-M19 -> 0 | P19: =ROUND((J19+M19)/D19*100,1) -> 7.7 | Q19: =ROUND((K19+N19)/G19*100,1) -> 7.7 | V19: =U19-T19 -> 0 | Y19: =X19-W19 -> 0 | Z19: 0 | AA19: 0 | AD19: =AC19-AB19 -> 0 | AE19: 12 | AF19: 12 | AG19: =AF19-AE19 -> 0 | AH19: 6 | AI19: 6 | AJ19: =AI19-AH19 -> 0 | AK19: 6 | AL19: 6 | AM19: =AL19-AK19 -> 0 | AP19: =AO19-AN19 -> 0 | AR19: 10 | AS19: Молчановский | AT19: 10 | AU19: 13 | AV19: 13 | AW19: =AV19-AU19 -> 0 | AX19: 6 | AY19: 6 | AZ19: =AY19-AX19 -> 0 | BA19: =ROUND(AU19/D19*100,1) -> 100 | BB19: =ROUND(AV19/G19*100,1) -> 100 | BC19: 1 | BD19: 1 | BE19: =BD19-BC19 -> 0 | BF19: 1 | BG19: 1 | BH19: =BG19-BF19 -> 0 | BI19: 1 | BJ19: 1 | BK19: =BJ19-BI19 -> 0 | BL19: 32.869 | BM19: 34.331 | BN19: =BM19-BL19 -> 1.462 | BO19: 32.869 | BP19: 34.331 | BQ19: =BP19-BO19 -> 1.462 | BS19: 10 | BT19: Молчановский | BU19: 10 | BV19: =BW19+BX19 -> 12.1 | BX19: 12.1 | BY19: =BZ19+CA19 -> 12.1 | CA19: 12.1 | CB19: =ROUND(BV19/D19,2) -> 0.93 | CC19: 0 | CD19: =ROUND(BX19/F19,2) -> 0.93 | CE19: =ROUND(BY19/G19,2) -> 0.93 | CF19: 0 | CG19: =ROUND(CA19/I19,2) -> 0.93 | CH19: =CE19-CB19 -> 0 | CI19: =CF19-CC19 -> 0 | CJ19: =CG19-CD19 -> 0 | CL19: 10 | CM19: Молчановский | CN19: 10 | CO19: =CR19+CU19 -> 126.254 | CP19: =CS19+CV19 -> 123.021 | CQ19: =CP19-CO19 -> -3.233 | CT19: =CS19-CR19 -> 0 | CU19: 126.254 | CV19: 123.021 | CW19: =CV19-CU19 -> -3.233 | CX19: =DA19+DD19 -> 1.535 | CY19: =DB19+DE19 -> 3.192 | CZ19: =CY19-CX19 -> 1.657 | DC19: =DB19-DA19 -> 0 | DD19: 1.535 | DE19: 3.192 | DF19: =DE19-DD19 -> 1.657 | DG19: =ROUND(CX19*1000/BV19,0) -> 127 | DH19: =ROUND(CY19*1000/BY19,0) -> 264 | DI19: =DH19-DG19 -> 137 | DJ19: =ROUND(CO19/BV19,1) -> 10.4 | DK19: =ROUND(CP19/BY19,1) -> 10.2 | DL19: =DK19-DJ19 -> -0.2 | DM19: 6 | DO19: 10 | DP19: Молчановский | DQ19: 10 | DR19: 7.484 | DS19: 8.272 | DT19: =DS19-DR19 -> 0.788 | DU19: 7.442 | DV19: 8.266 | DW19: =DV19-DU19 -> 0.824 | DX19: =ROUND(DR19/BV19*100,1) -> 61.9 | DY19: =ROUND(DS19/BY19*100,1) -> 68.4 | DZ19: =DY19-DX19 -> 6.5 | EA19: 1 | EB19: 74.036 | EC19: 96.106 | ED19: =EC19-EB19 -> 22.07 | EE19: 19.436 | EF19: 28.568 | EG19: =EF19-EE19 -> 9.132 | EH19: 18.036 | EI19: 7.106 | EJ19: =EI19-EH19 -> -10.93 | EK19: =ROUND(CO19/DR19,1) -> 16.9 | EL19: =ROUND(CP19/DS19,1) -> 14.9 | EM19: =EL19-EK19 -> -2 | EN19: 531 | EO19: 1012 | EP19: =EO19-EN19 -> 481 | EQ19: 133.855 | ER19: 160.529 | ES19: =ER19-EQ19 -> 26.674 | ET19: =ROUND(EQ19/DR19,1) -> 17.9 | EU19: =ROUND(ER19/DS19,1) -> 19.4 | EV19: =EU19-ET19 -> 1.5 | EW19: =ROUND(EQ19/CO19,1) -> 1.1 | EX19: =ROUND(ER19/CP19,1) -> 1.3 | EY19: =EX19-EW19 -> 0.2 | EZ19: 11.71 | FA19: 10.865 | FB19: =FA19-EZ19 -> -0.845 | FC19: 0.411 | FD19: 0.519 | FE19: =FD19-FC19 -> 0.108 | FG19: 10 | FH19: Молчановский | FI19: 10 | FJ19: 30 | FK19: 29 | FL19: =FK19-FJ19 -> -1 | FM19: 23 | FN19: 23 | FO19: =FN19-FM19 -> 0 | FP19: 11 | FQ19: 11 | FR19: =FQ19-FP19 -> 0 | FS19: 12 | FT19: 12 | FU19: =FT19-FS19 -> 0 | FV19: =ROUND((FQ19+FT19)/FN19*100,1) -> 100 | FW19: 1 | FX19: =ROUND(DR19*1000/FM19,0) -> 325 | FY19: =ROUND(DS19*1000/FN19,0) -> 360 | FZ19: =FY19-FX19 -> 35 | GA19: =ROUND(EQ19/FM19,1) -> 5.8 | GB19: =ROUND(ER19/FN19,1) -> 7 | GC19: =GB19-GA19 -> 1.2 | GE19: 10 | GF19: Молчановский | GG19: 10 | GH19: =GK19+GL19+GM19 -> 16048 | GI19: =ROUND(GH19/G19,0) -> 1234 | GJ19: 15 | GK19: 15578.6 | GL19: 394.4 | GM19: 75 | GP19: =ROUND((GK19+GL19)/GH19*100,1) -> 99.5 | GQ19: 16048 | GR19: 14410.4 | GV19: 188.9 | GX19: 46.5 | GY19: =ROUND(GH19/BY19,0) -> 1326 | GZ19: 13 | HA19: =ROUND(GH19/DS19,0) -> 1940 | HB19: 16
A20: 11 | B20: Парабельский | C20: 11 | D20: =E20+F20 -> 16 | F20: 16 | G20: =H20+I20 -> 16 | I20: 16 | L20: =K20-J20 -> 0 | O20: =N20-M20 -> 0 | P20: =ROUND((J20+M20)/D20*100,1) -> 0 | Q20: =ROUND((K20+N20)/G20*100,1) -> 0 | V20: =U20-T20 -> 0 | Y20: =X20-W20 -> 0 | Z20: 0 | AA20: 0 | AD20: =AC20-AB20 -> 0 | AE20: 16 | AF20: 16 | AG20: =AF20-AE20 -> 0 | AH20: 16 | AI20: 16 | AJ20: =AI20-AH20 -> 0 | AK20: 10 | AL20: 11 | AM20: =AL20-AK20 -> 1 | AP20: =AO20-AN20 -> 0 | AR20: 11 | AS20: Парабельский | AT20: 11 | AU20: 10 | AV20: 11 | AW20: =AV20-AU20 -> 1 | AX20: 10 | AY20: 11 | AZ20: =AY20-AX20 -> 1 | BA20: =ROUND(AU20/D20*100,1) -> 62.5 | BB20: =ROUND(AV20/G20*100,1) -> 68.8 | BC20: 1 | BD20: 1 | BE20: =BD20-BC20 -> 0 | BF20: 1 | BG20: 1 | BH20: =BG20-BF20 -> 0 | BI20: 1 | BJ20: 1 | BK20: =BJ20-BI20 -> 0 | BL20: 51.438 | BM20: 53.853 | BN20: =BM20-BL20 -> 2.415 | BO20: 51.438 | BP20: 53.853 | BQ20: =BP20-BO20 -> 2.415 | BS20: 11 | BT20: Парабельский | BU20: 11 | BV20: =BW20+BX20 -> 12.1 | BX20: 12.1 | BY20: =BZ20+CA20 -> 12 | CA20: 12 | CB20: =ROUND(BV20/D20,2) -> 0.76 | CC20: 0 | CD20: =ROUND(BX20/F20,2) -> 0.76 | CE20: =ROUND(BY20/G20,2) -> 0.75 | CF20: 0 | CG20: =ROUND(CA20/I20,2) -> 0.75 | CH20: =CE20-CB20 -> -0.01 | CI20: =CF20-CC20 -> 0 | CJ20: =CG20-CD20 -> -0.01 | CL20: 11 | CM20: Парабельский | CN20: 11 | CO20: =CR20+CU20 -> 98.831 | CP20: =CS20+CV20 -> 98.451 | CQ20: =CP20-CO20 -> -0.38 | CT20: =CS20-CR20 -> 0 | CU20: 98.831 | CV20: 98.451 | CW20: =CV20-CU20 -> -0.38 | CX20: =DA20+DD20 -> 2.83 | CY20: =DB20+DE20 -> 4.045 | CZ20: =CY20-CX20 -> 1.215 | DC20: =DB20-DA20 -> 0 | DD20: 2.83 | DE20: 4.045 | DF20: =DE20-DD20 -> 1.215 | DG20: =ROUND(CX20*1000/BV20,0) -> 234 | DH20: =ROUND(CY20*1000/BY20,0) -> 337 | DI20: =DH20-DG20 -> 103 | DJ20: =ROUND(CO20/BV20,1) -> 8.2 | DK20: =ROUND(CP20/BY20,1) -> 8.2 | DL20: =DK20-DJ20 -> 0 | DM20: 11 | DO20: 11 | DP20: Парабельский | DQ20: 11 | DR20: 4.106 | DS20: 4.527 | DT20: =DS20-DR20 -> 0.421 | DU20: 4.01 | DV20: 4.441 | DW20: =DV20-DU20 -> 0.431 | DX20: =ROUND(DR20/BV20*100,1) -> 33.9 | DY20: =ROUND(DS20/BY20*100,1) -> 37.7 | DZ20: =DY20-DX20 -> 3.8 | EA20: 13 | EB20: 40.572 | EC20: 63.477 | ED20: =EC20-EB20 -> 22.905 | EE20: 10.67 | EF20: 18.376 | EG20: =EF20-EE20 -> 7.706 | EH20: 9.381 | EI20: 8.652 | EJ20: =EI20-EH20 -> -0.729 | EK20: =ROUND(CO20/DR20,1) -> 24.1 | EL20: =ROUND(CP20/DS20,1) -> 21.7 | EM20: =EL20-EK20 -> -2.4 | EN20: 1879 | EO20: 1900 | EP20: =EO20-EN20 -> 21 | EQ20: 119.291 | ER20: 165.865 | ES20: =ER20-EQ20 -> 46.574 | ET20: =ROUND(EQ20/DR20,1) -> 29.1 | EU20: =ROUND(ER20/DS20,1) -> 36.6 | EV20: =EU20-ET20 -> 7.5 | EW20: =ROUND(EQ20/CO20,1) -> 1.2 | EX20: =ROUND(ER20/CP20,1) -> 1.7 | EY20: =EX20-EW20 -> 0.5 | EZ20: 3.162 | FA20: 3.116 | FB20: =FA20-EZ20 -> -0.046 | FE20: =FD20-FC20 -> 0 | FG20: 11 | FH20: Парабельский | FI20: 11 | FJ20: 37 | FK20: 38 | FL20: =FK20-FJ20 -> 1 | FM20: 28 | FN20: 27 | FO20: =FN20-FM20 -> -1 | FP20: 9 | FQ20: 11 | FR20: =FQ20-FP20 -> 2 | FS20: 13 | FT20: 10 | FU20: =FT20-FS20 -> -3 | FV20: =ROUND((FQ20+FT20)/FN20*100,1) -> 77.8 | FW20: 11 | FX20: =ROUND(DR20*1000/FM20,0) -> 147 | FY20: =ROUND(DS20*1000/FN20,0) -> 168 | FZ20: =FY20-FX20 -> 21 | GA20: =ROUND(EQ20/FM20,1) -> 4.3 | GB20: =ROUND(ER20/FN20,1) -> 6.1 | GC20: =GB20-GA20 -> 1.8 | GE20: 11 | GF20: Парабельский | GG20: 11 | GH20: =GK20+GL20+GM20 -> 42558 | GI20: =ROUND(GH20/G20,0) -> 2660 | GJ20: 5 | GK20: 41986.6 | GM20: 571.4 | GP20: =ROUND((GK20+GL20)/GH20*100,1) -> 98.7 | GQ20: 42400 | GR20: 25812 | GS20: 2028.7 | GT20: 7423.9 | GU20: 47.7 | GV20: 1650.4 | GW20: 10.5 | GX20: 410 | GY20: =ROUND(GH20/BY20,0) -> 3547 | GZ20: 1 | HA20: =ROUND(GH20/DS20,0) -> 9401 | HB20: 1
A21: 12 | B21: Первомайский | C21: 12 | D21: =E21+F21 -> 20 | F21: 20 | G21: =H21+I21 -> 20 | I21: 20 | L21: =K21-J21 -> 0 | O21: =N21-M21 -> 0 | P21: =ROUND((J21+M21)/D21*100,1) -> 0 | Q21: =ROUND((K21+N21)/G21*100,1) -> 0 | R21: 1 | S21: 1 | V21: =U21-T21 -> 0 | Y21: =X21-W21 -> 0 | Z21: =ROUND((T21+W21)/R21*100,1) -> 0 | AA21: =ROUND((U21+X21)/S21*100,1) -> 0 | AB21: 7 | AC21: 7 | AD21: =AC21-AB21 -> 0 | AE21: 20 | AF21: 20 | AG21: =AF21-AE21 -> 0 | AH21: 19 | AI21: 20 | AJ21: =AI21-AH21 -> 1 | AK21: 19 | AL21: 20 | AM21: =AL21-AK21 -> 1 | AN21: 37 | AO21: 38 | AP21: =AO21-AN21 -> 1 | AR21: 12 | AS21: Первомайский | AT21: 12 | AU21: 19 | AV21: 20 | AW21: =AV21-AU21 -> 1 | AX21: 19 | AY21: 20 | AZ21: =AY21-AX21 -> 1 | BA21: =ROUND(AU21/D21*100,1) -> 95 | BB21: =ROUND(AV21/G21*100,1) -> 100 | BC21: 15 | BD21: 17 | BE21: =BD21-BC21 -> 2 | BF21: 1 | BG21: 1 | BH21: =BG21-BF21 -> 0 | BI21: 1 | BJ21: 1 | BK21: =BJ21-BI21 -> 0 | BL21: 82.166 | BM21: 86.836 | BN21: =BM21-BL21 -> 4.67 | BO21: 82.166 | BP21: 86.836 | BQ21: =BP21-BO21 -> 4.67 | BS21: 12 | BT21: Первомайский | BU21: 12 | BV21: =BW21+BX21 -> 16.4 | BX21: 16.4 | BY21: =BZ21+CA21 -> 16.3 | CA21: 16.3 | CB21: =ROUND(BV21/D21,2) -> 0.82 | CC21: 0 | CD21: =ROUND(BX21/F21,2) -> 0.82 | CE21: =ROUND(BY21/G21,2) -> 0.82 | CF21: 0 | CG21: =ROUND(CA21/I21,2) -> 0.82 | CH21: =CE21-CB21 -> 0 | CI21: =CF21-CC21 -> 0 | CJ21: =CG21-CD21 -> 0 | CL21: 12 | CM21: Первомайский | CN21: 12 | CO21: =CR21+CU21 -> 182.408 | CP21: =CS21+CV21 -> 186.843 | CQ21: =CP21-CO21 -> 4.435 | CT21: =CS21-CR21 -> 0 | CU21: 182.408 | CV21: 186.843 | CW21: =CV21-CU21 -> 4.435 | CX21: =DA21+DD21 -> 4.714 | CY21: =DB21+DE21 -> 8.326 | CZ21: =CY21-CX21 -> 3.612 | DC21: =DB21-DA21 -> 0 | DD21: 4.714 | DE21: 8.326 | DF21: =DE21-DD21 -> 3.612 | DG21: =ROUND(CX21*1000/BV21,0) -> 287 | DH21: =ROUND(CY21*1000/BY21,0) -> 511 | DI21: =DH21-DG21 -> 224 | DJ21: =ROUND(CO21/BV21,1) -> 11.1 | DK21: =ROUND(CP21/BY21,1) -> 11.5 | DL21: =DK21-DJ21 -> 0.4 | DM21: 4 | DO21: 12 | DP21: Первомайский | DQ21: 12 | DR21: 8.117 | DS21: 7.022 | DT21: =DS21-DR21 -> -1.095 | DU21: 7.687 | DV21: 6.479 | DW21: =DV21-DU21 -> -1.208 | DX21: =ROUND(DR21/BV21*100,1) -> 49.5 | DY21: =ROUND(DS21/BY21*100,1) -> 43.1 | DZ21: =DY21-DX21 -> -6.4 | EA21: 10 | EB21: 56.876 | EC21: 91.537 | ED21: =EC21-EB21 -> 34.661 | EE21: 27.516 | EF21: 45.386 | EG21: =EF21-EE21 -> 17.87 | EH21: 49.612 | EI21: 72.627 | EJ21: =EI21-EH21 -> 23.015 | EK21: =ROUND(CO21/DR21,1) -> 22.5 | EL21: =ROUND(CP21/DS21,1) -> 26.6 | EM21: =EL21-EK21 -> 4.1 | EN21: 1165 | EO21: 2079 | EP21: =EO21-EN21 -> 914 | EQ21: 123.158 | ER21: 122.62 | ES21: =ER21-EQ21 -> -0.538 | ET21: =ROUND(EQ21/DR21,1) -> 15.2 | EU21: =ROUND(ER21/DS21,1) -> 17.5 | EV21: =EU21-ET21 -> 2.3 | EW21: =ROUND(EQ21/CO21,1) -> 0.7 | EX21: =ROUND(ER21/CP21,1) -> 0.7 | EY21: =EX21-EW21 -> 0 | EZ21: 8.657 | FA21: 8.695 | FB21: =FA21-EZ21 -> 0.038 | FC21: 0.589 | FD21: 1.442 | FE21: =FD21-FC21 -> 0.853 | FG21: 12 | FH21: Первомайский | FI21: 12 | FJ21: 40 | FK21: 40 | FL21: =FK21-FJ21 -> 0 | FM21: 34 | FN21: 32 | FO21: =FN21-FM21 -> -2 | FP21: 14 | FQ21: 11 | FR21: =FQ21-FP21 -> -3 | FS21: 20 | FT21: 21 | FU21: =FT21-FS21 -> 1 | FV21: =ROUND((FQ21+FT21)/FN21*100,1) -> 100 | FW21: 1 | FX21: =ROUND(DR21*1000/FM21,0) -> 239 | FY21: =ROUND(DS21*1000/FN21,0) -> 219 | FZ21: =FY21-FX21 -> -20 | GA21: =ROUND(EQ21/FM21,1) -> 3.6 | GB21: =ROUND(ER21/FN21,1) -> 3.8 | GC21: =GB21-GA21 -> 0.2 | GE21: 12 | GF21: Первомайский | GG21: 12 | GH21: =GK21+GL21+GM21 -> 35199 | GI21: =ROUND(GH21/G21,0) -> 1760 | GJ21: 12 | GK21: 34971 | GM21: 228 | GN21: 183 | GP21: =ROUND((GK21+GL21)/GH21*100,1) -> 99.4 | GQ21: 35199 | GR21: 16150 | GS21: 5585 | GT21: 2803 | GU21: 37 | GV21: 1927 | GY21: =ROUND(GH21/BY21,0) -> 2159 | GZ21: 6 | HA21: =ROUND(GH21/DS21,0) -> 5013 | HB21: 6
A22: 13 | B22: Тегульдетский | C22: 13 | D22: 6 | F22: 5 | G22: =H22+I22 -> 6 | I22: 6 | L22: =K22-J22 -> 0 | O22: =N22-M22 -> 0 | P22: =ROUND((J22+M22)/D22*100,1) -> 0 | Q22: =ROUND((K22+N22)/G22*100,1) -> 0 | R22: 1 | S22: 1 | V22: =U22-T22 -> 0 | Y22: =X22-W22 -> 0 | Z22: =ROUND((T22+W22)/R22*100,1) -> 0 | AA22: =ROUND((U22+X22)/S22*100,1) -> 0 | AB22: 2 | AC22: 2 | AD22: =AC22-AB22 -> 0 | AE22: 6 | AF22: 6 | AG22: =AF22-AE22 -> 0 | AH22: 6 | AI22: 6 | AJ22: =AI22-AH22 -> 0 | AK22: 6 | AL22: 6 | AM22: =AL22-AK22 -> 0 | AN22: 3 | AO22: 3 | AP22: =AO22-AN22 -> 0 | AR22: 13 | AS22: Тегульдетский | AT22: 13 | AU22: 6 | AV22: 6 | AW22: =AV22-AU22 -> 0 | AX22: 6 | AY22: 6 | AZ22: =AY22-AX22 -> 0 | BA22: =ROUND(AU22/D22*100,1) -> 100 | BB22: =ROUND(AV22/G22*100,1) -> 100 | BC22: 1 | BD22: 1 | BE22: =BD22-BC22 -> 0 | BF22: 1 | BG22: 1 | BH22: =BG22-BF22 -> 0 | BJ22: 1 | BK22: =BJ22-BI22 -> 1 | BL22: 2.256 | BM22: 2.481 | BN22: =BM22-BL22 -> 0.225 | BP22: 2.481 | BQ22: =BP22-BO22 -> 2.481 | BS22: 13 | BT22: Тегульдетский | BU22: 13 | BV22: =BW22+BX22 -> 6 | BX22: 6 | BY22: =BZ22+CA22 -> 6 | CA22: 6 | CB22: =ROUND(BV22/D22,2) -> 1 | CC22: 0 | CD22: =ROUND(BX22/F22,2) -> 1.2 | CE22: =ROUND(BY22/G22,2) -> 1 | CF22: 0 | CG22: =ROUND(CA22/I22,2) -> 1 | CH22: =CE22-CB22 -> 0 | CI22: =CF22-CC22 -> 0 | CJ22: =CG22-CD22 -> -0.2 | CL22: 13 | CM22: Тегульдетский | CN22: 13 | CO22: 92.588 | CP22: =CS22+CV22 -> 93.112 | CQ22: =CP22-CO22 -> 0.524 | CT22: =CS22-CR22 -> 0 | CU22: 82.517 | CV22: 93.112 | CW22: =CV22-CU22 -> 10.595 | CX22: 0.571 | CY22: =DB22+DE22 -> 0.524 | CZ22: =CY22-CX22 -> -0.047 | DC22: =DB22-DA22 -> 0 | DD22: 0.207 | DE22: 0.524 | DF22: =DE22-DD22 -> 0.317 | DG22: =ROUND(CX22*1000/BV22,0) -> 95 | DH22: =ROUND(CY22*1000/BY22,0) -> 87 | DI22: =DH22-DG22 -> -8 | DJ22: =ROUND(CO22/BV22,1) -> 15.4 | DK22: =ROUND(CP22/BY22,1) -> 15.5 | DL22: =DK22-DJ22 -> 0.1 | DM22: 1 | DO22: 13 | DP22: Тегульдетский | DQ22: 13 | DR22: 2.467 | DS22: 3.355 | DT22: =DS22-DR22 -> 0.888 | DU22: 2.236 | DV22: 3.2 | DW22: =DV22-DU22 -> 0.964 | DX22: =ROUND(DR22/BV22*100,1) -> 41.1 | DY22: =ROUND(DS22/BY22*100,1) -> 55.9 | DZ22: =DY22-DX22 -> 14.8 | EA22: 5 | EB22: 18.101 | EC22: 33.482 | ED22: =EC22-EB22 -> 15.381 | EE22: 5.012 | EF22: 7.22 | EG22: =EF22-EE22 -> 2.208 | EH22: 2.001 | EI22: 2.283 | EJ22: =EI22-EH22 -> 0.282 | EK22: =ROUND(CO22/DR22,1) -> 37.5 | EL22: =ROUND(CP22/DS22,1) -> 27.8 | EM22: =EL22-EK22 -> -9.7 | EN22: 1792 | EO22: 1348 | EP22: =EO22-EN22 -> -444 | EQ22: 50.003 | ER22: 51.498 | ES22: =ER22-EQ22 -> 1.495 | ET22: =ROUND(EQ22/DR22,1) -> 20.3 | EU22: =ROUND(ER22/DS22,1) -> 15.3 | EV22: =EU22-ET22 -> -5 | EW22: =ROUND(EQ22/CO22,1) -> 0.5 | EX22: =ROUND(ER22/CP22,1) -> 0.6 | EY22: =EX22-EW22 -> 0.1 | EZ22: 2.758 | FA22: 2.83 | FB22: =FA22-EZ22 -> 0.072 | FE22: =FD22-FC22 -> 0 | FG22: 13 | FH22: Тегульдетский | FI22: 13 | FJ22: 18 | FK22: 18 | FL22: =FK22-FJ22 -> 0 | FM22: 11 | FN22: 11 | FO22: =FN22-FM22 -> 0 | FP22: 2 | FQ22: 3 | FR22: =FQ22-FP22 -> 1 | FS22: 9 | FT22: 8 | FU22: =FT22-FS22 -> -1 | FV22: =ROUND((FQ22+FT22)/FN22*100,1) -> 100 | FW22: 1 | FX22: =ROUND(DR22*1000/FM22,0) -> 224 | FY22: =ROUND(DS22*1000/FN22,0) -> 305 | FZ22: =FY22-FX22 -> 81 | GA22: =ROUND(EQ22/FM22,1) -> 4.5 | GB22: =ROUND(ER22/FN22,1) -> 4.7 | GC22: =GB22-GA22 -> 0.2 | GE22: 13 | GF22: Тегульдетский | GG22: 13 | GH22: =GK22+GL22+GM22 -> 13100.9 | GI22: =ROUND(GH22/G22,0) -> 2183 | GJ22: 9 | GK22: 9997.2 | GL22: 3103.7 | GP22: =ROUND((GK22+GL22)/GH22*100,1) -> 100 | GQ22: 12987.3 | GR22: 10472.4 | GT22: 410.9 | GU22: 17.5 | GV22: 116.4 | GW22: 308.9 | GY22: =ROUND(GH22/BY22,0) -> 2183 | GZ22: 5 | HA22: =ROUND(GH22/DS22,0) -> 3905 | HB22: 8
A23: 14 | B23: Томский | C23: 14 | D23: =E23+F23 -> 39 | F23: 39 | G23: =H23+I23 -> 39 | I23: 39 | L23: =K23-J23 -> 0 | O23: =N23-M23 -> 0 | P23: =ROUND((J23+M23)/D23*100,1) -> 0 | Q23: =ROUND((K23+N23)/G23*100,1) -> 0 | V23: =U23-T23 -> 0 | Y23: =X23-W23 -> 0 | Z23: 0 | AA23: 0 | AB23: 2 | AC23: 2 | AD23: =AC23-AB23 -> 0 | AE23: 39 | AF23: 39 | AG23: =AF23-AE23 -> 0 | AH23: 32 | AI23: 34 | AJ23: =AI23-AH23 -> 2 | AK23: 32 | AL23: 34 | AM23: =AL23-AK23 -> 2 | AN23: 2 | AO23: 2 | AP23: =AO23-AN23 -> 0 | AR23: 14 | AS23: Томский | AT23: 14 | AU23: 37 | AV23: 37 | AW23: =AV23-AU23 -> 0 | AX23: 32 | AY23: 34 | AZ23: =AY23-AX23 -> 2 | BA23: =ROUND(AU23/D23*100,1) -> 94.9 | BB23: =ROUND(AV23/G23*100,1) -> 94.9 | BC23: 39 | BD23: 39 | BE23: =BD23-BC23 -> 0 | BF23: 1 | BG23: 1 | BH23: =BG23-BF23 -> 0 | BI23: 1 | BJ23: 1 | BK23: =BJ23-BI23 -> 0 | BL23: 80.467 | BM23: 90.567 | BN23: =BM23-BL23 -> 10.1 | BO23: 80.467 | BP23: 90.567 | BQ23: =BP23-BO23 -> 10.1 | BS23: 14 | BT23: Томский | BU23: 14 | BV23: =BW23+BX23 -> 79.5 | BX23: 79.5 | BY23: =BZ23+CA23 -> 81.2 | CA23: 81.2 | CB23: =ROUND(BV23/D23,2) -> 2.04 | CC23: 0 | CD23: =ROUND(BX23/F23,2) -> 2.04 | CE23: =ROUND(BY23/G23,2) -> 2.08 | CF23: 0 | CG23: =ROUND(CA23/I23,2) -> 2.08 | CH23: =CE23-CB23 -> 0.04 | CI23: =CF23-CC23 -> 0 | CJ23: =CG23-CD23 -> 0.04 | CL23: 14 | CM23: Томский | CN23: 14 | CO23: =CR23+CU23 -> 288.956 | CP23: =CS23+CV23 -> 292.347 | CQ23: =CP23-CO23 -> 3.391 | CT23: =CS23-CR23 -> 0 | CU23: 288.956 | CV23: 292.347 | CW23: =CV23-CU23 -> 3.391 | CX23: =DA23+DD23 -> 5.636 | CY23: =DB23+DE23 -> 4.332 | CZ23: =CY23-CX23 -> -1.304 | DC23: =DB23-DA23 -> 0 | DD23: 5.636 | DE23: 4.332 | DF23: =DE23-DD23 -> -1.304 | DG23: =ROUND(CX23*1000/BV23,0) -> 71 | DH23: =ROUND(CY23*1000/BY23,0) -> 53 | DI23: =DH23-DG23 -> -18 | DJ23: =ROUND(CO23/BV23,1) -> 3.6 | DK23: =ROUND(CP23/BY23,1) -> 3.6 | DL23: =DK23-DJ23 -> 0 | DM23: 18 | DO23: 14 | DP23: Томский | DQ23: 14 | DR23: 10.394 | DS23: 11.379 | DT23: =DS23-DR23 -> 0.985 | DU23: 10.123 | DV23: 11.205 | DW23: =DV23-DU23 -> 1.082 | DX23: =ROUND(DR23/BV23*100,1) -> 13.1 | DY23: =ROUND(DS23/BY23*100,1) -> 14 | DZ23: =DY23-DX23 -> 0.9 | EA23: 19 | EB23: 104.317 | EC23: 145.834 | ED23: =EC23-EB23 -> 41.517 | EE23: 9.107 | EF23: 18.95 | EG23: =EF23-EE23 -> 9.843 | EH23: 14.578 | EI23: 28.3 | EJ23: =EI23-EH23 -> 13.722 | EK23: =ROUND(CO23/DR23,1) -> 27.8 | EL23: =ROUND(CP23/DS23,1) -> 25.7 | EM23: =EL23-EK23 -> -2.1 | EN23: 1352 | EO23: 2691 | EP23: =EO23-EN23 -> 1339 | EQ23: 185.11 | ER23: 253.239 | ES23: =ER23-EQ23 -> 68.129 | ET23: =ROUND(EQ23/DR23,1) -> 17.8 | EU23: =ROUND(ER23/DS23,1) -> 22.3 | EV23: =EU23-ET23 -> 4.5 | EW23: =ROUND(EQ23/CO23,1) -> 0.6 | EX23: =ROUND(ER23/CP23,1) -> 0.9 | EY23: =EX23-EW23 -> 0.3 | EZ23: 6.801 | FA23: 9.396 | FB23: =FA23-EZ23 -> 2.595 | FC23: 0.705 | FD23: 0.843 | FE23: =FD23-FC23 -> 0.138 | FG23: 14 | FH23: Томский | FI23: 14 | FJ23: 63 | FK23: 62 | FL23: =FK23-FJ23 -> -1 | FM23: 56 | FN23: 56 | FO23: =FN23-FM23 -> 0 | FP23: 22 | FQ23: 22 | FR23: =FQ23-FP23 -> 0 | FS23: 34 | FT23: 34 | FU23: =FT23-FS23 -> 0 | FV23: =ROUND((FQ23+FT23)/FN23*100,1) -> 100 | FW23: 1 | FX23: =ROUND(DR23*1000/FM23,0) -> 186 | FY23: =ROUND(DS23*1000/FN23,0) -> 203 | FZ23: =FY23-FX23 -> 17 | GA23: =ROUND(EQ23/FM23,1) -> 3.3 | GB23: =ROUND(ER23/FN23,1) -> 4.5 | GC23: =GB23-GA23 -> 1.2 | GE23: 14 | GF23: Томский | GG23: 14 | GH23: =GK23+GL23+GM23 -> 37101.6 | GI23: =ROUND(GH23/G23,0) -> 951 | GJ23: 17 | GK23: 36862.2 | GL23: 215 | GM23: 24.4 | GP23: =ROUND((GK23+GL23)/GH23*100,1) -> 99.9 | GQ23: 37050.6 | GR23: 22187.3 | GT23: 196.9 | GY23: =ROUND(GH23/BY23,0) -> 457 | GZ23: 18 | HA23: =ROUND(GH23/DS23,0) -> 3261 | HB23: 10
A24: 15 | B24: Чаинский | C24: 15 | D24: =E24+F24 -> 17 | F24: 17 | G24: =H24+I24 -> 17 | I24: 17 | L24: =K24-J24 -> 0 | O24: =N24-M24 -> 0 | P24: =ROUND((J24+M24)/D24*100,1) -> 0 | Q24: =ROUND((K24+N24)/G24*100,1) -> 0 | R24: 1 | S24: 1 | V24: =U24-T24 -> 0 | Y24: =X24-W24 -> 0 | Z24: =ROUND((T24+W24)/R24*100,1) -> 0 | AA24: =ROUND((U24+X24)/S24*100,1) -> 0 | AB24: 3 | AC24: 3 | AD24: =AC24-AB24 -> 0 | AE24: 16 | AF24: 16 | AG24: =AF24-AE24 -> 0 | AH24: 16 | AI24: 16 | AJ24: =AI24-AH24 -> 0 | AK24: 16 | AL24: 16 | AM24: =AL24-AK24 -> 0 | AN24: 3 | AO24: 3 | AP24: =AO24-AN24 -> 0 | AR24: 15 | AS24: Чаинский | AT24: 15 | AU24: 16 | AV24: 16 | AW24: =AV24-AU24 -> 0 | AX24: 16 | AY24: 16 | AZ24: =AY24-AX24 -> 0 | BA24: =ROUND(AU24/D24*100,1) -> 94.1 | BB24: =ROUND(AV24/G24*100,1) -> 94.1 | BC24: 16 | BD24: 16 | BE24: =BD24-BC24 -> 0 | BF24: 2 | BG24: 1 | BH24: =BG24-BF24 -> -1 | BI24: 1 | BJ24: 1 | BK24: =BJ24-BI24 -> 0 | BL24: 45.632 | BM24: 48.394 | BN24: =BM24-BL24 -> 2.762 | BO24: 45.632 | BP24: 48.394 | BQ24: =BP24-BO24 -> 2.762 | BS24: 15 | BT24: Чаинский | BU24: 15 | BV24: =BW24+BX24 -> 11.5 | BX24: 11.5 | BY24: =BZ24+CA24 -> 11.4 | CA24: 11.4 | CB24: =ROUND(BV24/D24,2) -> 0.68 | CC24: 0 | CD24: =ROUND(BX24/F24,2) -> 0.68 | CE24: =ROUND(BY24/G24,2) -> 0.67 | CF24: 0 | CG24: =ROUND(CA24/I24,2) -> 0.67 | CH24: =CE24-CB24 -> -0.01 | CI24: =CF24-CC24 -> 0 | CJ24: =CG24-CD24 -> -0.01 | CL24: 15 | CM24: Чаинский | CN24: 15 | CO24: =CR24+CU24 -> 147.694 | CP24: =CS24+CV24 -> 140.602 | CQ24: =CP24-CO24 -> -7.092 | CT24: =CS24-CR24 -> 0 | CU24: 147.694 | CV24: 140.602 | CW24: =CV24-CU24 -> -7.092 | CX24: =DA24+DD24 -> 2.325 | CY24: =DB24+DE24 -> 2.267 | CZ24: =CY24-CX24 -> -0.058 | DC24: =DB24-DA24 -> 0 | DD24: 2.325 | DE24: 2.267 | DF24: =DE24-DD24 -> -0.058 | DG24: =ROUND(CX24*1000/BV24,0) -> 202 | DH24: =ROUND(CY24*1000/BY24,0) -> 199 | DI24: =DH24-DG24 -> -3 | DJ24: =ROUND(CO24/BV24,1) -> 12.8 | DK24: =ROUND(CP24/BY24,1) -> 12.3 | DL24: =DK24-DJ24 -> -0.5 | DM24: 3 | DO24: 15 | DP24: Чаинский | DQ24: 15 | DR24: 7.057 | DS24: 7.573 | DT24: =DS24-DR24 -> 0.516 | DU24: 6.96 | DV24: 7.483 | DW24: =DV24-DU24 -> 0.523 | DX24: =ROUND(DR24/BV24*100,1) -> 61.4 | DY24: =ROUND(DS24/BY24*100,1) -> 66.4 | DZ24: =DY24-DX24 -> 5 | EA24: 2 | EB24: 84.52 | EC24: 98.498 | ED24: =EC24-EB24 -> 13.978 | EE24: 5.832 | EF24: 11.171 | EG24: =EF24-EE24 -> 5.339 | EH24: 19.693 | EI24: 16.288 | EJ24: =EI24-EH24 -> -3.405 | EK24: =ROUND(CO24/DR24,1) -> 20.9 | EL24: =ROUND(CP24/DS24,1) -> 18.6 | EM24: =EL24-EK24 -> -2.3 | EN24: 899 | EO24: 1462 | EP24: =EO24-EN24 -> 563 | EQ24: 181.604 | ER24: 219.999 | ES24: =ER24-EQ24 -> 38.395 | ET24: =ROUND(EQ24/DR24,1) -> 25.7 | EU24: =ROUND(ER24/DS24,1) -> 29.1 | EV24: =EU24-ET24 -> 3.4 | EW24: =ROUND(EQ24/CO24,1) -> 1.2 | EX24: =ROUND(ER24/CP24,1) -> 1.6 | EY24: =EX24-EW24 -> 0.4 | EZ24: 11.572 | FA24: 16.77 | FB24: =FA24-EZ24 -> 5.198 | FC24: 0.003 | FD24: 0.035 | FE24: =FD24-FC24 -> 0.032 | FG24: 15 | FH24: Чаинский | FI24: 15 | FJ24: 30 | FK24: 29 | FL24: =FK24-FJ24 -> -1 | FM24: 27 | FN24: 27 | FO24: =FN24-FM24 -> 0 | FP24: 10 | FQ24: 11 | FR24: =FQ24-FP24 -> 1 | FS24: 15 | FT24: 16 | FU24: =FT24-FS24 -> 1 | FV24: =ROUND((FQ24+FT24)/FN24*100,1) -> 100 | FW24: 1 | FX24: =ROUND(DR24*1000/FM24,0) -> 261 | FY24: =ROUND(DS24*1000/FN24,0) -> 280 | FZ24: =FY24-FX24 -> 19 | GA24: =ROUND(EQ24/FM24,1) -> 6.7 | GB24: =ROUND(ER24/FN24,1) -> 8.1 | GC24: =GB24-GA24 -> 1.4 | GE24: 15 | GF24: Чаинский | GG24: 15 | GH24: =GK24+GL24+GM24 -> 25487.3 | GI24: =ROUND(GH24/G24,0) -> 1499 | GJ24: 13 | GK24: 15232.7 | GL24: 9040.6 | GM24: 1214 | GP24: =ROUND((GK24+GL24)/GH24*100,1) -> 95.2 | GQ24: 25201.8 | GR24: 21121.4 | GT24: 667.1 | GV24: 609.3 | GY24: =ROUND(GH24/BY24,0) -> 2236 | GZ24: 4 | HA24: =ROUND(GH24/DS24,0) -> 3366 | HB24: 9
A25: 16 | B25: Шегарский | C25: 16 | D25: =E25+F25 -> 16 | F25: 16 | G25: =H25+I25 -> 16 | I25: 16 | L25: =K25-J25 -> 0 | O25: =N25-M25 -> 0 | P25: =ROUND((J25+M25)/D25*100,1) -> 0 | Q25: =ROUND((K25+N25)/G25*100,1) -> 0 | R25: 1 | S25: 1 | V25: =U25-T25 -> 0 | Y25: =X25-W25 -> 0 | Z25: =ROUND((T25+W25)/R25*100,1) -> 0 | AA25: =ROUND((U25+X25)/S25*100,1) -> 0 | AB25: 6 | AC25: 7 | AD25: =AC25-AB25 -> 1 | AE25: 16 | AF25: 16 | AG25: =AF25-AE25 -> 0 | AH25: 16 | AI25: 16 | AJ25: =AI25-AH25 -> 0 | AK25: 15 | AL25: 15 | AM25: =AL25-AK25 -> 0 | AN25: 10 | AO25: 11 | AP25: =AO25-AN25 -> 1 | AR25: 16 | AS25: Шегарский | AT25: 16 | AU25: 15 | AV25: 15 | AW25: =AV25-AU25 -> 0 | AX25: 15 | AY25: 15 | AZ25: =AY25-AX25 -> 0 | BA25: =ROUND(AU25/D25*100,1) -> 93.8 | BB25: =ROUND(AV25/G25*100,1) -> 93.8 | BC25: 1 | BD25: 1 | BE25: =BD25-BC25 -> 0 | BF25: 1 | BG25: 1 | BH25: =BG25-BF25 -> 0 | BI25: 1 | BJ25: 1 | BK25: =BJ25-BI25 -> 0 | BL25: 10.922 | BM25: 11.67 | BN25: =BM25-BL25 -> 0.748 | BO25: 10.922 | BP25: 11.67 | BQ25: =BP25-BO25 -> 0.748 | BS25: 16 | BT25: Шегарский | BU25: 16 | BV25: =BW25+BX25 -> 18.9 | BX25: 18.9 | BY25: =BZ25+CA25 -> 19 | CA25: 19 | CB25: =ROUND(BV25/D25,2) -> 1.18 | CC25: 0 | CD25: =ROUND(BX25/F25,2) -> 1.18 | CE25: =ROUND(BY25/G25,2) -> 1.19 | CF25: 0 | CG25: =ROUND(CA25/I25,2) -> 1.19 | CH25: =CE25-CB25 -> 0.01 | CI25: =CF25-CC25 -> 0 | CJ25: =CG25-CD25 -> 0.01 | CL25: 16 | CM25: Шегарский | CN25: 16 | CO25: =CR25+CU25 -> 139.775 | CP25: =CS25+CV25 -> 142.901 | CQ25: =CP25-CO25 -> 3.126 | CT25: =CS25-CR25 -> 0 | CU25: 139.775 | CV25: 142.901 | CW25: =CV25-CU25 -> 3.126 | CX25: =DA25+DD25 -> 7.706 | CY25: =DB25+DE25 -> 3.126 | CZ25: =CY25-CX25 -> -4.58 | DC25: =DB25-DA25 -> 0 | DD25: 7.706 | DE25: 3.126 | DF25: =DE25-DD25 -> -4.58 | DG25: =ROUND(CX25*1000/BV25,0) -> 408 | DH25: =ROUND(CY25*1000/BY25,0) -> 165 | DI25: =DH25-DG25 -> -243 | DJ25: =ROUND(CO25/BV25,1) -> 7.4 | DK25: =ROUND(CP25/BY25,1) -> 7.5 | DL25: =DK25-DJ25 -> 0.1 | DM25: 13 | DO25: 16 | DP25: Шегарский | DQ25: 16 | DR25: 9.399 | DS25: 10.298 | DT25: =DS25-DR25 -> 0.899 | DU25: 7.902 | DV25: 8.806 | DW25: =DV25-DU25 -> 0.904 | DX25: =ROUND(DR25/BV25*100,1) -> 49.7 | DY25: =ROUND(DS25/BY25*100,1) -> 54.2 | DZ25: =DY25-DX25 -> 4.5 | EA25: 8 | EB25: 77.929 | EC25: 106.513 | ED25: =EC25-EB25 -> 28.584 | EE25: 17.055 | EF25: 17.088 | EG25: =EF25-EE25 -> 0.033 | EH25: 52.969 | EI25: 117.132 | EJ25: =EI25-EH25 -> 64.163 | EK25: =ROUND(CO25/DR25,1) -> 14.9 | EL25: =ROUND(CP25/DS25,1) -> 13.9 | EM25: =EL25-EK25 -> -1 | EN25: 1473 | EO25: 2211 | EP25: =EO25-EN25 -> 738 | EQ25: 203.877 | ER25: 241.682 | ES25: =ER25-EQ25 -> 37.805 | ET25: =ROUND(EQ25/DR25,1) -> 21.7 | EU25: =ROUND(ER25/DS25,1) -> 23.5 | EV25: =EU25-ET25 -> 1.8 | EW25: =ROUND(EQ25/CO25,1) -> 1.5 | EX25: =ROUND(ER25/CP25,1) -> 1.7 | EY25: =EX25-EW25 -> 0.2 | EZ25: 3.961 | FA25: 4.482 | FB25: =FA25-EZ25 -> 0.521 | FC25: 0.801 | FD25: 0.517 | FE25: =FD25-FC25 -> -0.284 | FG25: 16 | FH25: Шегарский | FI25: 16 | FJ25: 40 | FK25: 40 | FL25: =FK25-FJ25 -> 0 | FM25: 25 | FN25: 25 | FO25: =FN25-FM25 -> 0 | FP25: 10 | FQ25: 11 | FR25: =FQ25-FP25 -> 1 | FS25: 14 | FT25: 13 | FU25: =FT25-FS25 -> -1 | FV25: =ROUND((FQ25+FT25)/FN25*100,1) -> 96 | FW25: 3 | FX25: =ROUND(DR25*1000/FM25,0) -> 376 | FY25: =ROUND(DS25*1000/FN25,0) -> 412 | FZ25: =FY25-FX25 -> 36 | GA25: =ROUND(EQ25/FM25,1) -> 8.2 | GB25: =ROUND(ER25/FN25,1) -> 9.7 | GC25: =GB25-GA25 -> 1.5 | GE25: 16 | GF25: Шегарский | GG25: 16 | GH25: =GK25+GL25+GM25 -> 20506.4 | GI25: =ROUND(GH25/G25,0) -> 1282 | GJ25: 14 | GK25: 20168.6 | GL25: 167 | GM25: 170.8 | GN25: 160 | GP25: =ROUND((GK25+GL25)/GH25*100,1) -> 99.2 | GQ25: 19313.3 | GR25: 16387.9 | GT25: 57.6 | GV25: 335.9 | GW25: 82.7 | GY25: =ROUND(GH25/BY25,0) -> 1079 | GZ25: 15 | HA25: =ROUND(GH25/DS25,0) -> 1991 | HB25: 15
A26: 17 | B26: г.Кедровый | C26: 17 | D26: =E26+F26 -> 2 | E26: 1 | F26: 1 | G26: =H26+I26 -> 2 | H26: 1 | I26: 1 | L26: =K26-J26 -> 0 | O26: =N26-M26 -> 0 | P26: =ROUND((J26+M26)/D26*100,1) -> 0 | Q26: =ROUND((K26+N26)/G26*100,1) -> 0 | V26: =U26-T26 -> 0 | Y26: =X26-W26 -> 0 | Z26: 0 | AA26: 0 | AD26: =AC26-AB26 -> 0 | AE26: 2 | AF26: 2 | AG26: =AF26-AE26 -> 0 | AH26: 2 | AI26: 2 | AJ26: =AI26-AH26 -> 0 | AK26: 2 | AL26: 2 | AM26: =AL26-AK26 -> 0 | AP26: =AO26-AN26 -> 0 | AR26: 17 | AS26: г.Кедровый | AT26: 17 | AU26: 2 | AV26: 2 | AW26: =AV26-AU26 -> 0 | AX26: 2 | AY26: 2 | AZ26: =AY26-AX26 -> 0 | BA26: =ROUND(AU26/D26*100,1) -> 100 | BB26: =ROUND(AV26/G26*100,1) -> 100 | BC26: 2 | BD26: 2 | BE26: =BD26-BC26 -> 0 | BF26: 1 | BG26: 1 | BH26: =BG26-BF26 -> 0 | BI26: 1 | BJ26: 1 | BK26: =BJ26-BI26 -> 0 | BL26: 10.957 | BM26: 11.933 | BN26: =BM26-BL26 -> 0.976 | BO26: 10.957 | BP26: 11.933 | BQ26: =BP26-BO26 -> 0.976 | BS26: 17 | BT26: г.Кедровый | BU26: 17 | BV26: =BW26+BX26 -> 3 | BW26: 1.9 | BX26: 1.1 | BY26: =BZ26+CA26 -> 3 | BZ26: 1.9 | CA26: 1.1 | CB26: =ROUND(BV26/D26,2) -> 1.5 | CC26: =ROUND(BW26/E26,2) -> 1.9 | CD26: =ROUND(BX26/F26,2) -> 1.1 | CE26: =ROUND(BY26/G26,2) -> 1.5 | CF26: =ROUND(BZ26/H26,2) -> 1.9 | CG26: =ROUND(CA26/I26,2) -> 1.1 | CH26: =CE26-CB26 -> 0 | CI26: =CF26-CC26 -> 0 | CJ26: =CG26-CD26 -> 0 | CL26: 17 | CM26: г.Кедровый | CN26: 17 | CO26: =CR26+CU26 -> 26.315 | CP26: =CS26+CV26 -> 26.765 | CQ26: =CP26-CO26 -> 0.45 | CR26: 16 | CS26: 16.269 | CT26: =CS26-CR26 -> 0.269 | CU26: 10.315 | CV26: 10.496 | CW26: =CV26-CU26 -> 0.181 | CX26: =DA26+DD26 -> 0.126 | CY26: =DB26+DE26 -> 0.45 | CZ26: =CY26-CX26 -> 0.324 | DA26: 0.078 | DB26: 0.269 | DC26: =DB26-DA26 -> 0.191 | DD26: 0.048 | DE26: 0.181 | DF26: =DE26-DD26 -> 0.133 | DG26: =ROUND(CX26*1000/BV26,0) -> 42 | DH26: =ROUND(CY26*1000/BY26,0) -> 150 | DI26: =DH26-DG26 -> 108 | DJ26: =ROUND(CO26/BV26,1) -> 8.8 | DK26: =ROUND(CP26/BY26,1) -> 8.9 | DL26: =DK26-DJ26 -> 0.1 | DM26: 10 | DO26: 17 | DP26: г.Кедровый | DQ26: 17 | DR26: 1.127 | DS26: 1.145 | DT26: =DS26-DR26 -> 0.018 | DU26: 1.127 | DV26: 1.145 | DW26: =DV26-DU26 -> 0.018 | DX26: =ROUND(DR26/BV26*100,1) -> 37.6 | DY26: =ROUND(DS26/BY26*100,1) -> 38.2 | DZ26: =DY26-DX26 -> 0.6 | EA26: 12 | EB26: 7.037 | EC26: 7.534 | ED26: =EC26-EB26 -> 0.497 | EE26: 0.335 | EF26: 1.158 | EG26: =EF26-EE26 -> 0.823 | EH26: 0.632 | EI26: 3.13 | EJ26: =EI26-EH26 -> 2.498 | EK26: =ROUND(CO26/DR26,1) -> 23.3 | EL26: =ROUND(CP26/DS26,1) -> 23.4 | EM26: =EL26-EK26 -> 0.1 | EN26: 33 | EO26: 190 | EP26: =EO26-EN26 -> 157 | EQ26: 9.231 | ER26: 14.132 | ES26: =ER26-EQ26 -> 4.901 | ET26: =ROUND(EQ26/DR26,1) -> 8.2 | EU26: =ROUND(ER26/DS26,1) -> 12.3 | EV26: =EU26-ET26 -> 4.1 | EW26: =ROUND(EQ26/CO26,1) -> 0.4 | EX26: =ROUND(ER26/CP26,1) -> 0.5 | EY26: =EX26-EW26 -> 0.1 | EZ26: 1.56 | FA26: 2.77 | FB26: =FA26-EZ26 -> 1.21 | FE26: =FD26-FC26 -> 0 | FG26: 17 | FH26: г.Кедровый | FI26: 17 | FJ26: 7 | FK26: 7 | FL26: =FK26-FJ26 -> 0 | FM26: 5 | FN26: 5 | FO26: =FN26-FM26 -> 0 | FP26: 1 | FR26: =FQ26-FP26 -> -1 | FS26: 4 | FT26: 5 | FU26: =FT26-FS26 -> 1 | FV26: =ROUND((FQ26+FT26)/FN26*100,1) -> 100 | FW26: 1 | FX26: =ROUND(DR26*1000/FM26,0) -> 225 | FY26: =ROUND(DS26*1000/FN26,0) -> 229 | FZ26: =FY26-FX26 -> 4 | GA26: =ROUND(EQ26/FM26,1) -> 1.8 | GB26: =ROUND(ER26/FN26,1) -> 2.8 | GC26: =GB26-GA26 -> 1 | GE26: 17 | GF26: г.Кедровый | GG26: 17 | GH26: =GK26+GL26+GM26 -> 5607.6 | GI26: =ROUND(GH26/G26,0) -> 2804 | GJ26: 4 | GK26: 2915.2 | GL26: 2545.5 | GM26: 146.9 | GN26: 146.9 | GP26: =ROUND((GK26+GL26)/GH26*100,1) -> 97.4 | GQ26: 5581.6 | GR26: 4838.2 | GT26: 55.9 | GV26: 172.6 | GW26: 45 | GY26: =ROUND(GH26/BY26,0) -> 1869 | GZ26: 9 | HA26: =ROUND(GH26/DS26,0) -> 4897 | HB26: 7
A27: 18 | B27: г.Стрежевой | C27: 18 | D27: =E27+F27 -> 2 | E27: 2 | G27: =H27+I27 -> 2 | H27: 2 | L27: =K27-J27 -> 0 | M27: 1 | N27: 1 | O27: =N27-M27 -> 0 | P27: =ROUND((J27+M27)/D27*100,1) -> 50 | Q27: =ROUND((K27+N27)/G27*100,1) -> 50 | V27: =U27-T27 -> 0 | Y27: =X27-W27 -> 0 | Z27: 0 | AA27: 0 | AB27: 1 | AC27: 1 | AD27: =AC27-AB27 -> 0 | AE27: 2 | AF27: 2 | AG27: =AF27-AE27 -> 0 | AH27: 2 | AI27: 2 | AJ27: =AI27-AH27 -> 0 | AK27: 2 | AL27: 2 | AM27: =AL27-AK27 -> 0 | AN27: 11 | AO27: 11 | AP27: =AO27-AN27 -> 0 | AR27: 18 | AS27: г.Стрежевой | AT27: 18 | AU27: 2 | AV27: 2 | AW27: =AV27-AU27 -> 0 | AX27: 2 | AY27: 2 | AZ27: =AY27-AX27 -> 0 | BA27: =ROUND(AU27/D27*100,1) -> 100 | BB27: =ROUND(AV27/G27*100,1) -> 100 | BC27: 2 | BD27: 2 | BE27: =BD27-BC27 -> 0 | BF27: 1 | BG27: 1 | BH27: =BG27-BF27 -> 0 | BI27: 1 | BJ27: 1 | BK27: =BJ27-BI27 -> 0 | BL27: 65.102 | BM27: 67.009 | BN27: =BM27-BL27 -> 1.907 | BO27: 65.102 | BP27: 67.009 | BQ27: =BP27-BO27 -> 1.907 | BS27: 18 | BT27: г.Стрежевой | BU27: 18 | BV27: =BW27+BX27 -> 40.8 | BW27: 40.8 | BY27: =BZ27+CA27 -> 39.9 | BZ27: 39.9 | CB27: =ROUND(BV27/D27,2) -> 20.4 | CC27: =ROUND(BW27/E27,2) -> 20.4 | CD27: 0 | CE27: =ROUND(BY27/G27,2) -> 19.95 | CF27: =ROUND(BZ27/H27,2) -> 19.95 | CG27: 0 | CH27: =CE27-CB27 -> -0.45 | CI27: =CF27-CC27 -> -0.45 | CJ27: =CG27-CD27 -> 0 | CL27: 18 | CM27: г.Стрежевой | CN27: 18 | CO27: =CR27+CU27 -> 148.658 | CP27: =CS27+CV27 -> 148.635 | CQ27: =CP27-CO27 -> -0.023 | CR27: 148.658 | CS27: 148.635 | CT27: =CS27-CR27 -> -0.023 | CW27: =CV27-CU27 -> 0 | CX27: =DA27+DD27 -> 2.147 | CY27: =DB27+DE27 -> 2.574 | CZ27: =CY27-CX27 -> 0.427 | DA27: 2.147 | DB27: 2.574 | DC27: =DB27-DA27 -> 0.427 | DF27: =DE27-DD27 -> 0 | DG27: =ROUND(CX27*1000/BV27,0) -> 53 | DH27: =ROUND(CY27*1000/BY27,0) -> 65 | DI27: =DH27-DG27 -> 12 | DJ27: =ROUND(CO27/BV27,1) -> 3.6 | DK27: =ROUND(CP27/BY27,1) -> 3.7 | DL27: =DK27-DJ27 -> 0.1 | DM27: 17 | DO27: 18 | DP27: г.Стрежевой | DQ27: 18 | DR27: 6.196 | DS27: 7.104 | DT27: =DS27-DR27 -> 0.908 | DU27: 5.819 | DV27: 5.613 | DW27: =DV27-DU27 -> -0.206 | DX27: =ROUND(DR27/BV27*100,1) -> 15.2 | DY27: =ROUND(DS27/BY27*100,1) -> 17.8 | DZ27: =DY27-DX27 -> 2.6 | EA27: 18 | EB27: 39.787 | EC27: 45.956 | ED27: =EC27-EB27 -> 6.169 | EE27: 1.595 | EF27: 3.341 | EG27: =EF27-EE27 -> 1.746 | EH27: 11.024 | EI27: 11.221 | EJ27: =EI27-EH27 -> 0.197 | EK27: =ROUND(CO27/DR27,1) -> 24 | EL27: =ROUND(CP27/DS27,1) -> 20.9 | EM27: =EL27-EK27 -> -3.1 | EN27: 193 | EO27: 382 | EP27: =EO27-EN27 -> 189 | EQ27: 121.78 | ER27: 139.156 | ES27: =ER27-EQ27 -> 17.376 | ET27: =ROUND(EQ27/DR27,1) -> 19.7 | EU27: =ROUND(ER27/DS27,1) -> 19.6 | EV27: =EU27-ET27 -> -0.1 | EW27: =ROUND(EQ27/CO27,1) -> 0.8 | EX27: =ROUND(ER27/CP27,1) -> 0.9 | EY27: =EX27-EW27 -> 0.1 | EZ27: 21.434 | FA27: 24.948 | FB27: =FA27-EZ27 -> 3.514 | FE27: =FD27-FC27 -> 0 | FG27: 18 | FH27: г.Стрежевой | FI27: 18 | FJ27: 26 | FK27: 25 | FL27: =FK27-FJ27 -> -1 | FM27: 25 | FN27: 24 | FO27: =FN27-FM27 -> -1 | FP27: 13 | FQ27: 12 | FR27: =FQ27-FP27 -> -1 | FS27: 9 | FT27: 10 | FU27: =FT27-FS27 -> 1 | FV27: =ROUND((FQ27+FT27)/FN27*100,1) -> 91.7 | FW27: 7 | FX27: =ROUND(DR27*1000/FM27,0) -> 248 | FY27: =ROUND(DS27*1000/FN27,0) -> 296 | FZ27: =FY27-FX27 -> 48 | GA27: =ROUND(EQ27/FM27,1) -> 4.9 | GB27: =ROUND(ER27/FN27,1) -> 5.8 | GC27: =GB27-GA27 -> 0.9 | GE27: 18 | GF27: г.Стрежевой | GG27: 18 | GH27: =GK27+GL27+GM27 -> 0 | GI27: =ROUND(GH27/G27,0) -> 0 | GP27: 0 | GY27: =ROUND(GH27/BY27,0) -> 0 | HA27: =ROUND(GH27/DS27,0) -> 0
A28: 19 | B28: г.Томск | C28: 19 | D28: =E28+F28 -> 26 | E28: 26 | G28: =H28+I28 -> 26 | H28: 26 | J28: 12 | K28: 11 | L28: =K28-J28 -> -1 | O28: =N28-M28 -> 0 | P28: =ROUND((J28+M28)/D28*100,1) -> 46.2 | Q28: =ROUND((K28+N28)/G28*100,1) -> 42.3 | V28: =U28-T28 -> 0 | Y28: =X28-W28 -> 0 | Z28: 0 | AA28: 0 | AB28: 7 | AC28: 7 | AD28: =AC28-AB28 -> 0 | AE28: 26 | AF28: 26 | AG28: =AF28-AE28 -> 0 | AH28: 23 | AI28: 23 | AJ28: =AI28-AH28 -> 0 | AK28: 23 | AL28: 23 | AM28: =AL28-AK28 -> 0 | AN28: 16 | AO28: 20 | AP28: =AO28-AN28 -> 4 | AR28: 19 | AS28: г.Томск | AT28: 19 | AU28: 26 | AV28: 26 | AW28: =AV28-AU28 -> 0 | AX28: 26 | AY28: 26 | AZ28: =AY28-AX28 -> 0 | BA28: =ROUND(AU28/D28*100,1) -> 100 | BB28: =ROUND(AV28/G28*100,1) -> 100 | BC28: 3 | BD28: 3 | BE28: =BD28-BC28 -> 0 | BF28: 1 | BG28: 1 | BH28: =BG28-BF28 -> 0 | BI28: 1 | BJ28: 1 | BK28: =BJ28-BI28 -> 0 | BL28: 374.752 | BM28: 383.452 | BN28: =BM28-BL28 -> 8.7 | BO28: 374.752 | BP28: 383.452 | BQ28: =BP28-BO28 -> 8.7 | BS28: 19 | BT28: г.Томск | BU28: 19 | BV28: =BW28+BX28 -> 597.8 | BW28: 597.8 | BY28: =BZ28+CA28 -> 589.7 | BZ28: 589.7 | CB28: =ROUND(BV28/D28,2) -> 22.99 | CC28: =ROUND(BW28/E28,2) -> 22.99 | CD28: 0 | CE28: =ROUND(BY28/G28,2) -> 22.68 | CF28: =ROUND(BZ28/H28,2) -> 22.68 | CG28: 0 | CH28: =CE28-CB28 -> -0.31 | CI28: =CF28-CC28 -> -0.31 | CJ28: =CG28-CD28 -> 0 | CL28: 19 | CM28: г.Томск | CN28: 19 | CO28: =CR28+CU28 -> 419.525 | CP28: =CS28+CV28 -> 418.902 | CQ28: =CP28-CO28 -> -0.623 | CR28: 419.525 | CS28: 418.902 | CT28: =CS28-CR28 -> -0.623 | CW28: =CV28-CU28 -> 0 | CX28: =DA28+DD28 -> 18.448 | CY28: =DB28+DE28 -> 17.116 | CZ28: =CY28-CX28 -> -1.332 | DA28: 18.448 | DB28: 17.116 | DC28: =DB28-DA28 -> -1.332 | DF28: =DE28-DD28 -> 0 | DG28: =ROUND(CX28*1000/BV28,0) -> 31 | DH28: =ROUND(CY28*1000/BY28,0) -> 29 | DI28: =DH28-DG28 -> -2 | DJ28: =ROUND(CO28/BV28,1) -> 0.7 | DK28: =ROUND(CP28/BY28,1) -> 0.7 | DL28: =DK28-DJ28 -> 0 | DM28: 20 | DO28: 19 | DP28: г.Томск | DQ28: 19 | DR28: 43.669 | DS28: 64.777 | DT28: =DS28-DR28 -> 21.108 | DU28: 40.163 | DV28: 60.528 | DW28: =DV28-DU28 -> 20.365 | DX28: =ROUND(DR28/BV28*100,1) -> 7.3 | DY28: =ROUND(DS28/BY28*100,1) -> 11 | DZ28: =DY28-DX28 -> 3.7 | EA28: 20 | EB28: 285.567 | EC28: 530.958 | ED28: =EC28-EB28 -> 245.391 | EE28: 21.336 | EF28: 46.811 | EG28: =EF28-EE28 -> 25.475 | EH28: 133.371 | EI28: 192.594 | EJ28: =EI28-EH28 -> 59.223 | EK28: =ROUND(CO28/DR28,1) -> 9.6 | EL28: =ROUND(CP28/DS28,1) -> 6.5 | EM28: =EL28-EK28 -> -3.1 | EN28: 1116 | EO28: 2503 | EP28: =EO28-EN28 -> 1387 | EQ28: 573.135 | ER28: 1057.924 | ES28: =ER28-EQ28 -> 484.789 | ET28: =ROUND(EQ28/DR28,1) -> 13.1 | EU28: =ROUND(ER28/DS28,1) -> 16.3 | EV28: =EU28-ET28 -> 3.2 | EW28: =ROUND(EQ28/CO28,1) -> 1.4 | EX28: =ROUND(ER28/CP28,1) -> 2.5 | EY28: =EX28-EW28 -> 1.1 | EZ28: 62.868 | FA28: 83.741 | FB28: =FA28-EZ28 -> 20.873 | FC28: 0.923 | FD28: 11.91 | FE28: =FD28-FC28 -> 10.987 | FG28: 19 | FH28: г.Томск | FI28: 19 | FJ28: 249 | FK28: 264 | FL28: =FK28-FJ28 -> 15 | FM28: 132 | FN28: 134 | FO28: =FN28-FM28 -> 2 | FP28: 105 | FQ28: 105 | FR28: =FQ28-FP28 -> 0 | FS28: 19 | FT28: 22 | FU28: =FT28-FS28 -> 3 | FV28: =ROUND((FQ28+FT28)/FN28*100,1) -> 94.8 | FW28: 5 | FX28: =ROUND(DR28*1000/FM28,0) -> 331 | FY28: =ROUND(DS28*1000/FN28,0) -> 483 | FZ28: =FY28-FX28 -> 152 | GA28: =ROUND(EQ28/FM28,1) -> 4.3 | GB28: =ROUND(ER28/FN28,1) -> 7.9 | GC28: =GB28-GA28 -> 3.6 | GE28: 19 | GF28: г.Томск | GG28: 19 | GH28: =GK28+GL28+GM28 -> 118777.7 | GI28: =ROUND(GH28/G28,0) -> 4568 | GJ28: 2 | GK28: 117885.5 | GM28: 892.2 | GN28: 150 | GO28: 271.7 | GP28: =ROUND((GK28+GL28)/GH28*100,1) -> 99.2 | GQ28: 118722 | GR28: 98191.5 | GT28: 3029.9 | GV28: 4085.4 | GW28: 187 | GY28: =ROUND(GH28/BY28,0) -> 201 | GZ28: 19 | HA28: =ROUND(GH28/DS28,0) -> 1834 | HB28: 18
A29: 20 | B29: ЗАТО Северск | C29: 20 | D29: =E29+F29 -> 8 | E29: 7 | F29: 1 | G29: =H29+I29 -> 8 | H29: 7 | I29: 1 | J29: 1 | K29: 1 | L29: =K29-J29 -> 0 | O29: =N29-M29 -> 0 | P29: =ROUND((J29+M29)/D29*100,1) -> 12.5 | Q29: =ROUND((K29+N29)/G29*100,1) -> 12.5 | R29: 4 | S29: 4 | T29: 1 | U29: 1 | V29: =U29-T29 -> 0 | Y29: =X29-W29 -> 0 | Z29: =ROUND((T29+W29)/R29*100,1) -> 25 | AA29: =ROUND((U29+X29)/S29*100,1) -> 25 | AD29: =AC29-AB29 -> 0 | AE29: 8 | AF29: 8 | AG29: =AF29-AE29 -> 0 | AH29: 8 | AI29: 8 | AJ29: =AI29-AH29 -> 0 | AK29: 8 | AL29: 8 | AM29: =AL29-AK29 -> 0 | AP29: =AO29-AN29 -> 0 | AR29: 20 | AS29: ЗАТО Северск | AT29: 20 | AU29: 8 | AV29: 8 | AW29: =AV29-AU29 -> 0 | AX29: 8 | AY29: 8 | AZ29: =AY29-AX29 -> 0 | BA29: =ROUND(AU29/D29*100,1) -> 100 | BB29: =ROUND(AV29/G29*100,1) -> 100 | BC29: 5 | BD29: 5 | BE29: =BD29-BC29 -> 0 | BF29: 2 | BG29: 2 | BH29: =BG29-BF29 -> 0 | BI29: 2 | BJ29: 2 | BK29: =BJ29-BI29 -> 0 | BL29: 382.084 | BM29: 394.587 | BN29: =BM29-BL29 -> 12.503 | BO29: 382.084 | BP29: 394.587 | BQ29: =BP29-BO29 -> 12.503 | BS29: 20 | BT29: ЗАТО Северск | BU29: 20 | BV29: =BW29+BX29 -> 112.8 | BW29: 106.5 | BX29: 6.3 | BY29: =BZ29+CA29 -> 112.2 | BZ29: 105.9 | CA29: 6.3 | CB29: =ROUND(BV29/D29,2) -> 14.1 | CC29: =ROUND(BW29/E29,2) -> 15.21 | CD29: =ROUND(BX29/F29,2) -> 6.3 | CE29: =ROUND(BY29/G29,2) -> 14.03 | CF29: =ROUND(BZ29/H29,2) -> 15.13 | CG29: =ROUND(CA29/I29,2) -> 6.3 | CH29: =CE29-CB29 -> -0.07 | CI29: =CF29-CC29 -> -0.08 | CJ29: =CG29-CD29 -> 0 | CL29: 20 | CM29: ЗАТО Северск | CN29: 20 | CO29: =CR29+CU29 -> 370.786 | CP29: =CS29+CV29 -> 370.672 | CQ29: =CP29-CO29 -> -0.114 | CR29: 359.166 | CS29: 361.127 | CT29: =CS29-CR29 -> 1.961 | CU29: 11.62 | CV29: 9.545 | CW29: =CV29-CU29 -> -2.075 | CX29: =DA29+DD29 -> 5.468 | CY29: =DB29+DE29 -> 7.384 | CZ29: =CY29-CX29 -> 1.916 | DA29: 4.925 | DB29: 7.281 | DC29: =DB29-DA29 -> 2.356 | DD29: 0.543 | DE29: 0.103 | DF29: =DE29-DD29 -> -0.44 | DG29: =ROUND(CX29*1000/BV29,0) -> 48 | DH29: =ROUND(CY29*1000/BY29,0) -> 66 | DI29: =DH29-DG29 -> 18 | DJ29: =ROUND(CO29/BV29,1) -> 3.3 | DK29: =ROUND(CP29/BY29,1) -> 3.3 | DL29: =DK29-DJ29 -> 0 | DM29: 19 | DO29: 20 | DP29: ЗАТО Северск | DQ29: 20 | DR29: 31.237 | DS29: 41.83 | DT29: =DS29-DR29 -> 10.593 | DU29: 31.237 | DV29: 41.83 | DW29: =DV29-DU29 -> 10.593 | DX29: =ROUND(DR29/BV29*100,1) -> 27.7 | DY29: =ROUND(DS29/BY29*100,1) -> 37.3 | DZ29: =DY29-DX29 -> 9.6 | EA29: 14 | EB29: 161.387 | EC29: 255.958 | ED29: =EC29-EB29 -> 94.571 | EE29: 37.508 | EF29: 83.638 | EG29: =EF29-EE29 -> 46.13 | EH29: 120.886 | EI29: 105.339 | EJ29: =EI29-EH29 -> -15.547 | EK29: =ROUND(CO29/DR29,1) -> 11.9 | EL29: =ROUND(CP29/DS29,1) -> 8.9 | EM29: =EL29-EK29 -> -3 | EN29: 2449 | EO29: 5752 | EP29: =EO29-EN29 -> 3303 | EQ29: 493.836 | ER29: 722.095 | ES29: =ER29-EQ29 -> 228.259 | ET29: =ROUND(EQ29/DR29,1) -> 15.8 | EU29: =ROUND(ER29/DS29,1) -> 17.3 | EV29: =EU29-ET29 -> 1.5 | EW29: =ROUND(EQ29/CO29,1) -> 1.3 | EX29: =ROUND(ER29/CP29,1) -> 1.9 | EY29: =EX29-EW29 -> 0.6 | EZ29: 31.687 | FA29: 49.927 | FB29: =FA29-EZ29 -> 18.24 | FC29: 9.1 | FD29: 4.645 | FE29: =FD29-FC29 -> -4.455 | FG29: 20 | FH29: ЗАТО Северск | FI29: 20 | FJ29: 126 | FK29: 118 | FL29: =FK29-FJ29 -> -8 | FM29: 75 | FN29: 71 | FO29: =FN29-FM29 -> -4 | FP29: 56 | FQ29: 56 | FR29: =FQ29-FP29 -> 0 | FS29: 18 | FT29: 15 | FU29: =FT29-FS29 -> -3 | FV29: =ROUND((FQ29+FT29)/FN29*100,1) -> 100 | FW29: 1 | FX29: =ROUND(DR29*1000/FM29,0) -> 416 | FY29: =ROUND(DS29*1000/FN29,0) -> 589 | FZ29: =FY29-FX29 -> 173 | GA29: =ROUND(EQ29/FM29,1) -> 6.6 | GB29: =ROUND(ER29/FN29,1) -> 10.2 | GC29: =GB29-GA29 -> 3.6 | GE29: 20 | GF29: ЗАТО Северск | GG29: 20 | GH29: =GK29+GL29+GM29 -> 77706 | GI29: =ROUND(GH29/G29,0) -> 9713 | GJ29: 1 | GK29: 71866.6 | GL29: 5241.9 | GM29: 597.5 | GN29: 482.5 | GP29: =ROUND((GK29+GL29)/GH29*100,1) -> 99.2 | GQ29: 77970.7 | GR29: 64530.5 | GT29: 3824.5 | GV29: 1674.8 | GW29: 206.6 | GX29: 33.4 | GY29: =ROUND(GH29/BY29,0) -> 693 | GZ29: 17 | HA29: =ROUND(GH29/DS29,0) -> 1858 | HB29: 17
B30: Итого МУ: | C30: 21 | D30: =SUM(D10:D29) -> 319 | E30: =SUM(E10:E29) -> 49 | F30: =SUM(F10:F29) -> 269 | G30: =SUM(G10:G29) -> 319 | H30: =SUM(H10:H29) -> 49 | I30: =SUM(I10:I29) -> 270 | J30: =SUM(J10:J29) -> 18 | K30: =SUM(K10:K29) -> 15 | L30: =K30-J30 -> -3 | M30: =SUM(M10:M29) -> 1 | N30: =SUM(N10:N29) -> 1 | O30: =N30-M30 -> 0 | P30: =ROUND((J30+M30)/D30*100,1) -> 6 | Q30: =ROUND((K30+N30)/G30*100,1) -> 5 | R30: =SUM(R10:R29) -> 15 | S30: =SUM(S10:S29) -> 15 | T30: =SUM(T10:T29) -> 2 | U30: =SUM(U10:U29) -> 1 | V30: =U30-T30 -> -1 | W30: =SUM(W10:W29) -> 0 | X30: =SUM(X10:X29) -> 0 | Y30: =X30-W30 -> 0 | Z30: =ROUND((T30+W30)/R30*100,1) -> 13.3 | AA30: =ROUND((U30+X30)/S30*100,1) -> 6.7 | AB30: =SUM(AB10:AB29) -> 77 | AC30: =SUM(AC10:AC29) -> 75 | AD30: =AC30-AB30 -> -2 | AE30: =SUM(AE10:AE29) -> 312 | AF30: =SUM(AF10:AF29) -> 311 | AG30: =AF30-AE30 -> -1 | AH30: =SUM(AH10:AH29) -> 235 | AI30: =SUM(AI10:AI29) -> 243 | AJ30: =AI30-AH30 -> 8 | AK30: =SUM(AK10:AK29) -> 219 | AL30: =SUM(AL10:AL29) -> 230 | AM30: =AL30-AK30 -> 11 | AN30: =SUM(AN10:AN29) -> 224 | AO30: =SUM(AO10:AO29) -> 226 | AP30: =AO30-AN30 -> 2 | AS30: Итого МУ: | AT30: 21 | AU30: =SUM(AU10:AU29) -> 275 | AV30: =SUM(AV10:AV29) -> 280 | AW30: =AV30-AU30 -> 5 | AX30: =SUM(AX10:AX29) -> 241 | AY30: =SUM(AY10:AY29) -> 250 | AZ30: =AY30-AX30 -> 9 | BA30: =ROUND(AU30/D30*100,1) -> 86.2 | BB30: =ROUND(AV30/G30*100,1) -> 87.8 | BC30: =SUM(BC10:BC29) -> 170 | BD30: =SUM(BD10:BD29) -> 176 | BE30: =BD30-BC30 -> 6 | BF30: =SUM(BF10:BF29) -> 23 | BG30: =SUM(BG10:BG29) -> 22 | BH30: =BG30-BF30 -> -1 | BI30: =SUM(BI10:BI29) -> 19 | BJ30: =SUM(BJ10:BJ29) -> 21 | BK30: =BJ30-BI30 -> 2 | BL30: =SUM(BL10:BL29) -> 1461.723 | BM30: =SUM(BM10:BM29) -> 1529.311 | BN30: =BM30-BL30 -> 67.588 | BO30: =SUM(BO10:BO29) -> 1389.644 | BP30: =SUM(BP10:BP29) -> 1492.704 | BQ30: =BP30-BO30 -> 103.06 | BT30: Итого: | BU30: 21 | BV30: =SUM(BV10:BV29) -> 1079.3 | BW30: =SUM(BW10:BW29) -> 802.7 | BX30: =SUM(BX10:BX29) -> 276.6 | BY30: =SUM(BY10:BY29) -> 1070.3 | BZ30: =SUM(BZ10:BZ29) -> 792.7 | CA30: =SUM(CA10:CA29) -> 277.6 | CB30: =ROUND(BV30/D30,2) -> 3.38 | CC30: =ROUND(BW30/E30,2) -> 16.38 | CD30: =ROUND(BX30/F30,2) -> 1.03 | CE30: =ROUND(BY30/G30,2) -> 3.36 | CF30: =ROUND(BZ30/H30,2) -> 16.18 | CG30: =ROUND(CA30/I30,2) -> 1.03 | CH30: =CE30-CB30 -> -0.02 | CI30: =CF30-CC30 -> -0.2 | CJ30: =CG30-CD30 -> 0 | CM30: Итого МУ: | CN30: 21 | CO30: =SUM(CO10:CO29) -> 3453.57 | CP30: =SUM(CP10:CP29) -> 3448.417 | CQ30: =CP30-CO30 -> -5.153 | CR30: =SUM(CR10:CR29) -> 1235.212 | CS30: =SUM(CS10:CS29) -> 1226.053 | CT30: =CS30-CR30 -> -9.159 | CU30: =SUM(CU10:CU29) -> 2208.287 | CV30: =SUM(CV10:CV29) -> 2222.364 | CW30: =CV30-CU30 -> 14.077 | CX30: =SUM(CX10:CX29) -> 72.873 | CY30: =SUM(CY10:CY29) -> 91.453 | CZ30: =CY30-CX30 -> 18.58 | DA30: =SUM(DA10:DA29) -> 32.11 | DB30: =SUM(DB10:DB29) -> 38.175 | DC30: =DB30-DA30 -> 6.065 | DD30: =SUM(DD10:DD29) -> 40.399 | DE30: =SUM(DE10:DE29) -> 53.278 | DF30: =DE30-DD30 -> 12.879 | DG30: =ROUND(CX30*1000/BV30,0) -> 68 | DH30: =ROUND(CY30*1000/BY30,0) -> 85 | DI30: =DH30-DG30 -> 17 | DJ30: =ROUND(CO30/BV30,1) -> 3.2 | DK30: =ROUND(CP30/BY30,1) -> 3.2 | DL30: =DK30-DJ30 -> 0 | DP30: Итого МУ: | DQ30: 21 | DR30: =SUM(DR10:DR29) -> 207.9 | DS30: =SUM(DS10:DS29) -> 246.257 | DT30: =DS30-DR30 -> 38.357 | DU30: =SUM(DU10:DU29) -> 191.285 | DV30: =SUM(DV10:DV29) -> 232.541 | DW30: =DV30-DU30 -> 41.256 | DX30: =ROUND(DR30/BV30*100,1) -> 19.3 | DY30: =ROUND(DS30/BY30*100,1) -> 23 | DZ30: =DY30-DX30 -> 3.7 | EB30: =SUM(EB10:EB29) -> 1586.365 | EC30: =SUM(EC10:EC29) -> 2383.497 | ED30: =EC30-EB30 -> 797.132 | EE30: =SUM(EE10:EE29) -> 258.354 | EF30: =SUM(EF10:EF29) -> 451.388 | EG30: =EF30-EE30 -> 193.034 | EH30: =SUM(EH10:EH29) -> 746.012 | EI30: =SUM(EI10:EI29) -> 750.713 | EJ30: =EI30-EH30 -> 4.701 | EK30: =ROUND(CO30/DR30,1) -> 16.6 | EL30: =ROUND(CP30/DS30,1) -> 14 | EM30: =EL30-EK30 -> -2.6 | EN30: =SUM(EN10:EN29) -> 24348 | EO30: =SUM(EO10:EO29) -> 34866 | EP30: =EO30-EN30 -> 10518 | EQ30: =SUM(EQ10:EQ29) -> 3729.442 | ER30: =SUM(ER10:ER29) -> 5186.401 | ES30: =ER30-EQ30 -> 1456.959 | ET30: =ROUND(EQ30/DR30,1) -> 17.9 | EU30: =ROUND(ER30/DS30,1) -> 21.1 | EV30: =EU30-ET30 -> 3.2 | EW30: =ROUND(EQ30/CO30,1) -> 1.1 | EX30: =ROUND(ER30/CP30,1) -> 1.5 | EY30: =EX30-EW30 -> 0.4 | EZ30: =SUM(EZ10:EZ29) -> 265.528 | FA30: =SUM(FA10:FA29) -> 336.54 | FB30: =FA30-EZ30 -> 71.012 | FC30: =SUM(FC10:FC29) -> 13.83 | FD30: =SUM(FD10:FD29) -> 28.511 | FE30: =FD30-FC30 -> 14.681 | FH30: Итого МУ: | FI30: 21 | FJ30: =SUM(FJ10:FJ29) -> 1020 | FK30: =SUM(FK10:FK29) -> 1027 | FL30: =FK30-FJ30 -> 7 | FM30: =SUM(FM10:FM29) -> 715 | FN30: =SUM(FN10:FN29) -> 709 | FO30: =FN30-FM30 -> -6 | FP30: =SUM(FP10:FP29) -> 356 | FQ30: =SUM(FQ10:FQ29) -> 364 | FR30: =FQ30-FP30 -> 8 | FS30: =SUM(FS10:FS29) -> 311 | FT30: =SUM(FT10:FT29) -> 313 | FU30: =FT30-FS30 -> 2 | FV30: =ROUND((FQ30+FT30)/FN30*100,1) -> 95.5 | FX30: =ROUND(DR30*1000/FM30,0) -> 291 | FY30: =ROUND(DS30*1000/FN30,0) -> 347 | FZ30: =FY30-FX30 -> 56 | GA30: =ROUND(EQ30/FM30,1) -> 5.2 | GB30: =ROUND(ER30/FN30,1) -> 7.3 | GC30: =GB30-GA30 -> 2.1 | GF30: Итого МУ: | GG30: 21 | GH30: =SUM(GH10:GH29) -> 677178.8 | GI30: =ROUND(GH30/G30,0) -> 2123 | GK30: =SUM(GK10:GK29) -> 599006.9 | GL30: =SUM(GL10:GL29) -> 73081.9 | GM30: =SUM(GM10:GM29) -> 5090 | GN30: =SUM(GN10:GN29) -> 1226 | GO30: =SUM(GO10:GO29) -> 276.2 | GP30: =ROUND((GK30+GL30)/GH30*100,1) -> 99.2 | GQ30: =SUM(GQ10:GQ29) -> 674933.5 | GR30: =SUM(GR10:GR29) -> 478419.3 | GS30: =SUM(GS10:GS29) -> 15581.9 | GT30: =SUM(GT10:GT29) -> 47232.6 | GU30: =SUM(GU10:GU29) -> 291.8 | GV30: =SUM(GV10:GV29) -> 19594.1 | GW30: =SUM(GW10:GW29) -> 1138.6 | GX30: =SUM(GX10:GX29) -> 3717.7 | GY30: =ROUND(GH30/BY30,0) -> 633 | HA30: =ROUND(GH30/DS30,0) -> 2750
A31: 21 | B31: ТОДЮБ | C31: 22 | D31: =E31+F31 -> 1 | E31: 1 | G31: =H31+I31 -> 1 | H31: 1 | J31: 1 | K31: 1 | L31: =K31-J31 -> 0 | O31: =N31-M31 -> 0 | P31: =ROUND((J31+M31)/D31*100,1) -> 100 | Q31: =ROUND((K31+N31)/G31*100,1) -> 100 | R31: 1 | S31: 1 | T31: 1 | U31: 1 | V31: =U31-T31 -> 0 | Y31: =X31-W31 -> 0 | Z31: =ROUND((T31+W31)/R31*100,1) -> 100 | AA31: =ROUND((U31+X31)/S31*100,1) -> 100 | AB31: 1 | AC31: 1 | AD31: =AC31-AB31 -> 0 | AE31: 1 | AF31: 1 | AG31: =AF31-AE31 -> 0 | AH31: 1 | AI31: 1 | AJ31: =AI31-AH31 -> 0 | AK31: 1 | AL31: 1 | AM31: =AL31-AK31 -> 0 | AN31: 6 | AO31: 6 | AP31: =AO31-AN31 -> 0 | AR31: 21 | AS31: ТОДЮБ | AT31: 22 | AU31: 1 | AV31: 1 | AW31: =AV31-AU31 -> 0 | AX31: 1 | AY31: 1 | AZ31: =AY31-AX31 -> 0 | BA31: =ROUND(AU31/D31*100,1) -> 100 | BB31: =ROUND(AV31/G31*100,1) -> 100 | BC31: 1 | BD31: 1 | BE31: =BD31-BC31 -> 0 | BF31: 1 | BG31: 1 | BH31: =BG31-BF31 -> 0 | BI31: 1 | BJ31: 1 | BK31: =BJ31-BI31 -> 0 | BL31: 432.432 | BM31: 457.36 | BN31: =BM31-BL31 -> 24.928 | BO31: 431.509 | BP31: 456.431 | BQ31: =BP31-BO31 -> 24.922 | CL31: 21 | CM31: ТОДЮБ | CN31: 22 | CO31: =CR31+CU31 -> 242.643 | CP31: =CS31+CV31 -> 243.658 | CQ31: =CP31-CO31 -> 1.015 | CR31: 242.643 | CS31: 243.658 | CT31: =CS31-CR31 -> 1.015 | CW31: =CV31-CU31 -> 0 | CX31: =DA31+DD31 -> 5.386 | CY31: =DB31+DE31 -> 4.22 | CZ31: =CY31-CX31 -> -1.166 | DA31: 5.386 | DB31: 4.22 | DC31: =DB31-DA31 -> -1.166 | DF31: =DE31-DD31 -> 0 | DO31: 21 | DP31: ТОДЮБ | DQ31: 22 | DR31: 25.662 | DS31: 26.478 | DT31: =DS31-DR31 -> 0.816 | DU31: 24.922 | DV31: 25.568 | DW31: =DV31-DU31 -> 0.646 | EB31: 139.718 | EC31: 211.988 | ED31: =EC31-EB31 -> 72.27 | EE31: 14.229 | EF31: 17.223 | EG31: =EF31-EE31 -> 2.994 | EH31: 213.339 | EI31: 187.843 | EJ31: =EI31-EH31 -> -25.496 | EK31: =ROUND(CO31/DR31,1) -> 9.5 | EL31: =ROUND(CP31/DS31,1) -> 9.2 | EM31: =EL31-EK31 -> -0.3 | EN31: 654 | EO31: 947 | EP31: =EO31-EN31 -> 293 | EQ31: 403.501 | ER31: 583.999 | ES31: =ER31-EQ31 -> 180.498 | ET31: =ROUND(EQ31/DR31,1) -> 15.7 | EU31: =ROUND(ER31/DS31,1) -> 22.1 | EV31: =EU31-ET31 -> 6.4 | EW31: =ROUND(EQ31/CO31,1) -> 1.7 | EX31: =ROUND(ER31/CP31,1) -> 2.4 | EY31: =EX31-EW31 -> 0.7 | EZ31: 11.016 | FA31: 10.143 | FB31: =FA31-EZ31 -> -0.873 | FC31: 0.063 | FD31: 0.048 | FE31: =FD31-FC31 -> -0.015 | FG31: 21 | FH31: ТОДЮБ | FI31: 22 | FJ31: 84 | FK31: 76 | FL31: =FK31-FJ31 -> -8 | FM31: 37 | FN31: 37 | FO31: =FN31-FM31 -> 0 | FP31: 30 | FQ31: 30 | FR31: =FQ31-FP31 -> 0 | FS31: 7 | FT31: 7 | FU31: =FT31-FS31 -> 0 | FV31: =ROUND((FQ31+FT31)/FN31*100,1) -> 100 | FX31: =ROUND(DR31*1000/FM31,0) -> 694 | FY31: =ROUND(DS31*1000/FN31,0) -> 716 | FZ31: =FY31-FX31 -> 22 | GA31: =ROUND(EQ31/FM31,1) -> 10.9 | GB31: =ROUND(ER31/FN31,1) -> 15.8 | GC31: =GB31-GA31 -> 4.9 | GE31: 21 | GF31: ТОДЮБ | GG31: 22 | GH31: =GK31+GL31+GM31 -> 34390.4 | GI31: =ROUND(GH31/G31,0) -> 34390 | GK31: 33730.4 | GM31: 660 | GN31: 314.7 | GO31: 52.6 | GP31: =ROUND((GK31+GL31)/GH31*100,1) -> 98.1 | GQ31: 34388.2 | GR31: 30386 | GT31: 359.8 | GV31: 1162.4 | GW31: 677 | GX31: 196.6 | HA31: =ROUND(GH31/DS31,0) -> 1299
A32: 22 | B32: ТОУНБ им.А.С.Пушкина | C32: 23 | D32: =E32+F32 -> 1 | E32: 1 | G32: =H32+I32 -> 1 | H32: 1 | L32: =K32-J32 -> 0 | O32: =N32-M32 -> 0 | P32: =ROUND((J32+M32)/D32*100,1) -> 0 | Q32: =ROUND((K32+N32)/G32*100,1) -> 0 | V32: =U32-T32 -> 0 | Y32: =X32-W32 -> 0 | Z32: 0 | AA32: 0 | AB32: 1 | AC32: 1 | AD32: =AC32-AB32 -> 0 | AE32: 1 | AF32: 1 | AG32: =AF32-AE32 -> 0 | AH32: 1 | AI32: 1 | AJ32: =AI32-AH32 -> 0 | AK32: 1 | AL32: 1 | AM32: =AL32-AK32 -> 0 | AN32: 16 | AO32: 16 | AP32: =AO32-AN32 -> 0 | AR32: 22 | AS32: ТОУНБ им.А.С.Пушкина | AT32: 23 | AU32: 1 | AV32: 1 | AW32: =AV32-AU32 -> 0 | AX32: 1 | AY32: 1 | AZ32: =AY32-AX32 -> 0 | BA32: =ROUND(AU32/D32*100,1) -> 100 | BB32: =ROUND(AV32/G32*100,1) -> 100 | BC32: 1 | BD32: 1 | BE32: =BD32-BC32 -> 0 | BF32: 1 | BG32: 1 | BH32: =BG32-BF32 -> 0 | BI32: 1 | BJ32: 1 | BK32: =BJ32-BI32 -> 0 | BL32: 1794.989 | BM32: 1907.817 | BN32: =BM32-BL32 -> 112.828 | BO32: 1794.989 | BP32: 1895.167 | BQ32: =BP32-BO32 -> 100.178 | CL32: 22 | CM32: ТОУНБ им.А.С.Пушкина | CN32: 23 | CO32: =CR32+CU32 -> 1200.64 | CP32: =CS32+CV32 -> 1208.931 | CQ32: =CP32-CO32 -> 8.291 | CR32: 1200.64 | CS32: 1208.931 | CT32: =CS32-CR32 -> 8.291 | CW32: =CV32-CU32 -> 0 | CX32: =DA32+DD32 -> 22.272 | CY32: =DB32+DE32 -> 17.37 | CZ32: =CY32-CX32 -> -4.902 | DA32: 22.272 | DB32: 17.37 | DC32: =DB32-DA32 -> -4.902 | DF32: =DE32-DD32 -> 0 | DO32: 22 | DP32: ТОУНБ им.А.С.Пушкина | DQ32: 23 | DR32: 16.671 | DS32: 27.628 | DT32: =DS32-DR32 -> 10.957 | DU32: 14.228 | DV32: 25.44 | DW32: =DV32-DU32 -> 11.212 | EB32: 87.784 | EC32: 193.466 | ED32: =EC32-EB32 -> 105.682 | EE32: 15.657 | EF32: 52.856 | EG32: =EF32-EE32 -> 37.199 | EH32: 489.28 | EI32: 477.723 | EJ32: =EI32-EH32 -> -11.557 | EK32: =ROUND(CO32/DR32,1) -> 72 | EL32: =ROUND(CP32/DS32,1) -> 43.8 | EM32: =EL32-EK32 -> -28.2 | EN32: 1094 | EO32: 1835 | EP32: =EO32-EN32 -> 741 | EQ32: 338.131 | ER32: 713.891 | ES32: =ER32-EQ32 -> 375.76 | ET32: =ROUND(EQ32/DR32,1) -> 20.3 | EU32: =ROUND(ER32/DS32,1) -> 25.8 | EV32: =EU32-ET32 -> 5.5 | EW32: =ROUND(EQ32/CO32,1) -> 0.3 | EX32: =ROUND(ER32/CP32,1) -> 0.6 | EY32: =EX32-EW32 -> 0.3 | EZ32: 46.429 | FA32: 86.848 | FB32: =FA32-EZ32 -> 40.419 | FC32: 5.222 | FD32: 14.232 | FE32: =FD32-FC32 -> 9.01 | FG32: 22 | FH32: ТОУНБ им.А.С.Пушкина | FI32: 23 | FJ32: 151 | FK32: 154 | FL32: =FK32-FJ32 -> 3 | FM32: 103 | FN32: 104 | FO32: =FN32-FM32 -> 1 | FP32: 85 | FQ32: 80 | FR32: =FQ32-FP32 -> -5 | FS32: 16 | FT32: 24 | FU32: =FT32-FS32 -> 8 | FV32: =ROUND((FQ32+FT32)/FN32*100,1) -> 100 | FX32: =ROUND(DR32*1000/FM32,0) -> 162 | FY32: =ROUND(DS32*1000/FN32,0) -> 266 | FZ32: =FY32-FX32 -> 104 | GA32: =ROUND(EQ32/FM32,1) -> 3.3 | GB32: =ROUND(ER32/FN32,1) -> 6.9 | GC32: =GB32-GA32 -> 3.6 | GE32: 22 | GF32: ТОУНБ им.А.С.Пушкина | GG32: 23 | GH32: =GK32+GL32+GM32 -> 102211 | GI32: =ROUND(GH32/G32,0) -> 102211 | GK32: 100711 | GM32: 1500 | GO32: 169 | GP32: =ROUND((GK32+GL32)/GH32*100,1) -> 98.5 | GQ32: 102282 | GR32: 78001 | GS32: 145 | GT32: 346 | GV32: 5615 | GW32: 155 | GX32: 50 | HA32: =ROUND(GH32/DS32,0) -> 3700
B33: Итого ОУ: | C33: 24 | D33: =SUM(D31:D32) -> 2 | E33: =SUM(E31:E32) -> 2 | F33: =SUM(F31:F32) -> 0 | G33: =SUM(G31:G32) -> 2 | H33: =SUM(H31:H32) -> 2 | I33: =SUM(I31:I32) -> 0 | J33: =SUM(J31:J32) -> 1 | K33: =SUM(K31:K32) -> 1 | L33: =K33-J33 -> 0 | M33: =SUM(M31:M32) -> 0 | N33: =SUM(N31:N32) -> 0 | O33: =N33-M33 -> 0 | P33: =ROUND((J33+M33)/D33*100,1) -> 50 | Q33: =ROUND((K33+N33)/G33*100,1) -> 50 | R33: =SUM(R31:R32) -> 1 | S33: =SUM(S31:S32) -> 1 | T33: =SUM(T31:T32) -> 1 | U33: =SUM(U31:U32) -> 1 | V33: =U33-T33 -> 0 | W33: =SUM(W31:W32) -> 0 | X33: =SUM(X31:X32) -> 0 | Y33: =X33-W33 -> 0 | Z33: =ROUND((T33+W33)/R33*100,1) -> 100 | AA33: =ROUND((U33+X33)/S33*100,1) -> 100 | AB33: =SUM(AB31:AB32) -> 2 | AC33: =SUM(AC31:AC32) -> 2 | AD33: =AC33-AB33 -> 0 | AE33: =SUM(AE31:AE32) -> 2 | AF33: =SUM(AF31:AF32) -> 2 | AG33: =AF33-AE33 -> 0 | AH33: =SUM(AH31:AH32) -> 2 | AI33: =SUM(AI31:AI32) -> 2 | AJ33: =AI33-AH33 -> 0 | AK33: =SUM(AK31:AK32) -> 2 | AL33: =SUM(AL31:AL32) -> 2 | AM33: =AL33-AK33 -> 0 | AN33: =SUM(AN31:AN32) -> 22 | AO33: =SUM(AO31:AO32) -> 22 | AP33: =AO33-AN33 -> 0 | AS33: Итого ОУ: | AT33: 24 | AU33: =SUM(AU31:AU32) -> 2 | AV33: =SUM(AV31:AV32) -> 2 | AW33: =AV33-AU33 -> 0 | AX33: =SUM(AX31:AX32) -> 2 | AY33: =SUM(AY31:AY32) -> 2 | AZ33: =AY33-AX33 -> 0 | BA33: =ROUND(AU33/D33*100,1) -> 100 | BB33: =ROUND(AV33/G33*100,1) -> 100 | BC33: =SUM(BC31:BC32) -> 2 | BD33: =SUM(BD31:BD32) -> 2 | BE33: =BD33-BC33 -> 0 | BF33: =SUM(BF31:BF32) -> 2 | BG33: =SUM(BG31:BG32) -> 2 | BH33: =BG33-BF33 -> 0 | BI33: =SUM(BI31:BI32) -> 2 | BJ33: =SUM(BJ31:BJ32) -> 2 | BK33: =BJ33-BI33 -> 0 | BL33: =SUM(BL31:BL32) -> 2227.421 | BM33: =SUM(BM31:BM32) -> 2365.177 | BN33: =BM33-BL33 -> 137.756 | BO33: =SUM(BO31:BO32) -> 2226.498 | BP33: =SUM(BP31:BP32) -> 2351.598 | BQ33: =BP33-BO33 -> 125.1 | CM33: Итого ОУ: | CN33: 24 | CO33: =SUM(CO31:CO32) -> 1443.283 | CP33: =SUM(CP31:CP32) -> 1452.589 | CQ33: =CP33-CO33 -> 9.306 | CR33: =SUM(CR31:CR32) -> 1443.283 | CS33: =SUM(CS31:CS32) -> 1452.589 | CT33: =CS33-CR33 -> 9.306 | CU33: =SUM(CU31:CU32) -> 0 | CV33: =SUM(CV31:CV32) -> 0 | CW33: =CV33-CU33 -> 0 | CX33: =SUM(CX31:CX32) -> 27.658 | CY33: =SUM(CY31:CY32) -> 21.59 | CZ33: =CY33-CX33 -> -6.068 | DA33: =SUM(DA31:DA32) -> 27.658 | DB33: =SUM(DB31:DB32) -> 21.59 | DC33: =DB33-DA33 -> -6.068 | DD33: =SUM(DD31:DD32) -> 0 | DE33: =SUM(DE31:DE32) -> 0 | DF33: =DE33-DD33 -> 0 | DP33: Итого ОУ: | DQ33: 24 | DR33: =SUM(DR31:DR32) -> 42.333 | DS33: =SUM(DS31:DS32) -> 54.106 | DT33: =DS33-DR33 -> 11.773 | DU33: =SUM(DU31:DU32) -> 39.15 | DV33: =SUM(DV31:DV32) -> 51.008 | DW33: =DV33-DU33 -> 11.858 | EB33: =SUM(EB31:EB32) -> 227.502 | EC33: =SUM(EC31:EC32) -> 405.454 | ED33: =EC33-EB33 -> 177.952 | EE33: =SUM(EE31:EE32) -> 29.886 | EF33: =SUM(EF31:EF32) -> 70.079 | EG33: =EF33-EE33 -> 40.193 | EH33: =SUM(EH31:EH32) -> 702.619 | EI33: =SUM(EI31:EI32) -> 665.566 | EJ33: =EI33-EH33 -> -37.053 | EK33: =ROUND(CO33/DR33,1) -> 34.1 | EL33: =ROUND(CP33/DS33,1) -> 26.8 | EM33: =EL33-EK33 -> -7.3 | EN33: =SUM(EN31:EN32) -> 1748 | EO33: =SUM(EO31:EO32) -> 2782 | EP33: =EO33-EN33 -> 1034 | EQ33: =SUM(EQ31:EQ32) -> 741.632 | ER33: =SUM(ER31:ER32) -> 1297.89 | ES33: =ER33-EQ33 -> 556.258 | ET33: =ROUND(EQ33/DR33,1) -> 17.5 | EU33: =ROUND(ER33/DS33,1) -> 24 | EV33: =EU33-ET33 -> 6.5 | EW33: =ROUND(EQ33/CO33,1) -> 0.5 | EX33: =ROUND(ER33/CP33,1) -> 0.9 | EY33: =EX33-EW33 -> 0.4 | EZ33: =SUM(EZ31:EZ32) -> 57.445 | FA33: =SUM(FA31:FA32) -> 96.991 | FB33: =FA33-EZ33 -> 39.546 | FC33: =SUM(FC31:FC32) -> 5.285 | FD33: =SUM(FD31:FD32) -> 14.28 | FE33: =FD33-FC33 -> 8.995 | FH33: Итого ОУ: | FI33: 24 | FJ33: =SUM(FJ31:FJ32) -> 235 | FK33: =SUM(FK31:FK32) -> 230 | FL33: =FK33-FJ33 -> -5 | FM33: =SUM(FM31:FM32) -> 140 | FN33: =SUM(FN31:FN32) -> 141 | FO33: =FN33-FM33 -> 1 | FP33: =SUM(FP31:FP32) -> 115 | FQ33: =SUM(FQ31:FQ32) -> 110 | FR33: =FQ33-FP33 -> -5 | FS33: =SUM(FS31:FS32) -> 23 | FT33: =SUM(FT31:FT32) -> 31 | FU33: =FT33-FS33 -> 8 | FV33: =ROUND((FQ33+FT33)/FN33*100,1) -> 100 | FX33: =ROUND(DR33*1000/FM33,0) -> 302 | FY33: =ROUND(DS33*1000/FN33,0) -> 384 | FZ33: =FY33-FX33 -> 82 | GA33: =ROUND(EQ33/FM33,1) -> 5.3 | GB33: =ROUND(ER33/FN33,1) -> 9.2 | GC33: =GB33-GA33 -> 3.9 | GF33: Итого ОУ: | GG33: 24 | GH33: =SUM(GH31:GH32) -> 136601.4 | GI33: =ROUND(GH33/G33,0) -> 68301 | GK33: =SUM(GK31:GK32) -> 134441.4 | GL33: =SUM(GL31:GL32) -> 0 | GM33: =SUM(GM31:GM32) -> 2160 | GN33: =SUM(GN31:GN32) -> 314.7 | GO33: =SUM(GO31:GO32) -> 221.6 | GP33: =ROUND((GK33+GL33)/GH33*100,1) -> 98.4 | GQ33: =SUM(GQ31:GQ32) -> 136670.2 | GR33: =SUM(GR31:GR32) -> 108387 | GS33: =SUM(GS31:GS32) -> 145 | GT33: =SUM(GT31:GT32) -> 705.8 | GU33: =SUM(GU31:GU32) -> 0 | GV33: =SUM(GV31:GV32) -> 6777.4 | GW33: =SUM(GW31:GW32) -> 832 | GX33: =SUM(GX31:GX32) -> 246.6 | HA33: =ROUND(GH33/DS33,0) -> 2525
B34: Всего: | C34: 25 | D34: =D30+D33 -> 321 | E34: =E30+E33 -> 51 | F34: =F30+F33 -> 269 | G34: =G30+G33 -> 321 | H34: =H30+H33 -> 51 | I34: =I30+I33 -> 270 | J34: =J30+J33 -> 19 | K34: =K30+K33 -> 16 | L34: =K34-J34 -> -3 | M34: =M30+M33 -> 1 | N34: =N30+N33 -> 1 | O34: =N34-M34 -> 0 | P34: =ROUND((J34+M34)/D34*100,1) -> 6.2 | Q34: =ROUND((K34+N34)/G34*100,1) -> 5.3 | R34: =R30+R33 -> 16 | S34: =S30+S33 -> 16 | T34: =T30+T33 -> 3 | U34: =U30+U33 -> 2 | V34: =U34-T34 -> -1 | W34: =W30+W33 -> 0 | X34: =X30+X33 -> 0 | Y34: =X34-W34 -> 0 | Z34: =ROUND((T34+W34)/R34*100,1) -> 18.8 | AA34: =ROUND((U34+X34)/S34*100,1) -> 12.5 | AB34: =AB30+AB33 -> 79 | AC34: =AC30+AC33 -> 77 | AD34: =AC34-AB34 -> -2 | AE34: =AE30+AE33 -> 314 | AF34: =AF30+AF33 -> 313 | AG34: =AF34-AE34 -> -1 | AH34: =AH30+AH33 -> 237 | AI34: =AI30+AI33 -> 245 | AJ34: =AI34-AH34 -> 8 | AK34: =AK30+AK33 -> 221 | AL34: =AL30+AL33 -> 232 | AM34: =AL34-AK34 -> 11 | AN34: =AN30+AN33 -> 246 | AO34: =AO30+AO33 -> 248 | AP34: =AO34-AN34 -> 2 | AS34: Всего: | AT34: 25 | AU34: =AU30+AU33 -> 277 | AV34: =AV30+AV33 -> 282 | AW34: =AV34-AU34 -> 5 | AX34: =AX30+AX33 -> 243 | AY34: =AY30+AY33 -> 252 | AZ34: =AY34-AX34 -> 9 | BA34: =ROUND(AU34/D34*100,1) -> 86.3 | BB34: =ROUND(AV34/G34*100,1) -> 87.9 | BC34: =BC30+BC33 -> 172 | BD34: =BD30+BD33 -> 178 | BE34: =BD34-BC34 -> 6 | BF34: =BF30+BF33 -> 25 | BG34: =BG30+BG33 -> 24 | BH34: =BG34-BF34 -> -1 | BI34: =BI30+BI33 -> 21 | BJ34: =BJ30+BJ33 -> 23 | BK34: =BJ34-BI34 -> 2 | BL34: =BL30+BL33 -> 3689.144 | BM34: =BM30+BM33 -> 3894.488 | BN34: =BM34-BL34 -> 205.344 | BO34: =BO30+BO33 -> 3616.142 | BP34: =BP30+BP33 -> 3844.302 | BQ34: =BP34-BO34 -> 228.16 | CM34: Всего: | CN34: 25 | CO34: =CO30+CO33 -> 4896.853 | CP34: =CP30+CP33 -> 4901.006 | CQ34: =CP34-CO34 -> 4.153 | CR34: =CR30+CR33 -> 2678.495 | CS34: =CS30+CS33 -> 2678.642 | CT34: =CS34-CR34 -> 0.147 | CU34: =CU30+CU33 -> 2208.287 | CV34: =CV30+CV33 -> 2222.364 | CW34: =CV34-CU34 -> 14.077 | CX34: =CX30+CX33 -> 100.531 | CY34: =CY30+CY33 -> 113.043 | CZ34: =CY34-CX34 -> 12.512 | DA34: =DA30+DA33 -> 59.768 | DB34: =DB30+DB33 -> 59.765 | DC34: =DB34-DA34 -> -0.003 | DD34: =DD30+DD33 -> 40.399 | DE34: =DE30+DE33 -> 53.278 | DF34: =DE34-DD34 -> 12.879 | DG34: =ROUND(CX34*1000/BV30,0) -> 93 | DH34: =ROUND(CY34*1000/BY30,0) -> 106 | DI34: =DH34-DG34 -> 13 | DJ34: =ROUND(CO34/BV30,1) -> 4.5 | DK34: =ROUND(CP34/BY30,1) -> 4.6 | DL34: =DK34-DJ34 -> 0.1 | DP34: Всего: | DQ34: 25 | DR34: =SUM(DR30+DR33) -> 250.233 | DS34: =SUM(DS30+DS33) -> 300.363 | DT34: =DS34-DR34 -> 50.13 | DU34: =SUM(DU30+DU33) -> 230.435 | DV34: =SUM(DV30+DV33) -> 283.549 | DW34: =DV34-DU34 -> 53.114 | DX34: =ROUND(DR34/BV30*100,1) -> 23.2 | DY34: =ROUND(DS34/BY30*100,1) -> 28.1 | DZ34: =DY34-DX34 -> 4.9 | EB34: =SUM(EB30+EB33) -> 1813.867 | EC34: =SUM(EC30+EC33) -> 2788.951 | ED34: =EC34-EB34 -> 975.084 | EE34: =SUM(EE30+EE33) -> 288.24 | EF34: =SUM(EF30+EF33) -> 521.467 | EG34: =EF34-EE34 -> 233.227 | EH34: =SUM(EH30+EH33) -> 1448.631 | EI34: =SUM(EI30+EI33) -> 1416.279 | EJ34: =EI34-EH34 -> -32.352 | EK34: =ROUND(CO34/DR34,1) -> 19.6 | EL34: =ROUND(CP34/DS34,1) -> 16.3 | EM34: =EL34-EK34 -> -3.3 | EN34: =SUM(EN30+EN33) -> 26096 | EO34: =SUM(EO30+EO33) -> 37648 | EP34: =EO34-EN34 -> 11552 | EQ34: =SUM(EQ30+EQ33) -> 4471.074 | ER34: =SUM(ER30+ER33) -> 6484.291 | ES34: =ER34-EQ34 -> 2013.217 | ET34: =ROUND(EQ34/DR34,1) -> 17.9 | EU34: =ROUND(ER34/DS34,1) -> 21.6 | EV34: =EU34-ET34 -> 3.7 | EW34: =ROUND(EQ34/CO34,1) -> 0.9 | EX34: =ROUND(ER34/CP34,1) -> 1.3 | EY34: =EX34-EW34 -> 0.4 | EZ34: =SUM(EZ30+EZ33) -> 322.973 | FA34: =SUM(FA30+FA33) -> 433.531 | FB34: =FA34-EZ34 -> 110.558 | FC34: =SUM(FC30+FC33) -> 19.115 | FD34: =SUM(FD30+FD33) -> 42.791 | FE34: =FD34-FC34 -> 23.676 | FH34: Всего: | FI34: 25 | FJ34: =SUM(FJ30+FJ33) -> 1255 | FK34: =SUM(FK30+FK33) -> 1257 | FL34: =FK34-FJ34 -> 2 | FM34: =SUM(FM30+FM33) -> 855 | FN34: =SUM(FN30+FN33) -> 850 | FO34: =FN34-FM34 -> -5 | FP34: =SUM(FP30+FP33) -> 471 | FQ34: =SUM(FQ30+FQ33) -> 474 | FR34: =FQ34-FP34 -> 3 | FS34: =SUM(FS30+FS33) -> 334 | FT34: =SUM(FT30+FT33) -> 344 | FU34: =FT34-FS34 -> 10 | FV34: =ROUND((FQ34+FT34)/FN34*100,1) -> 96.2 | FX34: =ROUND(DR34*1000/FM34,0) -> 293 | FY34: =ROUND(DS34*1000/FN34,0) -> 353 | FZ34: =FY34-FX34 -> 60 | GA34: =ROUND(EQ34/FM34,1) -> 5.2 | GB34: =ROUND(ER34/FN34,1) -> 7.6 | GC34: =GB34-GA34 -> 2.4 | GF34: Всего: | GG34: 25 | GH34: =SUM(GH30+GH33) -> 813780.2 | GI34: =ROUND(GH34/G34,0) -> 2535 | GK34: =SUM(GK30+GK33) -> 733448.3 | GL34: =SUM(GL30+GL33) -> 73081.9 | GM34: =SUM(GM30+GM33) -> 7250 | GN34: =SUM(GN30+GN33) -> 1540.7 | GO34: =SUM(GO30+GO33) -> 497.8 | GP34: =ROUND((GK34+GL34)/GH34*100,1) -> 99.1 | GQ34: =SUM(GQ30+GQ33) -> 811603.7 | GR34: =SUM(GR30+GR33) -> 586806.3 | GS34: =SUM(GS30+GS33) -> 15726.9 | GT34: =SUM(GT30+GT33) -> 47938.4 | GU34: =SUM(GU30+GU33) -> 291.8 | GV34: =SUM(GV30+GV33) -> 26371.5 | GW34: =SUM(GW30+GW33) -> 1970.6 | GX34: =SUM(GX30+GX33) -> 3964.3 | GY34: =ROUND(GH34/BY30,0) -> 760 | HA34: =ROUND(GH34/DS34,0) -> 2709
A35: В том числе: Структурные подразделения учр-ний культуры, осуществляющие библиотечную деятельность | AR35: В том числе: Структурные подразделения учр-ний культуры, осуществляющие библиотечную деятельность | CL35: В том числе: Структурные подразделения учр-ний культуры, осуществляющие библиотечную деятельность | DO35: В том числе: Структурные подразделения учр-ний культуры, осуществляющие библиотечную деятельность | FG35: В том числе: Структурные подразделения учр-ний культуры, осуществляющие библиотечную деятельность
A36: 1 | B36: г.Стрежевой | C36: 01 | D36: =E36+F36 -> 2 | E36: 2 | G36: =H36+I36 -> 2 | H36: 2 | L36: =K36-J36 -> 0 | M36: 1 | N36: 1 | O36: =N36-M36 -> 0 | P36: =ROUND((J36+M36)/D36*100,1) -> 50 | Q36: =ROUND((K36+N36)/G36*100,1) -> 50 | V36: =U36-T36 -> 0 | Y36: =X36-W36 -> 0 | AB36: 1 | AC36: 1 | AD36: =AC36-AB36 -> 0 | AE36: 2 | AF36: 2 | AG36: =AF36-AE36 -> 0 | AH36: 2 | AI36: 2 | AJ36: =AI36-AH36 -> 0 | AK36: 2 | AL36: 2 | AM36: =AL36-AK36 -> 0 | AN36: 11 | AO36: 11 | AP36: =AO36-AN36 -> 0 | AR36: 1 | AS36: г.Стрежевой | AT36: 01 | AU36: 2 | AV36: 2 | AW36: =AV36-AU36 -> 0 | AX36: 2 | AY36: 2 | AZ36: =AY36-AX36 -> 0 | BA36: =ROUND(AU36/D36*100,1) -> 100 | BB36: =ROUND(AV36/G36*100,1) -> 100 | BC36: 1 | BD36: 1 | BE36: =BD36-BC36 -> 0 | BF36: 1 | BG36: 1 | BH36: =BG36-BF36 -> 0 | BI36: 1 | BJ36: 1 | BK36: =BJ36-BI36 -> 0 | BL36: 65.102 | BM36: 67.009 | BN36: =BM36-BL36 -> 1.907 | BO36: 65.102 | BP36: 67.009 | BQ36: =BP36-BO36 -> 1.907 | CL36: 1 | CM36: г.Стрежевой | CN36: 01 | CO36: =CR36+CU36 -> 148.658 | CP36: =CS36+CV36 -> 148.635 | CQ36: =CP36-CO36 -> -0.023 | CR36: 148.658 | CS36: 148.635 | CT36: =CS36-CR36 -> -0.023 | CW36: =CV36-CU36 -> 0 | CX36: =DA36+DD36 -> 2.147 | CY36: =DB36+DE36 -> 2.574 | CZ36: =CY36-CX36 -> 0.427 | DA36: 2.147 | DB36: 2.574 | DC36: =DB36-DA36 -> 0.427 | DF36: =DE36-DD36 -> 0 | DO36: 1 | DP36: г.Стрежевой | DQ36: 01 | DR36: 6.196 | DS36: 7.104 | DT36: =DS36-DR36 -> 0.908 | DU36: 5.819 | DV36: 5.613 | DW36: =DV36-DU36 -> -0.206 | EB36: 39.787 | EC36: 39.787 | ED36: =EC36-EB36 -> 0 | EE36: 1.595 | EF36: 1.595 | EG36: =EF36-EE36 -> 0 | EH36: 11.024 | EI36: 11.024 | EJ36: =EI36-EH36 -> 0 | EN36: 193 | EO36: 382 | EP36: =EO36-EN36 -> 189 | EQ36: 121.78 | ER36: 139.156 | ES36: =ER36-EQ36 -> 17.376 | EZ36: 21.434 | FA36: 24.948 | FB36: =FA36-EZ36 -> 3.514 | FE36: =FD36-FC36 -> 0 | FG36: 1 | FH36: г.Стрежевой | FI36: 01 | FJ36: 26 | FK36: 25 | FL36: =FK36-FJ36 -> -1 | FM36: 25 | FN36: 24 | FO36: =FN36-FM36 -> -1 | FP36: 13 | FQ36: 12 | FR36: =FQ36-FP36 -> -1 | FS36: 9 | FT36: 10 | FU36: =FT36-FS36 -> 1 | FV36: =ROUND((FQ36+FT36)/FN36*100,1) -> 91.7
B37: Итого: | C37: 02 | D37: =D36 -> 2 | E37: =E36 -> 2 | F37: =F36 -> 0 | G37: =G36 -> 2 | H37: =H36 -> 2 | I37: =I36 -> 0 | J37: =J36 -> 0 | K37: =K36 -> 0 | L37: =K37-J37 -> 0 | M37: =M36 -> 1 | N37: =N36 -> 1 | O37: =N37-M37 -> 0 | P37: =ROUND((J37+M37)/D37*100,1) -> 50 | Q37: =ROUND((K37+N37)/G37*100,1) -> 50 | R37: =R36 -> 0 | S37: =S36 -> 0 | T37: =T36 -> 0 | U37: =U36 -> 0 | V37: =U37-T37 -> 0 | W37: =W36 -> 0 | X37: =X36 -> 0 | Y37: =X37-W37 -> 0 | AB37: =AB36 -> 1 | AC37: =AC36 -> 1 | AD37: =AC37-AB37 -> 0 | AE37: =AE36 -> 2 | AF37: =AF36 -> 2 | AG37: =AF37-AE37 -> 0 | AH37: =AH36 -> 2 | AI37: =AI36 -> 2 | AJ37: =AI37-AH37 -> 0 | AK37: =AK36 -> 2 | AL37: =AL36 -> 2 | AM37: =AL37-AK37 -> 0 | AN37: =AN36 -> 11 | AO37: =AO36 -> 11 | AP37: =AO37-AN37 -> 0 | AS37: Итого: | AT37: 02 | AU37: =AU36 -> 2 | AV37: =AV36 -> 2 | AW37: =AV37-AU37 -> 0 | AX37: =AX36 -> 2 | AY37: =AY36 -> 2 | AZ37: =AY37-AX37 -> 0 | BA37: =ROUND(AU37/D37*100,1) -> 100 | BB37: =ROUND(AV37/G37*100,1) -> 100 | BC37: =BC36 -> 1 | BD37: =BD36 -> 1 | BE37: =BD37-BC37 -> 0 | BF37: =BF36 -> 1 | BG37: =BG36 -> 1 | BH37: =BG37-BF37 -> 0 | BI37: =BI36 -> 1 | BJ37: =BJ36 -> 1 | BK37: =BJ37-BI37 -> 0 | BL37: =BL36 -> 65.102 | BM37: =BM36 -> 67.009 | BN37: =BM37-BL37 -> 1.907 | BO37: =BO36 -> 65.102 | BP37: =BP36 -> 67.009 | BQ37: =BP37-BO37 -> 1.907 | CM37: Итого: | CN37: 02 | CO37: =CO36 -> 148.658 | CP37: =CP36 -> 148.635 | CQ37: =CP37-CO37 -> -0.023 | CR37: =CR36 -> 148.658 | CS37: =CS36 -> 148.635 | CT37: =CS37-CR37 -> -0.023 | CU37: =CU36 -> 0 | CV37: =CV36 -> 0 | CW37: =CV37-CU37 -> 0 | CX37: =CX36 -> 2.147 | CY37: =CY36 -> 2.574 | CZ37: =CY37-CX37 -> 0.427 | DA37: =DA36 -> 2.147 | DB37: =DB36 -> 2.574 | DC37: =DB37-DA37 -> 0.427 | DD37: =DD36 -> 0 | DE37: =DE36 -> 0 | DF37: =DE37-DD37 -> 0 | DP37: Итого: | DQ37: 02 | DR37: =DR36 -> 6.196 | DS37: =DS36 -> 7.104 | DT37: =DS37-DR37 -> 0.908 | DU37: =DU36 -> 5.819 | DV37: =DV36 -> 5.613 | DW37: =DV37-DU37 -> -0.206 | EB37: =EB36 -> 39.787 | EC37: =EC36 -> 39.787 | ED37: =EC37-EB37 -> 0 | EE37: =EE36 -> 1.595 | EF37: =EF36 -> 1.595 | EG37: =EF37-EE37 -> 0 | EH37: =EH36 -> 11.024 | EI37: =EI36 -> 11.024 | EJ37: =EI37-EH37 -> 0 | EN37: =EN36 -> 193 | EO37: =EO36 -> 382 | EP37: =EO37-EN37 -> 189 | EQ37: =EQ36 -> 121.78 | ER37: =ER36 -> 139.156 | ES37: =ER37-EQ37 -> 17.376 | EZ37: =EZ36 -> 21.434 | FA37: =FA36 -> 24.948 | FB37: =FA37-EZ37 -> 3.514 | FC37: =FC36 -> 0 | FD37: =FD36 -> 0 | FE37: =FD37-FC37 -> 0 | FH37: Итого: | FI37: 02 | FJ37: =FJ36 -> 26 | FK37: =FK36 -> 25 | FL37: =FK37-FJ37 -> -1 | FM37: =FM36 -> 25 | FN37: =FN36 -> 24 | FO37: =FN37-FM37 -> -1 | FP37: =FP36 -> 13 | FQ37: =FQ36 -> 12 | FR37: =FQ37-FP37 -> -1 | FS37: =FS36 -> 9 | FT37: =FT36 -> 10 | FU37: =FT37-FS37 -> 1 | FV37: =ROUND((FQ37+FT37)/FN37*100,1) -> 91.7

Sheet клубы
A1: Общие сведения по учреждениям культурно-досугового типа | AF1: Среднее количество населения на одно клубное учреждение в муниципальных образованиях (тыс.чел.) | AY1: Число клубных формирований. Среднее число формирований на одно учреждение. Участники клубных формирований. | DF1: Культурно-досуговая работа | ES1: Персонал учреждений | FR1: Поступление и использование финансовых средств за 2021г. (тыс.руб.)
A3: N п/п | B3: Наименование | C3: Код стр. | D3: Число учреждений культурно-досугового типа (включая обособленные подразделения), сет.ед. | J3: Вместимость зрительных залов, мест | M3: Среднее число посадочных мест на одно учреждение | P3: Число зданий, ед. | S3: из них | Y3: % зданий в неудовлетворит. состоянии | AB3: Число специализированных транспортных средств, ед. | AF3: N п/п | AG3: Наименование районов и городов | AH3: Код стр. | AI3: Численность постоянного населения на 1 января соотв. года | AO3: Среднее число жителей на одно учреждение | AY3: N п/п | AZ3: Наименование | BA3: Код стр. | BB3: Число клубных формирований, ед. | BH3: Среднее число формирований на 1 учреждение, ед. | BK3: Число участников клубных формирований, чел. | BQ3: Среднее число участников в 1 формировании, чел. | BT3: Место среди районов | BU3: из общего числа клубных формирований | DF3: N п/п | DG3: Наименование | DH3: Код стр. | DI3: Число культурно-массовых мероприятий - всего, ед. | DL3: из них для детей до 14 лет, ед. | DO3: Число посещений культурно-массовых мероприятий - всего, чел. | DR3: из них дети до 14 лет | DU3: Среднее число культурно-массовых мероприятий на 1 учреждение, ед. | DX3: Место среди районов | DY3: Число культурно-массовых мероприятий на платной основе - всего, ед. | EB3: из них для детей до 14 лет | EE3: % мероприятий на платной основе от общего числа мероприятий | EH3: Число посещений культурно-массовых мероприятий на платной основе, чел. | EK3: из них дети до 14 лет | EN3: Среднее число посетителей на одном платном мероприятии, чел. | EQ3: Место среди районов | ES3: N п/п | ET3: Наименование | EU3: Код стр. | EV3: Численность работников - всего, чел. | EY3: из них | FK3: % раб-ков основного персонала с высшим и средним профессиональным образованием | FM3: Место среди районов | FN3: Среднее число специалистов на 1 клубное учр-ие, чел. | FR3: N п/п | FS3: Наименование | FT3: Код стр. | FU3: Поступило за год, всего | FV3: Средний объем финанс. поступлений на 1 клуб | FW3: из общей суммы поступлений | GC3: Израсходовано, всего | GD3: из них расходы на:
BU4: формирования для детей до 14 лет | CG4: формирования самодеятельного народного творчества | EY4: штатных | FB4: работников, относящихся к основному персоналу | FE4: из численности работников, относящихся к основному персоналу, имеют образование | FW4: бюджетные ассигнования учредителя | FX4: финансирование из бюдж. других уровней | FY4: от предпринимательской и иной принос. доход деят-сти | FZ4: из них благотв. и спонсорские вклады | GA4: от сдачи имущества в аренду | GB4: % бюджетного финансирования | GD4: оплату труда | GE4: кап. ремонт и реставрацию | GF4: приобретение (замену) оборудования | GG4: из них для улучш. условий доступности для лиц с ОВЗ | GH4: социально-значимые мероприятия
S5: требуют капитального ремонта | V5: аварийные | AI5: 2020 г. | AL5: 2021 г. | AO5: 2020 г. | AR5: 2021 г. | AU5: Отклонения к 2020 г. | BU5: число формирований, ед. | CA5: в них участников, чел. | CG5: число формирований, ед. | CM5: из них, для детей до 14 лет | CS5: число участников в формированиях, чел. | CY5: из них детей до 14 лет
D6: 2020 | G6: 2021 | BB6: Всего | BE6: в т.ч. в сельской местности | BK6: Всего | BN6: в т.ч. в сельской местности | BU6: Всего | BX6: в т.ч. в сельской местности | CA6: Всего | CD6: в т.ч. в сельской местности | CG6: Всего | CJ6: в т.ч. в сельской местности | CM6: Всего | CP6: в т.ч. в сельской местности | CS6: Всего | CV6: в т.ч. в сельской местности | CY6: Всего | DB6: в т.ч. в сельской местности | FE6: высшее | FH6: среднее профессиональное
D7: Всего | E7: Город | F7: Село | G7: Всего | H7: Город | I7: Село | J7: 2020 | K7: 2021 | L7: отк. | M7: 2020 | N7: 2021 | O7: отк. | P7: 2020 | Q7: 2021 | R7: отк. | S7: 2020 | T7: 2021 | U7: отк. | V7: 2020 | W7: 2021 | X7: отк. | Y7: 2020 | Z7: 2021 | AA7: отк. | AB7: 2020 | AC7: 2021 | AD7: отк. | AI7: Всего | AJ7: Город | AK7: Село | AL7: Всего | AM7: Город | AN7: Село | AO7: Всего | AP7: Город | AQ7: Село | AR7: Всего | AS7: Город | AT7: Село | AU7: Всего | AV7: Город | AW7: Село | BB7: 2020 | BC7: 2021 | BD7: отк. | BE7: 2020 | BF7: 2021 | BG7: отк. | BH7: 2020 | BI7: 2021 | BJ7: отк. | BK7: 2020 | BL7: 2021 | BM7: отк. | BN7: 2020 | BO7: 2021 | BP7: отк. | BQ7: 2020 | BR7: 2021 | BS7: отк. | BU7: 2020 | BV7: 2021 | BW7: отк. | BX7: 2020 | BY7: 2021 | BZ7: отк. | CA7: 2020 | CB7: 2021 | CC7: отк. | CD7: 2020 | CE7: 2021 | CF7: отк. | CG7: 2020 | CH7: 2021 | CI7: отк. | CJ7: 2020 | CK7: 2021 | CL7: отк. | CM7: 2020 | CN7: 2021 | CO7: отк. | CP7: 2020 | CQ7: 2021 | CR7: отк. | CS7: 2020 | CT7: 2021 | CU7: отк. | CV7: 2020 | CW7: 2021 | CX7: отк. | CY7: 2020 | CZ7: 2021 | DA7: отк. | DB7: 2020 | DC7: 2021 | DD7: отк. | DI7: 2020 | DJ7: 2021 | DK7: отк. | DL7: 2020 | DM7: 2021 | DN7: отк. | DO7: 2020 | DP7: 2021 | DQ7: отк. | DR7: 2020 | DS7: 2021 | DT7: отк. | DU7: 2020 | DV7: 2021 | DW7: отк. | DY7: 2020 | DZ7: 2021 | EA7: отк. | EB7: 2020 | EC7: 2021 | ED7: отк. | EE7: 2020 | EF7: 2021 | EG7: отк. | EH7: 2020 | EI7: 2021 | EJ7: отк. | EK7: 2020 | EL7: 2021 | EM7: отк. | EN7: 2020 | EO7: 2021 | EP7: отк. | EV7: 2020 | EW7: 2021 | EX7: отк. | EY7: 2020 | EZ7: 2021 | FA7: отк. | FB7: 2020 | FC7: 2021 | FD7: отк. | FE7: 2020 | FF7: 2021 | FG7: отк. | FH7: 2020 | FI7: 2021 | FJ7: отк. | FK7: 2020 | FL7: 2021 | FN7: 2020 | FO7: 2021 | FP7: отк.
C8: 1 | D8: 2 | E8: 3 | F8: 4 | G8: 5 | H8: 6 | I8: 7 | J8: 8 | K8: 9 | L8: 10 | M8: 11 | N8: 12 | O8: 13 | P8: 14 | Q8: 15 | R8: 16 | S8: 17 | T8: 18 | U8: 19 | V8: 20 | W8: 21 | X8: 22 | Y8: 23 | Z8: 24 | AA8: 25 | AB8: 26 | AC8: 27 | AD8: 28 | AH8: 1 | AI8: 2 | AJ8: 3 | AK8: 4 | AL8: 5 | AM8: 6 | AN8: 7 | AO8: 8 | AP8: 9 | AQ8: 10 | AR8: 11 | AS8: 12 | AT8: 13 | AU8: 14 | AV8: 15 | AW8: 16 | BA8: 1 | BB8: 2 | BC8: 3 | BD8: 4 | BE8: 5 | BF8: 6 | BG8: 7 | BH8: 8 | BI8: 9 | BJ8: 10 | BK8: 11 | BL8: 12 | BM8: 13 | BN8: 14 | BO8: 15 | BP8: 16 | BQ8: 17 | BR8: 18 | BS8: 19 | BT8: 20 | BU8: 21 | BV8: 22 | BW8: 23 | BX8: 24 | BY8: 25 | BZ8: 26 | CA8: 27 | CB8: 28 | CC8: 29 | CD8: 30 | CE8: 31 | CF8: 32 | CG8: 33 | CH8: 34 | CI8: 35 | CJ8: 36 | CK8: 37 | CL8: 38 | CM8: 39 | CN8: 40 | CO8: 41 | CP8: 42 | CQ8: 43 | CR8: 44 | CS8: 45 | CT8: 46 | CU8: 47 | CV8: 48 | CW8: 49 | CX8: 50 | CY8: 51 | CZ8: 52 | DA8: 53 | DB8: 54 | DC8: 55 | DD8: 56 | DH8: 1 | DI8: 2 | DJ8: 3 | DK8: 4 | DL8: 5 | DM8: 6 | DN8: 7 | DO8: 8 | DP8: 9 | DQ8: 10 | DR8: 11 | DS8: 12 | DT8: 13 | DU8: 14 | DV8: 15 | DW8: 16 | DX8: 17 | DY8: 18 | DZ8: 19 | EA8: 20 | EB8: 21 | EC8: 22 | ED8: 23 | EE8: 24 | EF8: 25 | EG8: 26 | EH8: 27 | EI8: 28 | EJ8: 29 | EK8: 30 | EL8: 31 | EM8: 32 | EN8: 33 | EO8: 34 | EP8: 35 | EQ8: 36 | EU8: 1 | EV8: 2 | EW8: 3 | EX8: 4 | EY8: 5 | EZ8: 6 | FA8: 7 | FB8: 8 | FC8: 9 | FD8: 10 | FE8: 11 | FF8: 12 | FG8: 13 | FH8: 14 | FI8: 15 | FJ8: 16 | FK8: 17 | FL8: 18 | FM8: 19 | FN8: 20 | FO8: 21 | FP8: 22 | FT8: 1 | FU8: 2 | FV8: 3 | FW8: 4 | FX8: 5 | FY8: 6 | FZ8: 7 | GA8: 8 | GB8: 9 | GC8: 10 | GD8: 11 | GE8: 12 | GF8: 13 | GG8: 14 | GH8: 15
A9: 1 | B9: Александровский | C9: 01 | D9: =E9+F9 -> 8 | F9: 8 | G9: =H9+I9 -> 8 | I9: 8 | J9: 895 | K9: 875 | L9: =K9-J9 -> -20 | M9: =ROUND(J9/D9,0) -> 112 | N9: =ROUND(K9/G9,0) -> 109 | O9: =N9-M9 -> -3 | P9: 8 | Q9: 8 | R9: =Q9-P9 -> 0 | S9: 1 | T9: 1 | U9: =T9-S9 -> 0 | X9: =W9-V9 -> 0 | Y9: =ROUND((S9+V9)/P9*100,1) -> 12.5 | Z9: =ROUND((T9+W9)/Q9*100,1) -> 12.5 | AA9: =Z9-Y9 -> 0 | AD9: =AC9-AB9 -> 0 | AF9: 1 | AG9: Александровский | AH9: 01 | AI9: =AJ9+AK9 -> 7.7 | AK9: 7.7 | AL9: =AM9+AN9 -> 7.7 | AN9: 7.7 | AO9: =ROUND(AI9/D9,2) -> 0.96 | AP9: 0 | AQ9: =ROUND(AK9/F9,2) -> 0.96 | AR9: =ROUND(AL9/G9,2) -> 0.96 | AS9: 0 | AT9: =ROUND(AN9/I9,2) -> 0.96 | AU9: =AR9-AO9 -> 0 | AV9: =AS9-AP9 -> 0 | AW9: =AT9-AQ9 -> 0 | AY9: 1 | AZ9: Александровский | BA9: 01 | BB9: 74 | BC9: 65 | BD9: =BC9-BB9 -> -9 | BE9: 74 | BF9: 65 | BG9: =BF9-BE9 -> -9 | BH9: =ROUND(BB9/D9,0) -> 9 | BI9: =ROUND(BC9/G9,0) -> 8 | BJ9: =BI9-BH9 -> -1 | BK9: 1227 | BL9: 802 | BM9: =BL9-BK9 -> -425 | BN9: 1227 | BO9: 802 | BP9: =BO9-BN9 -> -425 | BQ9: =ROUND(BK9/BB9,0) -> 17 | BR9: =ROUND(BL9/BC9,0) -> 12 | BS9: =BR9-BQ9 -> -5 | BT9: 8 | BU9: 27 | BV9: 24 | BW9: =BV9-BU9 -> -3 | BX9: 27 | BY9: 24 | BZ9: =BY9-BX9 -> -3 | CA9: 338 | CB9: 354 | CC9: =CB9-CA9 -> 16 | CD9: 338 | CE9: 354 | CF9: =CE9-CD9 -> 16 | CG9: 43 | CH9: 44 | CI9: =CH9-CG9 -> 1 | CJ9: 43 | CK9: 44 | CL9: =CK9-CJ9 -> 1 | CM9: 18 | CN9: 17 | CO9: =CN9-CM9 -> -1 | CP9: 18 | CQ9: 17 | CR9: =CQ9-CP9 -> -1 | CS9: 651 | CT9: 521 | CU9: =CT9-CS9 -> -130 | CV9: 651 | CW9: 521 | CX9: =CW9-CV9 -> -130 | CY9: 226 | CZ9: 273 | DA9: =CZ9-CY9 -> 47 | DB9: 226 | DC9: 273 | DD9: =DC9-DB9 -> 47 | DF9: 1 | DG9: Александровский | DH9: 01 | DI9: 515 | DJ9: 749 | DK9: =DJ9-DI9 -> 234 | DL9: 149 | DM9: 240 | DN9: =DM9-DL9 -> 91 | DO9: 20362 | DP9: 12857 | DQ9: =DP9-DO9 -> -7505 | DR9: 8036 | DS9: 4109 | DT9: =DS9-DR9 -> -3927 | DU9: =ROUND(DI9/D9,0) -> 64 | DV9: =ROUND(DJ9/G9,0) -> 94 | DW9: =DV9-DU9 -> 30 | DX9: 9 | DY9: 109 | DZ9: 31 | EA9: =DZ9-DY9 -> -78 | EB9: 27 | EC9: 3 | ED9: =EC9-EB9 -> -24 | EE9: =ROUND(DY9/DI9*100,1) -> 21.2 | EF9: =ROUND(DZ9/DJ9*100,1) -> 4.1 | EG9: =EF9-EE9 -> -17.1 | EH9: 5000 | EI9: 2236 | EJ9: =EI9-EH9 -> -2764 | EK9: 1110 | EL9: 153 | EM9: =EL9-EK9 -> -957 | EN9: =ROUND(EH9/DY9,0) -> 46 | EO9: =ROUND(EI9/DZ9,0) -> 72 | EP9: =EO9-EN9 -> 26 | EQ9: 4 | ES9: 1 | ET9: Александровский | EU9: 01 | EV9: 58 | EW9: 59 | EX9: =EW9-EV9 -> 1 | EY9: 58 | EZ9: 59 | FA9: =EZ9-EY9 -> 1 | FB9: 32 | FC9: 32 | FD9: =FC9-FB9 -> 0 | FE9: 7 | FF9: 8 | FG9: =FF9-FE9 -> 1 | FH9: 25 | FI9: 20 | FJ9: =FI9-FH9 -> -5 | FK9: =ROUND((FE9+FH9)/FB9*100,1) -> 100 | FL9: =ROUND((FF9+FI9)/FC9*100,1) -> 87.5 | FM9: 4 | FN9: =ROUND(FB9/D9,0) -> 4 | FO9: =ROUND(FC9/G9,0) -> 4 | FP9: =FO9-FN9 -> 0 | FR9: 1 | FS9: Александровский | FT9: 01 | FU9: =FW9+FX9+FY9+GA9 -> 49393 | FV9: =ROUND(FU9/G9,0) -> 6174 | FW9: 29914 | FX9: 17507 | FY9: 1759 | GA9: 213 | GB9: =ROUND((FW9+FX9)/FU9*100,1) -> 96 | GC9: 49247 | GD9: 41288 | GF9: 569 | GH9: 332
A10: 2 | B10: Асиновский | C10: 02 | D10: =E10+F10 -> 16 | E10: 1 | F10: 15 | G10: =H10+I10 -> 16 | H10: 1 | I10: 15 | J10: 1475 | K10: 1501 | L10: =K10-J10 -> 26 | M10: =ROUND(J10/D10,0) -> 92 | N10: =ROUND(K10/G10,0) -> 94 | O10: =N10-M10 -> 2 | P10: 20 | Q10: 20 | R10: =Q10-P10 -> 0 | S10: 12 | T10: 12 | U10: =T10-S10 -> 0 | X10: =W10-V10 -> 0 | Y10: =ROUND((S10+V10)/P10*100,1) -> 60 | Z10: =ROUND((T10+W10)/Q10*100,1) -> 60 | AA10: =Z10-Y10 -> 0 | AB10: 1 | AC10: 1 | AD10: =AC10-AB10 -> 0 | AF10: 2 | AG10: Асиновский | AH10: 02 | AI10: =AJ10+AK10 -> 33.4 | AJ10: 24.4 | AK10: 9 | AL10: =AM10+AN10 -> 33.4 | AM10: 24.4 | AN10: 9 | AO10: =ROUND(AI10/D10,2) -> 2.09 | AP10: =ROUND(AJ10/E10,2) -> 24.4 | AQ10: =ROUND(AK10/F10,2) -> 0.6 | AR10: =ROUND(AL10/G10,2) -> 2.09 | AS10: =ROUND(AM10/H10,2) -> 24.4 | AT10: =ROUND(AN10/I10,2) -> 0.6 | AU10: =AR10-AO10 -> 0 | AV10: =AS10-AP10 -> 0 | AW10: =AT10-AQ10 -> 0 | AY10: 2 | AZ10: Асиновский | BA10: 02 | BB10: 89 | BC10: 92 | BD10: =BC10-BB10 -> 3 | BE10: 55 | BF10: 60 | BG10: =BF10-BE10 -> 5 | BH10: =ROUND(BB10/D10,0) -> 6 | BI10: =ROUND(BC10/G10,0) -> 6 | BJ10: =BI10-BH10 -> 0 | BK10: 1667 | BL10: 1667 | BM10: =BL10-BK10 -> 0 | BN10: 770 | BO10: 806 | BP10: =BO10-BN10 -> 36 | BQ10: =ROUND(BK10/BB10,0) -> 19 | BR10: =ROUND(BL10/BC10,0) -> 18 | BS10: =BR10-BQ10 -> -1 | BT10: 4 | BU10: 38 | BV10: 45 | BW10: =BV10-BU10 -> 7 | BX10: 25 | BY10: 30 | BZ10: =BY10-BX10 -> 5 | CA10: 713 | CB10: 852 | CC10: =CB10-CA10 -> 139 | CD10: 337 | CE10: 370 | CF10: =CE10-CD10 -> 33 | CG10: 47 | CH10: 51 | CI10: =CH10-CG10 -> 4 | CJ10: 26 | CK10: 28 | CL10: =CK10-CJ10 -> 2 | CM10: 20 | CN10: 25 | CO10: =CN10-CM10 -> 5 | CP10: 9 | CQ10: 12 | CR10: =CQ10-CP10 -> 3 | CS10: 798 | CT10: 865 | CU10: =CT10-CS10 -> 67 | CV10: 333 | CW10: 311 | CX10: =CW10-CV10 -> -22 | CY10: 449 | CZ10: 552 | DA10: =CZ10-CY10 -> 103 | DB10: 143 | DC10: 148 | DD10: =DC10-DB10 -> 5 | DF10: 2 | DG10: Асиновский | DH10: 02 | DI10: 870 | DJ10: 1805 | DK10: =DJ10-DI10 -> 935 | DL10: 331 | DM10: 887 | DN10: =DM10-DL10 -> 556 | DO10: 47363 | DP10: 94958 | DQ10: =DP10-DO10 -> 47595 | DR10: 13137 | DS10: 21597 | DT10: =DS10-DR10 -> 8460 | DU10: =ROUND(DI10/D10,0) -> 54 | DV10: =ROUND(DJ10/G10,0) -> 113 | DW10: =DV10-DU10 -> 59 | DX10: 6 | DY10: 301 | DZ10: 607 | EA10: =DZ10-DY10 -> 306 | EB10: 108 | EC10: 280 | ED10: =EC10-EB10 -> 172 | EE10: =ROUND(DY10/DI10*100,1) -> 34.6 | EF10: =ROUND(DZ10/DJ10*100,1) -> 33.6 | EG10: =EF10-EE10 -> -1 | EH10: 15925 | EI10: 46493 | EJ10: =EI10-EH10 -> 30568 | EK10: 2581 | EL10: 9396 | EM10: =EL10-EK10 -> 6815 | EN10: =ROUND(EH10/DY10,0) -> 53 | EO10: =ROUND(EI10/DZ10,0) -> 77 | EP10: =EO10-EN10 -> 24 | EQ10: 3 | ES10: 2 | ET10: Асиновский | EU10: 02 | EV10: 113 | EW10: 113 | EX10: =EW10-EV10 -> 0 | EY10: 105 | EZ10: 113 | FA10: =EZ10-EY10 -> 8 | FB10: 70 | FC10: 68 | FD10: =FC10-FB10 -> -2 | FE10: 11 | FF10: 8 | FG10: =FF10-FE10 -> -3 | FH10: 13 | FI10: 21 | FJ10: =FI10-FH10 -> 8 | FK10: =ROUND((FE10+FH10)/FB10*100,1) -> 34.3 | FL10: =ROUND((FF10+FI10)/FC10*100,1) -> 42.6 | FM10: 19 | FN10: =ROUND(FB10/D10,0) -> 4 | FO10: =ROUND(FC10/G10,0) -> 4 | FP10: =FO10-FN10 -> 0 | FR10: 2 | FS10: Асиновский | FT10: 02 | FU10: =FW10+FX10+FY10+GA10 -> 76712.7 | FV10: =ROUND(FU10/G10,0) -> 4795 | FW10: 51561 | FX10: 16602.1 | FY10: 8549.6 | FZ10: 5016 | GB10: =ROUND((FW10+FX10)/FU10*100,1) -> 88.9 | GC10: 92631.9 | GD10: 41428 | GE10: 9432.5 | GF10: 5540.2 | GH10: 3143.9
A11: 3 | B11: Бакчарский | C11: 03 | D11: =E11+F11 -> 18 | F11: 18 | G11: =H11+I11 -> 18 | I11: 18 | J11: 1040 | K11: 720 | L11: =K11-J11 -> -320 | M11: =ROUND(J11/D11,0) -> 58 | N11: =ROUND(K11/G11,0) -> 40 | O11: =N11-M11 -> -18 | P11: 18 | Q11: 17 | R11: =Q11-P11 -> -1 | S11: 3 | T11: 4 | U11: =T11-S11 -> 1 | V11: 2 | X11: =W11-V11 -> -2 | Y11: =ROUND((S11+V11)/P11*100,1) -> 27.8 | Z11: =ROUND((T11+W11)/Q11*100,1) -> 23.5 | AA11: =Z11-Y11 -> -4.3 | AD11: =AC11-AB11 -> 0 | AF11: 3 | AG11: Бакчарский | AH11: 03 | AI11: =AJ11+AK11 -> 11.7 | AK11: 11.7 | AL11: =AM11+AN11 -> 11.6 | AN11: 11.6 | AO11: =ROUND(AI11/D11,2) -> 0.65 | AP11: 0 | AQ11: =ROUND(AK11/F11,2) -> 0.65 | AR11: =ROUND(AL11/G11,2) -> 0.64 | AS11: 0 | AT11: =ROUND(AN11/I11,2) -> 0.64 | AU11: =AR11-AO11 -> -0.01 | AV11: =AS11-AP11 -> 0 | AW11: =AT11-AQ11 -> -0.01 | AY11: 3 | AZ11: Бакчарский | BA11: 03 | BB11: 49 | BC11: 53 | BD11: =BC11-BB11 -> 4 | BE11: 49 | BF11: 53 | BG11: =BF11-BE11 -> 4 | BH11: =ROUND(BB11/D11,0) -> 3 | BI11: =ROUND(BC11/G11,0) -> 3 | BJ11: =BI11-BH11 -> 0 | BK11: 648 | BL11: 617 | BM11: =BL11-BK11 -> -31 | BN11: 648 | BO11: 617 | BP11: =BO11-BN11 -> -31 | BQ11: =ROUND(BK11/BB11,0) -> 13 | BR11: =ROUND(BL11/BC11,0) -> 12 | BS11: =BR11-BQ11 -> -1 | BT11: 8 | BU11: 24 | BV11: 23 | BW11: =BV11-BU11 -> -1 | BX11: 24 | BY11: 23 | BZ11: =BY11-BX11 -> -1 | CA11: 358 | CB11: 293 | CC11: =CB11-CA11 -> -65 | CD11: 358 | CE11: 293 | CF11: =CE11-CD11 -> -65 | CG11: 28 | CH11: 27 | CI11: =CH11-CG11 -> -1 | CJ11: 28 | CK11: 27 | CL11: =CK11-CJ11 -> -1 | CM11: 15 | CN11: 16 | CO11: =CN11-CM11 -> 1 | CP11: 15 | CQ11: 16 | CR11: =CQ11-CP11 -> 1 | CS11: 427 | CT11: 337 | CU11: =CT11-CS11 -> -90 | CV11: 427 | CW11: 337 | CX11: =CW11-CV11 -> -90 | CY11: 278 | CZ11: 230 | DA11: =CZ11-CY11 -> -48 | DB11: 278 | DC11: 230 | DD11: =DC11-DB11 -> -48 | DF11: 3 | DG11: Бакчарский | DH11: 03 | DI11: 1034 | DJ11: 1603 | DK11: =DJ11-DI11 -> 569 | DL11: 537 | DM11: 1051 | DN11: =DM11-DL11 -> 514 | DO11: 21089 | DP11: 27280 | DQ11: =DP11-DO11 -> 6191 | DR11: 8099 | DS11: 13317 | DT11: =DS11-DR11 -> 5218 | DU11: =ROUND(DI11/D11,0) -> 57 | DV11: =ROUND(DJ11/G11,0) -> 89 | DW11: =DV11-DU11 -> 32 | DX11: 10 | DY11: 95 | DZ11: 30 | EA11: =DZ11-DY11 -> -65 | EB11: 24 | EC11: 5 | ED11: =EC11-EB11 -> -19 | EE11: =ROUND(DY11/DI11*100,1) -> 9.2 | EF11: =ROUND(DZ11/DJ11*100,1) -> 1.9 | EG11: =EF11-EE11 -> -7.3 | EH11: 2296 | EI11: 725 | EJ11: =EI11-EH11 -> -1571 | EK11: 385 | EL11: 47 | EM11: =EL11-EK11 -> -338 | EN11: =ROUND(EH11/DY11,0) -> 24 | EO11: =ROUND(EI11/DZ11,0) -> 24 | EP11: =EO11-EN11 -> 0 | EQ11: 11 | ES11: 3 | ET11: Бакчарский | EU11: 03 | EV11: 54 | EW11: 53 | EX11: =EW11-EV11 -> -1 | EY11: 51 | EZ11: 52 | FA11: =EZ11-EY11 -> 1 | FB11: 29 | FC11: 29 | FD11: =FC11-FB11 -> 0 | FE11: 6 | FF11: 6 | FG11: =FF11-FE11 -> 0 | FH11: 11 | FI11: 14 | FJ11: =FI11-FH11 -> 3 | FK11: =ROUND((FE11+FH11)/FB11*100,1) -> 58.6 | FL11: =ROUND((FF11+FI11)/FC11*100,1) -> 69 | FM11: 13 | FN11: =ROUND(FB11/D11,0) -> 2 | FO11: =ROUND(FC11/G11,0) -> 2 | FP11: =FO11-FN11 -> 0 | FR11: 3 | FS11: Бакчарский | FT11: 03 | FU11: =FW11+FX11+FY11+GA11 -> 27236 | FV11: =ROUND(FU11/G11,0) -> 1513 | FW11: 17194 | FX11: 9684 | FY11: 358 | GB11: =ROUND((FW11+FX11)/FU11*100,1) -> 98.7 | GC11: 27246 | GD11: 16872 | GF11: 524 | GH11: 1318
A12: 4 | B12: Верхнекетский | C12: 04 | D12: =E12+F12 -> 10 | E12: 2 | F12: 8 | G12: =H12+I12 -> 9 | H12: 2 | I12: 7 | J12: 902 | K12: 812 | L12: =K12-J12 -> -90 | M12: =ROUND(J12/D12,0) -> 90 | N12: =ROUND(K12/G12,0) -> 90 | O12: =N12-M12 -> 0 | P12: 10 | Q12: 9 | R12: =Q12-P12 -> -1 | S12: 1 | T12: 2 | U12: =T12-S12 -> 1 | X12: =W12-V12 -> 0 | Y12: =ROUND((S12+V12)/P12*100,1) -> 10 | Z12: =ROUND((T12+W12)/Q12*100,1) -> 22.2 | AA12: =Z12-Y12 -> 12.2 | AD12: =AC12-AB12 -> 0 | AF12: 4 | AG12: Верхнекетский | AH12: 04 | AI12: =AJ12+AK12 -> 15.8 | AJ12: 8.4 | AK12: 7.4 | AL12: =AM12+AN12 -> 15.7 | AM12: 8.3 | AN12: 7.4 | AO12: =ROUND(AI12/D12,2) -> 1.58 | AP12: =ROUND(AJ12/E12,2) -> 4.2 | AQ12: =ROUND(AK12/F12,2) -> 0.93 | AR12: =ROUND(AL12/G12,2) -> 1.74 | AS12: =ROUND(AM12/H12,2) -> 4.15 | AT12: =ROUND(AN12/I12,2) -> 1.06 | AU12: =AR12-AO12 -> 0.16 | AV12: =AS12-AP12 -> -0.05 | AW12: =AT12-AQ12 -> 0.13 | AY12: 4 | AZ12: Верхнекетский | BA12: 04 | BB12: 38 | BC12: 36 | BD12: =BC12-BB12 -> -2 | BE12: 23 | BF12: 22 | BG12: =BF12-BE12 -> -1 | BH12: =ROUND(BB12/D12,0) -> 4 | BI12: =ROUND(BC12/G12,0) -> 4 | BJ12: =BI12-BH12 -> 0 | BK12: 629 | BL12: 587 | BM12: =BL12-BK12 -> -42 | BN12: 286 | BO12: 283 | BP12: =BO12-BN12 -> -3 | BQ12: =ROUND(BK12/BB12,0) -> 17 | BR12: =ROUND(BL12/BC12,0) -> 16 | BS12: =BR12-BQ12 -> -1 | BT12: 5 | BU12: 18 | BV12: 18 | BW12: =BV12-BU12 -> 0 | BX12: 12 | BY12: 12 | BZ12: =BY12-BX12 -> 0 | CA12: 311 | CB12: 300 | CC12: =CB12-CA12 -> -11 | CD12: 155 | CE12: 163 | CF12: =CE12-CD12 -> 8 | CG12: 38 | CH12: 36 | CI12: =CH12-CG12 -> -2 | CJ12: 23 | CK12: 22 | CL12: =CK12-CJ12 -> -1 | CM12: 18 | CN12: 18 | CO12: =CN12-CM12 -> 0 | CP12: 12 | CQ12: 12 | CR12: =CQ12-CP12 -> 0 | CS12: 629 | CT12: 587 | CU12: =CT12-CS12 -> -42 | CV12: 286 | CW12: 283 | CX12: =CW12-CV12 -> -3 | CY12: 311 | CZ12: 298 | DA12: =CZ12-CY12 -> -13 | DB12: 155 | DC12: 161 | DD12: =DC12-DB12 -> 6 | DF12: 4 | DG12: Верхнекетский | DH12: 04 | DI12: 575 | DJ12: 1170 | DK12: =DJ12-DI12 -> 595 | DL12: 169 | DM12: 450 | DN12: =DM12-DL12 -> 281 | DO12: 21888 | DP12: 36707 | DQ12: =DP12-DO12 -> 14819 | DR12: 4964 | DS12: 12099 | DT12: =DS12-DR12 -> 7135 | DU12: =ROUND(DI12/D12,0) -> 58 | DV12: =ROUND(DJ12/G12,0) -> 130 | DW12: =DV12-DU12 -> 72 | DX12: 5 | DY12: 201 | DZ12: 449 | EA12: =DZ12-DY12 -> 248 | EB12: 45 | EC12: 162 | ED12: =EC12-EB12 -> 117 | EE12: =ROUND(DY12/DI12*100,1) -> 35 | EF12: =ROUND(DZ12/DJ12*100,1) -> 38.4 | EG12: =EF12-EE12 -> 3.4 | EH12: 6019 | EI12: 11900 | EJ12: =EI12-EH12 -> 5881 | EK12: 1557 | EL12: 3720 | EM12: =EL12-EK12 -> 2163 | EN12: =ROUND(EH12/DY12,0) -> 30 | EO12: =ROUND(EI12/DZ12,0) -> 27 | EP12: =EO12-EN12 -> -3 | EQ12: 10 | ES12: 4 | ET12: Верхнекетский | EU12: 04 | EV12: 76 | EW12: 77 | EX12: =EW12-EV12 -> 1 | EY12: 76 | EZ12: 77 | FA12: =EZ12-EY12 -> 1 | FB12: 44 | FC12: 45 | FD12: =FC12-FB12 -> 1 | FE12: 5 | FF12: 9 | FG12: =FF12-FE12 -> 4 | FH12: 24 | FI12: 27 | FJ12: =FI12-FH12 -> 3 | FK12: =ROUND((FE12+FH12)/FB12*100,1) -> 65.9 | FL12: =ROUND((FF12+FI12)/FC12*100,1) -> 80 | FM12: 7 | FN12: =ROUND(FB12/D12,0) -> 4 | FO12: =ROUND(FC12/G12,0) -> 5 | FP12: =FO12-FN12 -> 1 | FR12: 4 | FS12: Верхнекетский | FT12: 04 | FU12: =FW12+FX12+FY12+GA12 -> 60831 | FV12: =ROUND(FU12/G12,0) -> 6759 | FW12: 57071 | FY12: 3752 | FZ12: 1517 | GA12: 8 | GB12: =ROUND((FW12+FX12)/FU12*100,1) -> 93.8 | GC12: 60831 | GD12: 43457 | GF12: 2739 | GH12: 842
A13: 5 | B13: Зырянский | C13: 05 | D13: =E13+F13 -> 20 | F13: 20 | G13: =H13+I13 -> 20 | I13: 20 | J13: 1706 | K13: 1706 | L13: =K13-J13 -> 0 | M13: =ROUND(J13/D13,0) -> 85 | N13: =ROUND(K13/G13,0) -> 85 | O13: =N13-M13 -> 0 | P13: 20 | Q13: 20 | R13: =Q13-P13 -> 0 | S13: 6 | T13: 9 | U13: =T13-S13 -> 3 | X13: =W13-V13 -> 0 | Y13: =ROUND((S13+V13)/P13*100,1) -> 30 | Z13: =ROUND((T13+W13)/Q13*100,1) -> 45 | AA13: =Z13-Y13 -> 15 | AD13: =AC13-AB13 -> 0 | AF13: 5 | AG13: Зырянский | AH13: 05 | AI13: =AJ13+AK13 -> 11.2 | AK13: 11.2 | AL13: =AM13+AN13 -> 11.1 | AN13: 11.1 | AO13: =ROUND(AI13/D13,2) -> 0.56 | AP13: 0 | AQ13: =ROUND(AK13/F13,2) -> 0.56 | AR13: =ROUND(AL13/G13,2) -> 0.56 | AS13: 0 | AT13: =ROUND(AN13/I13,2) -> 0.56 | AU13: =AR13-AO13 -> 0 | AV13: =AS13-AP13 -> 0 | AW13: =AT13-AQ13 -> 0 | AY13: 5 | AZ13: Зырянский | BA13: 05 | BB13: 111 | BC13: 112 | BD13: =BC13-BB13 -> 1 | BE13: 111 | BF13: 112 | BG13: =BF13-BE13 -> 1 | BH13: =ROUND(BB13/D13,0) -> 6 | BI13: =ROUND(BC13/G13,0) -> 6 | BJ13: =BI13-BH13 -> 0 | BK13: 1443 | BL13: 1363 | BM13: =BL13-BK13 -> -80 | BN13: 1443 | BO13: 1363 | BP13: =BO13-BN13 -> -80 | BQ13: =ROUND(BK13/BB13,0) -> 13 | BR13: =ROUND(BL13/BC13,0) -> 12 | BS13: =BR13-BQ13 -> -1 | BT13: 8 | BU13: 63 | BV13: 66 | BW13: =BV13-BU13 -> 3 | BX13: 63 | BY13: 66 | BZ13: =BY13-BX13 -> 3 | CA13: 834 | CB13: 748 | CC13: =CB13-CA13 -> -86 | CD13: 834 | CE13: 748 | CF13: =CE13-CD13 -> -86 | CG13: 86 | CH13: 87 | CI13: =CH13-CG13 -> 1 | CJ13: 86 | CK13: 87 | CL13: =CK13-CJ13 -> 1 | CM13: 55 | CN13: 58 | CO13: =CN13-CM13 -> 3 | CP13: 55 | CQ13: 58 | CR13: =CQ13-CP13 -> 3 | CS13: 1060 | CT13: 1033 | CU13: =CT13-CS13 -> -27 | CV13: 1060 | CW13: 1033 | CX13: =CW13-CV13 -> -27 | CY13: 706 | CZ13: 659 | DA13: =CZ13-CY13 -> -47 | DB13: 706 | DC13: 659 | DD13: =DC13-DB13 -> -47 | DF13: 5 | DG13: Зырянский | DH13: 05 | DI13: 878 | DJ13: 1525 | DK13: =DJ13-DI13 -> 647 | DL13: 335 | DM13: 643 | DN13: =DM13-DL13 -> 308 | DO13: 25191 | DP13: 46865 | DQ13: =DP13-DO13 -> 21674 | DR13: 7616 | DS13: 16029 | DT13: =DS13-DR13 -> 8413 | DU13: =ROUND(DI13/D13,0) -> 44 | DV13: =ROUND(DJ13/G13,0) -> 76 | DW13: =DV13-DU13 -> 32 | DX13: 12 | DY13: 594 | DZ13: 469 | EA13: =DZ13-DY13 -> -125 | EB13: 178 | EC13: 99 | ED13: =EC13-EB13 -> -79 | EE13: =ROUND(DY13/DI13*100,1) -> 67.7 | EF13: =ROUND(DZ13/DJ13*100,1) -> 30.8 | EG13: =EF13-EE13 -> -36.9 | EH13: 11019 | EI13: 9024 | EJ13: =EI13-EH13 -> -1995 | EK13: 2878 | EL13: 1606 | EM13: =EL13-EK13 -> -1272 | EN13: =ROUND(EH13/DY13,0) -> 19 | EO13: =ROUND(EI13/DZ13,0) -> 19 | EP13: =EO13-EN13 -> 0 | EQ13: 12 | ES13: 5 | ET13: Зырянский | EU13: 05 | EV13: 77 | EW13: 82 | EX13: =EW13-EV13 -> 5 | EY13: 77 | EZ13: 81 | FA13: =EZ13-EY13 -> 4 | FB13: 53 | FC13: 57 | FD13: =FC13-FB13 -> 4 | FE13: 4 | FF13: 6 | FG13: =FF13-FE13 -> 2 | FH13: 17 | FI13: 17 | FJ13: =FI13-FH13 -> 0 | FK13: =ROUND((FE13+FH13)/FB13*100,1) -> 39.6 | FL13: =ROUND((FF13+FI13)/FC13*100,1) -> 40.4 | FM13: 20 | FN13: =ROUND(FB13/D13,0) -> 3 | FO13: =ROUND(FC13/G13,0) -> 3 | FP13: =FO13-FN13 -> 0 | FR13: 5 | FS13: Зырянский | FT13: 05 | FU13: =FW13+FX13+FY13+GA13 -> 34260.8 | FV13: =ROUND(FU13/G13,0) -> 1713 | FW13: 21379 | FX13: 12003.7 | FY13: 852.5 | FZ13: 170.8 | GA13: 25.6 | GB13: =ROUND((FW13+FX13)/FU13*100,1) -> 97.4 | GC13: 34260.8 | GD13: 25479.8 | GF13: 3334.8 | GH13: 932.2
A14: 6 | B14: Каргасокский | C14: 06 | D14: =E14+F14 -> 18 | F14: 18 | G14: =H14+I14 -> 18 | I14: 18 | J14: 1941 | K14: 1781 | L14: =K14-J14 -> -160 | M14: =ROUND(J14/D14,0) -> 108 | N14: =ROUND(K14/G14,0) -> 99 | O14: =N14-M14 -> -9 | P14: 18 | Q14: 18 | R14: =Q14-P14 -> 0 | S14: 2 | T14: 1 | U14: =T14-S14 -> -1 | X14: =W14-V14 -> 0 | Y14: =ROUND((S14+V14)/P14*100,1) -> 11.1 | Z14: =ROUND((T14+W14)/Q14*100,1) -> 5.6 | AA14: =Z14-Y14 -> -5.5 | AD14: =AC14-AB14 -> 0 | AF14: 6 | AG14: Каргасокский | AH14: 06 | AI14: =AJ14+AK14 -> 18.8 | AK14: 18.8 | AL14: =AM14+AN14 -> 18.7 | AN14: 18.7 | AO14: =ROUND(AI14/D14,2) -> 1.04 | AP14: 0 | AQ14: =ROUND(AK14/F14,2) -> 1.04 | AR14: =ROUND(AL14/G14,2) -> 1.04 | AS14: 0 | AT14: =ROUND(AN14/I14,2) -> 1.04 | AU14: =AR14-AO14 -> 0 | AV14: =AS14-AP14 -> 0 | AW14: =AT14-AQ14 -> 0 | AY14: 6 | AZ14: Каргасокский | BA14: 06 | BB14: 153 | BC14: 149 | BD14: =BC14-BB14 -> -4 | BE14: 153 | BF14: 149 | BG14: =BF14-BE14 -> -4 | BH14: =ROUND(BB14/D14,0) -> 9 | BI14: =ROUND(BC14/G14,0) -> 8 | BJ14: =BI14-BH14 -> -1 | BK14: 3073 | BL14: 2935 | BM14: =BL14-BK14 -> -138 | BN14: 3073 | BO14: 2935 | BP14: =BO14-BN14 -> -138 | BQ14: =ROUND(BK14/BB14,0) -> 20 | BR14: =ROUND(BL14/BC14,0) -> 20 | BS14: =BR14-BQ14 -> 0 | BT14: 3 | BU14: 72 | BV14: 72 | BW14: =BV14-BU14 -> 0 | BX14: 72 | BY14: 72 | BZ14: =BY14-BX14 -> 0 | CA14: 1525 | CB14: 1551 | CC14: =CB14-CA14 -> 26 | CD14: 1525 | CE14: 1551 | CF14: =CE14-CD14 -> 26 | CG14: 111 | CH14: 111 | CI14: =CH14-CG14 -> 0 | CJ14: 111 | CK14: 111 | CL14: =CK14-CJ14 -> 0 | CM14: 60 | CN14: 60 | CO14: =CN14-CM14 -> 0 | CP14: 60 | CQ14: 60 | CR14: =CQ14-CP14 -> 0 | CS14: 2104 | CT14: 2147 | CU14: =CT14-CS14 -> 43 | CV14: 2104 | CW14: 2147 | CX14: =CW14-CV14 -> 43 | CY14: 1271 | CZ14: 1298 | DA14: =CZ14-CY14 -> 27 | DB14: 1271 | DC14: 1298 | DD14: =DC14-DB14 -> 27 | DF14: 6 | DG14: Каргасокский | DH14: 06 | DI14: 1049 | DJ14: 977 | DK14: =DJ14-DI14 -> -72 | DL14: 353 | DM14: 515 | DN14: =DM14-DL14 -> 162 | DO14: 57169 | DP14: 46945 | DQ14: =DP14-DO14 -> -10224 | DR14: 15582 | DS14: 17505 | DT14: =DS14-DR14 -> 1923 | DU14: =ROUND(DI14/D14,0) -> 58 | DV14: =ROUND(DJ14/G14,0) -> 54 | DW14: =DV14-DU14 -> -4 | DX14: 18 | DY14: 464 | DZ14: 125 | EA14: =DZ14-DY14 -> -339 | EB14: 149 | EC14: 79 | ED14: =EC14-EB14 -> -70 | EE14: =ROUND(DY14/DI14*100,1) -> 44.2 | EF14: =ROUND(DZ14/DJ14*100,1) -> 12.8 | EG14: =EF14-EE14 -> -31.4 | EH14: 11948 | EI14: 4477 | EJ14: =EI14-EH14 -> -7471 | EK14: 2920 | EL14: 2370 | EM14: =EL14-EK14 -> -550 | EN14: =ROUND(EH14/DY14,0) -> 26 | EO14: =ROUND(EI14/DZ14,0) -> 36 | EP14: =EO14-EN14 -> 10 | EQ14: 9 | ES14: 6 | ET14: Каргасокский | EU14: 06 | EV14: 108 | EW14: 107 | EX14: =EW14-EV14 -> -1 | EY14: 108 | EZ14: 107 | FA14: =EZ14-EY14 -> -1 | FB14: 67 | FC14: 65 | FD14: =FC14-FB14 -> -2 | FE14: 18 | FF14: 18 | FG14: =FF14-FE14 -> 0 | FH14: 45 | FI14: 47 | FJ14: =FI14-FH14 -> 2 | FK14: =ROUND((FE14+FH14)/FB14*100,1) -> 94 | FL14: =ROUND((FF14+FI14)/FC14*100,1) -> 100 | FM14: 1 | FN14: =ROUND(FB14/D14,0) -> 4 | FO14: =ROUND(FC14/G14,0) -> 4 | FP14: =FO14-FN14 -> 0 | FR14: 6 | FS14: Каргасокский | FT14: 06 | FU14: =FW14+FX14+FY14+GA14 -> 81748 | FV14: =ROUND(FU14/G14,0) -> 4542 | FW14: 56179 | FX14: 25312 | FY14: 243 | FZ14: 100 | GA14: 14 | GB14: =ROUND((FW14+FX14)/FU14*100,1) -> 99.7 | GC14: 80056 | GD14: 64033 | GE14: 42 | GF14: 721 | GH14: 279
A15: 7 | B15: Кожевниковский | C15: 07 | D15: =E15+F15 -> 24 | F15: 24 | G15: =H15+I15 -> 24 | I15: 24 | J15: 2041 | K15: 2021 | L15: =K15-J15 -> -20 | M15: =ROUND(J15/D15,0) -> 85 | N15: =ROUND(K15/G15,0) -> 84 | O15: =N15-M15 -> -1 | P15: 24 | Q15: 24 | R15: =Q15-P15 -> 0 | S15: 4 | T15: 2 | U15: =T15-S15 -> -2 | X15: =W15-V15 -> 0 | Y15: =ROUND((S15+V15)/P15*100,1) -> 16.7 | Z15: =ROUND((T15+W15)/Q15*100,1) -> 8.3 | AA15: =Z15-Y15 -> -8.4 | AD15: =AC15-AB15 -> 0 | AF15: 7 | AG15: Кожевниковский | AH15: 07 | AI15: =AJ15+AK15 -> 20.3 | AK15: 20.3 | AL15: =AM15+AN15 -> 20.3 | AN15: 20.3 | AO15: =ROUND(AI15/D15,2) -> 0.85 | AP15: 0 | AQ15: =ROUND(AK15/F15,2) -> 0.85 | AR15: =ROUND(AL15/G15,2) -> 0.85 | AS15: 0 | AT15: =ROUND(AN15/I15,2) -> 0.85 | AU15: =AR15-AO15 -> 0 | AV15: =AS15-AP15 -> 0 | AW15: =AT15-AQ15 -> 0 | AY15: 7 | AZ15: Кожевниковский | BA15: 07 | BB15: 102 | BC15: 109 | BD15: =BC15-BB15 -> 7 | BE15: 102 | BF15: 109 | BG15: =BF15-BE15 -> 7 | BH15: =ROUND(BB15/D15,0) -> 4 | BI15: =ROUND(BC15/G15,0) -> 5 | BJ15: =BI15-BH15 -> 1 | BK15: 1594 | BL15: 1617 | BM15: =BL15-BK15 -> 23 | BN15: 1594 | BO15: 1617 | BP15: =BO15-BN15 -> 23 | BQ15: =ROUND(BK15/BB15,0) -> 16 | BR15: =ROUND(BL15/BC15,0) -> 15 | BS15: =BR15-BQ15 -> -1 | BT15: 6 | BU15: 40 | BV15: 45 | BW15: =BV15-BU15 -> 5 | BX15: 40 | BY15: 45 | BZ15: =BY15-BX15 -> 5 | CA15: 554 | CB15: 596 | CC15: =CB15-CA15 -> 42 | CD15: 554 | CE15: 596 | CF15: =CE15-CD15 -> 42 | CG15: 61 | CH15: 65 | CI15: =CH15-CG15 -> 4 | CJ15: 61 | CK15: 65 | CL15: =CK15-CJ15 -> 4 | CM15: 31 | CN15: 28 | CO15: =CN15-CM15 -> -3 | CP15: 31 | CQ15: 28 | CR15: =CQ15-CP15 -> -3 | CS15: 862 | CT15: 892 | CU15: =CT15-CS15 -> 30 | CV15: 862 | CW15: 892 | CX15: =CW15-CV15 -> 30 | CY15: 461 | CZ15: 424 | DA15: =CZ15-CY15 -> -37 | DB15: 461 | DC15: 424 | DD15: =DC15-DB15 -> -37 | DF15: 7 | DG15: Кожевниковский | DH15: 07 | DI15: 1374 | DJ15: 2134 | DK15: =DJ15-DI15 -> 760 | DL15: 593 | DM15: 1113 | DN15: =DM15-DL15 -> 520 | DO15: 48405 | DP15: 45947 | DQ15: =DP15-DO15 -> -2458 | DR15: 11489 | DS15: 17406 | DT15: =DS15-DR15 -> 5917 | DU15: =ROUND(DI15/D15,0) -> 57 | DV15: =ROUND(DJ15/G15,0) -> 89 | DW15: =DV15-DU15 -> 32 | DX15: 10 | DY15: 361 | DZ15: 532 | EA15: =DZ15-DY15 -> 171 | EB15: 101 | EC15: 179 | ED15: =EC15-EB15 -> 78 | EE15: =ROUND(DY15/DI15*100,1) -> 26.3 | EF15: =ROUND(DZ15/DJ15*100,1) -> 24.9 | EG15: =EF15-EE15 -> -1.4 | EH15: 6445 | EI15: 10222 | EJ15: =EI15-EH15 -> 3777 | EK15: 2123 | EL15: 4602 | EM15: =EL15-EK15 -> 2479 | EN15: =ROUND(EH15/DY15,0) -> 18 | EO15: =ROUND(EI15/DZ15,0) -> 19 | EP15: =EO15-EN15 -> 1 | EQ15: 12 | ES15: 7 | ET15: Кожевниковский | EU15: 07 | EV15: 69 | EW15: 71 | EX15: =EW15-EV15 -> 2 | EY15: 68 | EZ15: 71 | FA15: =EZ15-EY15 -> 3 | FB15: 47 | FC15: 46 | FD15: =FC15-FB15 -> -1 | FE15: 5 | FF15: 5 | FG15: =FF15-FE15 -> 0 | FH15: 16 | FI15: 16 | FJ15: =FI15-FH15 -> 0 | FK15: =ROUND((FE15+FH15)/FB15*100,1) -> 44.7 | FL15: =ROUND((FF15+FI15)/FC15*100,1) -> 45.7 | FM15: 18 | FN15: =ROUND(FB15/D15,0) -> 2 | FO15: =ROUND(FC15/G15,0) -> 2 | FP15: =FO15-FN15 -> 0 | FR15: 7 | FS15: Кожевниковский | FT15: 07 | FU15: =FW15+FX15+FY15+GA15 -> 43439.4 | FV15: =ROUND(FU15/G15,0) -> 1810 | FW15: 28017.9 | FX15: 13153.4 | FY15: 2268.1 | FZ15: 900 | GB15: =ROUND((FW15+FX15)/FU15*100,1) -> 94.8 | GC15: 41951.9 | GD15: 23928 | GE15: 1884.2 | GF15: 4520.9
A16: 8 | B16: Колпашевский | C16: 08 | D16: =E16+F16 -> 17 | E16: 2 | F16: 15 | G16: =H16+I16 -> 17 | H16: 2 | I16: 15 | J16: 1688 | K16: 1448 | L16: =K16-J16 -> -240 | M16: =ROUND(J16/D16,0) -> 99 | N16: =ROUND(K16/G16,0) -> 85 | O16: =N16-M16 -> -14 | P16: 17 | Q16: 17 | R16: =Q16-P16 -> 0 | U16: =T16-S16 -> 0 | X16: =W16-V16 -> 0 | Y16: =ROUND((S16+V16)/P16*100,1) -> 0 | Z16: =ROUND((T16+W16)/Q16*100,1) -> 0 | AA16: =Z16-Y16 -> 0 | AD16: =AC16-AB16 -> 0 | AF16: 8 | AG16: Колпашевский | AH16: 08 | AI16: =AJ16+AK16 -> 37.7 | AJ16: 22.9 | AK16: 14.8 | AL16: =AM16+AN16 -> 37.2 | AM16: 22.6 | AN16: 14.6 | AO16: =ROUND(AI16/D16,2) -> 2.22 | AP16: =ROUND(AJ16/E16,2) -> 11.45 | AQ16: =ROUND(AK16/F16,2) -> 0.99 | AR16: =ROUND(AL16/G16,2) -> 2.19 | AS16: =ROUND(AM16/H16,2) -> 11.3 | AT16: =ROUND(AN16/I16,2) -> 0.97 | AU16: =AR16-AO16 -> -0.03 | AV16: =AS16-AP16 -> -0.15 | AW16: =AT16-AQ16 -> -0.02 | AY16: 8 | AZ16: Колпашевский | BA16: 08 | BB16: 85 | BC16: 85 | BD16: =BC16-BB16 -> 0 | BE16: 62 | BF16: 62 | BG16: =BF16-BE16 -> 0 | BH16: =ROUND(BB16/D16,0) -> 5 | BI16: =ROUND(BC16/G16,0) -> 5 | BJ16: =BI16-BH16 -> 0 | BK16: 1271 | BL16: 1271 | BM16: =BL16-BK16 -> 0 | BN16: 849 | BO16: 831 | BP16: =BO16-BN16 -> -18 | BQ16: =ROUND(BK16/BB16,0) -> 15 | BR16: =ROUND(BL16/BC16,0) -> 15 | BS16: =BR16-BQ16 -> 0 | BT16: 6 | BU16: 39 | BV16: 37 | BW16: =BV16-BU16 -> -2 | BX16: 31 | BY16: 31 | BZ16: =BY16-BX16 -> 0 | CA16: 674 | CB16: 659 | CC16: =CB16-CA16 -> -15 | CD16: 480 | CE16: 479 | CF16: =CE16-CD16 -> -1 | CG16: 58 | CH16: 59 | CI16: =CH16-CG16 -> 1 | CJ16: 43 | CK16: 44 | CL16: =CK16-CJ16 -> 1 | CM16: 28 | CN16: 27 | CO16: =CN16-CM16 -> -1 | CP16: 22 | CQ16: 22 | CR16: =CQ16-CP16 -> 0 | CS16: 888 | CT16: 897 | CU16: =CT16-CS16 -> 9 | CV16: 587 | CW16: 595 | CX16: =CW16-CV16 -> 8 | CY16: 519 | CZ16: 525 | DA16: =CZ16-CY16 -> 6 | DB16: 359 | DC16: 360 | DD16: =DC16-DB16 -> 1 | DF16: 8 | DG16: Колпашевский | DH16: 08 | DI16: 487 | DJ16: 1359 | DK16: =DJ16-DI16 -> 872 | DL16: 161 | DM16: 585 | DN16: =DM16-DL16 -> 424 | DO16: 60255 | DP16: 218830 | DQ16: =DP16-DO16 -> 158575 | DR16: 12202 | DS16: 55607 | DT16: =DS16-DR16 -> 43405 | DU16: =ROUND(DI16/D16,0) -> 29 | DV16: =ROUND(DJ16/G16,0) -> 80 | DW16: =DV16-DU16 -> 51 | DX16: 11 | DY16: 139 | DZ16: 252 | EA16: =DZ16-DY16 -> 113 | EB16: 26 | EC16: 143 | ED16: =EC16-EB16 -> 117 | EE16: =ROUND(DY16/DI16*100,1) -> 28.5 | EF16: =ROUND(DZ16/DJ16*100,1) -> 18.5 | EG16: =EF16-EE16 -> -10 | EH16: 5435 | EI16: 9106 | EJ16: =EI16-EH16 -> 3671 | EK16: 855 | EL16: 4154 | EM16: =EL16-EK16 -> 3299 | EN16: =ROUND(EH16/DY16,0) -> 39 | EO16: =ROUND(EI16/DZ16,0) -> 36 | EP16: =EO16-EN16 -> -3 | EQ16: 9 | ES16: 8 | ET16: Колпашевский | EU16: 08 | EV16: 162 | EW16: 163 | EX16: =EW16-EV16 -> 1 | EY16: 162 | EZ16: 163 | FA16: =EZ16-EY16 -> 1 | FB16: 77 | FC16: 79 | FD16: =FC16-FB16 -> 2 | FE16: 11 | FF16: 11 | FG16: =FF16-FE16 -> 0 | FH16: 27 | FI16: 27 | FJ16: =FI16-FH16 -> 0 | FK16: =ROUND((FE16+FH16)/FB16*100,1) -> 49.4 | FL16: =ROUND((FF16+FI16)/FC16*100,1) -> 48.1 | FM16: 17 | FN16: =ROUND(FB16/D16,0) -> 5 | FO16: =ROUND(FC16/G16,0) -> 5 | FP16: =FO16-FN16 -> 0 | FR16: 8 | FS16: Колпашевский | FT16: 08 | FU16: =FW16+FX16+FY16+GA16 -> 104324.8 | FV16: =ROUND(FU16/G16,0) -> 6137 | FW16: 64180.2 | FX16: 37457.4 | FY16: 2581.2 | FZ16: 914 | GA16: 106 | GB16: =ROUND((FW16+FX16)/FU16*100,1) -> 97.4 | GC16: 104600.4 | GD16: 87054.2 | GF16: 2161.7 | GG16: 17.1 | GH16: 3623.3
A17: 9 | B17: Кривошеинский | C17: 09 | D17: =E17+F17 -> 15 | F17: 15 | G17: =H17+I17 -> 15 | I17: 15 | J17: 662 | K17: 662 | L17: =K17-J17 -> 0 | M17: =ROUND(J17/D17,0) -> 44 | N17: =ROUND(K17/G17,0) -> 44 | O17: =N17-M17 -> 0 | P17: 15 | Q17: 15 | R17: =Q17-P17 -> 0 | S17: 2 | T17: 2 | U17: =T17-S17 -> 0 | X17: =W17-V17 -> 0 | Y17: =ROUND((S17+V17)/P17*100,1) -> 13.3 | Z17: =ROUND((T17+W17)/Q17*100,1) -> 13.3 | AA17: =Z17-Y17 -> 0 | AD17: =AC17-AB17 -> 0 | AF17: 9 | AG17: Кривошеинский | AH17: 09 | AI17: =AJ17+AK17 -> 11.8 | AK17: 11.8 | AL17: =AM17+AN17 -> 11.8 | AN17: 11.8 | AO17: =ROUND(AI17/D17,2) -> 0.79 | AP17: 0 | AQ17: =ROUND(AK17/F17,2) -> 0.79 | AR17: =ROUND(AL17/G17,2) -> 0.79 | AS17: 0 | AT17: =ROUND(AN17/I17,2) -> 0.79 | AU17: =AR17-AO17 -> 0 | AV17: =AS17-AP17 -> 0 | AW17: =AT17-AQ17 -> 0 | AY17: 9 | AZ17: Кривошеинский | BA17: 09 | BB17: 143 | BC17: 143 | BD17: =BC17-BB17 -> 0 | BE17: 143 | BF17: 143 | BG17: =BF17-BE17 -> 0 | BH17: =ROUND(BB17/D17,0) -> 10 | BI17: =ROUND(BC17/G17,0) -> 10 | BJ17: =BI17-BH17 -> 0 | BK17: 2241 | BL17: 2241 | BM17: =BL17-BK17 -> 0 | BN17: 2241 | BO17: 2241 | BP17: =BO17-BN17 -> 0 | BQ17: =ROUND(BK17/BB17,0) -> 16 | BR17: =ROUND(BL17/BC17,0) -> 16 | BS17: =BR17-BQ17 -> 0 | BT17: 5 | BU17: 75 | BV17: 78 | BW17: =BV17-BU17 -> 3 | BX17: 75 | BY17: 78 | BZ17: =BY17-BX17 -> 3 | CA17: 1041 | CB17: 1096 | CC17: =CB17-CA17 -> 55 | CD17: 1041 | CE17: 1096 | CF17: =CE17-CD17 -> 55 | CG17: 74 | CH17: 78 | CI17: =CH17-CG17 -> 4 | CJ17: 74 | CK17: 78 | CL17: =CK17-CJ17 -> 4 | CM17: 40 | CN17: 43 | CO17: =CN17-CM17 -> 3 | CP17: 40 | CQ17: 43 | CR17: =CQ17-CP17 -> 3 | CS17: 1155 | CT17: 1207 | CU17: =CT17-CS17 -> 52 | CV17: 1155 | CW17: 1207 | CX17: =CW17-CV17 -> 52 | CY17: 578 | CZ17: 655 | DA17: =CZ17-CY17 -> 77 | DB17: 578 | DC17: 655 | DD17: =DC17-DB17 -> 77 | DF17: 9 | DG17: Кривошеинский | DH17: 09 | DI17: 2626 | DJ17: 3677 | DK17: =DJ17-DI17 -> 1051 | DL17: 1344 | DM17: 1938 | DN17: =DM17-DL17 -> 594 | DO17: 39936 | DP17: 62290 | DQ17: =DP17-DO17 -> 22354 | DR17: 18079 | DS17: 29506 | DT17: =DS17-DR17 -> 11427 | DU17: =ROUND(DI17/D17,0) -> 175 | DV17: =ROUND(DJ17/G17,0) -> 245 | DW17: =DV17-DU17 -> 70 | DX17: 1 | DY17: 545 | DZ17: 341 | EA17: =DZ17-DY17 -> -204 | EB17: 268 | EC17: 188 | ED17: =EC17-EB17 -> -80 | EE17: =ROUND(DY17/DI17*100,1) -> 20.8 | EF17: =ROUND(DZ17/DJ17*100,1) -> 9.3 | EG17: =EF17-EE17 -> -11.5 | EH17: 6389 | EI17: 5107 | EJ17: =EI17-EH17 -> -1282 | EK17: 2940 | EL17: 2004 | EM17: =EL17-EK17 -> -936 | EN17: =ROUND(EH17/DY17,0) -> 12 | EO17: =ROUND(EI17/DZ17,0) -> 15 | EP17: =EO17-EN17 -> 3 | EQ17: 15 | ES17: 9 | ET17: Кривошеинский | EU17: 09 | EV17: 58 | EW17: 56 | EX17: =EW17-EV17 -> -2 | EY17: 50 | EZ17: 49 | FA17: =EZ17-EY17 -> -1 | FB17: 39 | FC17: 37 | FD17: =FC17-FB17 -> -2 | FE17: 9 | FF17: 13 | FG17: =FF17-FE17 -> 4 | FH17: 19 | FI17: 20 | FJ17: =FI17-FH17 -> 1 | FK17: =ROUND((FE17+FH17)/FB17*100,1) -> 71.8 | FL17: =ROUND((FF17+FI17)/FC17*100,1) -> 89.2 | FM17: 3 | FN17: =ROUND(FB17/D17,0) -> 3 | FO17: =ROUND(FC17/G17,0) -> 2 | FP17: =FO17-FN17 -> -1 | FR17: 9 | FS17: Кривошеинский | FT17: 09 | FU17: =FW17+FX17+FY17+GA17 -> 35918.7 | FV17: =ROUND(FU17/G17,0) -> 2395 | FW17: 22353.6 | FX17: 11385.4 | FY17: 2179.7 | GB17: =ROUND((FW17+FX17)/FU17*100,1) -> 93.9 | GC17: 36145.5 | GD17: 25218.5 | GF17: 484.8 | GH17: 92.2
A18: 10 | B18: Молчановский | C18: 10 | D18: =E18+F18 -> 8 | F18: 8 | G18: =H18+I18 -> 8 | I18: 8 | J18: 875 | K18: 875 | L18: =K18-J18 -> 0 | M18: =ROUND(J18/D18,0) -> 109 | N18: =ROUND(K18/G18,0) -> 109 | O18: =N18-M18 -> 0 | P18: 10 | Q18: 10 | R18: =Q18-P18 -> 0 | S18: 5 | T18: 6 | U18: =T18-S18 -> 1 | X18: =W18-V18 -> 0 | Y18: =ROUND((S18+V18)/P18*100,1) -> 50 | Z18: =ROUND((T18+W18)/Q18*100,1) -> 60 | AA18: =Z18-Y18 -> 10 | AD18: =AC18-AB18 -> 0 | AF18: 10 | AG18: Молчановский | AH18: 10 | AI18: =AJ18+AK18 -> 12.1 | AK18: 12.1 | AL18: =AM18+AN18 -> 12.1 | AN18: 12.1 | AO18: =ROUND(AI18/D18,2) -> 1.51 | AP18: 0 | AQ18: =ROUND(AK18/F18,2) -> 1.51 | AR18: =ROUND(AL18/G18,2) -> 1.51 | AS18: 0 | AT18: =ROUND(AN18/I18,2) -> 1.51 | AU18: =AR18-AO18 -> 0 | AV18: =AS18-AP18 -> 0 | AW18: =AT18-AQ18 -> 0 | AY18: 10 | AZ18: Молчановский | BA18: 10 | BB18: 88 | BC18: 90 | BD18: =BC18-BB18 -> 2 | BE18: 88 | BF18: 90 | BG18: =BF18-BE18 -> 2 | BH18: =ROUND(BB18/D18,0) -> 11 | BI18: =ROUND(BC18/G18,0) -> 11 | BJ18: =BI18-BH18 -> 0 | BK18: 1549 | BL18: 1589 | BM18: =BL18-BK18 -> 40 | BN18: 1549 | BO18: 1589 | BP18: =BO18-BN18 -> 40 | BQ18: =ROUND(BK18/BB18,0) -> 18 | BR18: =ROUND(BL18/BC18,0) -> 18 | BS18: =BR18-BQ18 -> 0 | BT18: 4 | BU18: 22 | BV18: 25 | BW18: =BV18-BU18 -> 3 | BX18: 22 | BY18: 25 | BZ18: =BY18-BX18 -> 3 | CA18: 396 | CB18: 480 | CC18: =CB18-CA18 -> 84 | CD18: 396 | CE18: 480 | CF18: =CE18-CD18 -> 84 | CG18: 63 | CH18: 64 | CI18: =CH18-CG18 -> 1 | CJ18: 63 | CK18: 64 | CL18: =CK18-CJ18 -> 1 | CM18: 20 | CN18: 24 | CO18: =CN18-CM18 -> 4 | CP18: 20 | CQ18: 24 | CR18: =CQ18-CP18 -> 4 | CS18: 1066 | CT18: 1091 | CU18: =CT18-CS18 -> 25 | CV18: 1066 | CW18: 1091 | CX18: =CW18-CV18 -> 25 | CY18: 361 | CZ18: 433 | DA18: =CZ18-CY18 -> 72 | DB18: 361 | DC18: 433 | DD18: =DC18-DB18 -> 72 | DF18: 10 | DG18: Молчановский | DH18: 10 | DI18: 363 | DJ18: 536 | DK18: =DJ18-DI18 -> 173 | DL18: 119 | DM18: 258 | DN18: =DM18-DL18 -> 139 | DO18: 21295 | DP18: 21695 | DQ18: =DP18-DO18 -> 400 | DR18: 3726 | DS18: 8213 | DT18: =DS18-DR18 -> 4487 | DU18: =ROUND(DI18/D18,0) -> 45 | DV18: =ROUND(DJ18/G18,0) -> 67 | DW18: =DV18-DU18 -> 22 | DX18: 15 | DY18: 183 | DZ18: 56 | EA18: =DZ18-DY18 -> -127 | EB18: 55 | EC18: 49 | ED18: =EC18-EB18 -> -6 | EE18: =ROUND(DY18/DI18*100,1) -> 50.4 | EF18: =ROUND(DZ18/DJ18*100,1) -> 10.4 | EG18: =EF18-EE18 -> -40 | EH18: 6588 | EI18: 3967 | EJ18: =EI18-EH18 -> -2621 | EK18: 1240 | EL18: 3672 | EM18: =EL18-EK18 -> 2432 | EN18: =ROUND(EH18/DY18,0) -> 36 | EO18: =ROUND(EI18/DZ18,0) -> 71 | EP18: =EO18-EN18 -> 35 | EQ18: 5 | ES18: 10 | ET18: Молчановский | EU18: 10 | EV18: 71 | EW18: 66 | EX18: =EW18-EV18 -> -5 | EY18: 69 | EZ18: 66 | FA18: =EZ18-EY18 -> -3 | FB18: 41 | FC18: 37 | FD18: =FC18-FB18 -> -4 | FE18: 6 | FF18: 7 | FG18: =FF18-FE18 -> 1 | FH18: 17 | FI18: 22 | FJ18: =FI18-FH18 -> 5 | FK18: =ROUND((FE18+FH18)/FB18*100,1) -> 56.1 | FL18: =ROUND((FF18+FI18)/FC18*100,1) -> 78.4 | FM18: 9 | FN18: =ROUND(FB18/D18,0) -> 5 | FO18: =ROUND(FC18/G18,0) -> 5 | FP18: =FO18-FN18 -> 0 | FR18: 10 | FS18: Молчановский | FT18: 10 | FU18: =FW18+FX18+FY18+GA18 -> 43397.4 | FV18: =ROUND(FU18/G18,0) -> 5425 | FW18: 26736.1 | FX18: 15151.5 | FY18: 1307.2 | FZ18: 82.5 | GA18: 202.6 | GB18: =ROUND((FW18+FX18)/FU18*100,1) -> 96.5 | GC18: 43432.4 | GD18: 34874.8 | GE18: 498 | GF18: 171.3 | GH18: 39
A19: 11 | B19: Парабельский | C19: 11 | D19: =E19+F19 -> 12 | F19: 12 | G19: =H19+I19 -> 12 | I19: 12 | J19: 1061 | K19: 969 | L19: =K19-J19 -> -92 | M19: =ROUND(J19/D19,0) -> 88 | N19: =ROUND(K19/G19,0) -> 81 | O19: =N19-M19 -> -7 | P19: 12 | Q19: 12 | R19: =Q19-P19 -> 0 | S19: 1 | T19: 1 | U19: =T19-S19 -> 0 | X19: =W19-V19 -> 0 | Y19: =ROUND((S19+V19)/P19*100,1) -> 8.3 | Z19: =ROUND((T19+W19)/Q19*100,1) -> 8.3 | AA19: =Z19-Y19 -> 0 | AB19: 1 | AC19: 1 | AD19: =AC19-AB19 -> 0 | AF19: 11 | AG19: Парабельский | AH19: 11 | AI19: =AJ19+AK19 -> 12.1 | AK19: 12.1 | AL19: =AM19+AN19 -> 12 | AN19: 12 | AO19: =ROUND(AI19/D19,2) -> 1.01 | AP19: 0 | AQ19: =ROUND(AK19/F19,2) -> 1.01 | AR19: =ROUND(AL19/G19,2) -> 1 | AS19: 0 | AT19: =ROUND(AN19/I19,2) -> 1 | AU19: =AR19-AO19 -> -0.01 | AV19: =AS19-AP19 -> 0 | AW19: =AT19-AQ19 -> -0.01 | AY19: 11 | AZ19: Парабельский | BA19: 11 | BB19: 80 | BC19: 81 | BD19: =BC19-BB19 -> 1 | BE19: 80 | BF19: 81 | BG19: =BF19-BE19 -> 1 | BH19: =ROUND(BB19/D19,0) -> 7 | BI19: =ROUND(BC19/G19,0) -> 7 | BJ19: =BI19-BH19 -> 0 | BK19: 1114 | BL19: 1131 | BM19: =BL19-BK19 -> 17 | BN19: 1114 | BO19: 1131 | BP19: =BO19-BN19 -> 17 | BQ19: =ROUND(BK19/BB19,0) -> 14 | BR19: =ROUND(BL19/BC19,0) -> 14 | BS19: =BR19-BQ19 -> 0 | BT19: 7 | BU19: 22 | BV19: 21 | BW19: =BV19-BU19 -> -1 | BX19: 22 | BY19: 21 | BZ19: =BY19-BX19 -> -1 | CA19: 254 | CB19: 242 | CC19: =CB19-CA19 -> -12 | CD19: 254 | CE19: 242 | CF19: =CE19-CD19 -> -12 | CG19: 48 | CH19: 50 | CI19: =CH19-CG19 -> 2 | CJ19: 48 | CK19: 50 | CL19: =CK19-CJ19 -> 2 | CM19: 8 | CN19: 8 | CO19: =CN19-CM19 -> 0 | CP19: 8 | CQ19: 8 | CR19: =CQ19-CP19 -> 0 | CS19: 768 | CT19: 812 | CU19: =CT19-CS19 -> 44 | CV19: 768 | CW19: 812 | CX19: =CW19-CV19 -> 44 | CY19: 85 | CZ19: 115 | DA19: =CZ19-CY19 -> 30 | DB19: 85 | DC19: 115 | DD19: =DC19-DB19 -> 30 | DF19: 11 | DG19: Парабельский | DH19: 11 | DI19: 691 | DJ19: 1255 | DK19: =DJ19-DI19 -> 564 | DL19: 290 | DM19: 610 | DN19: =DM19-DL19 -> 320 | DO19: 18456 | DP19: 43781 | DQ19: =DP19-DO19 -> 25325 | DR19: 4315 | DS19: 11962 | DT19: =DS19-DR19 -> 7647 | DU19: =ROUND(DI19/D19,0) -> 58 | DV19: =ROUND(DJ19/G19,0) -> 105 | DW19: =DV19-DU19 -> 47 | DX19: 7 | DY19: 304 | DZ19: 492 | EA19: =DZ19-DY19 -> 188 | EB19: 122 | EC19: 253 | ED19: =EC19-EB19 -> 131 | EE19: =ROUND(DY19/DI19*100,1) -> 44 | EF19: =ROUND(DZ19/DJ19*100,1) -> 39.2 | EG19: =EF19-EE19 -> -4.8 | EH19: 6020 | EI19: 9183 | EJ19: =EI19-EH19 -> 3163 | EK19: 1319 | EL19: 3604 | EM19: =EL19-EK19 -> 2285 | EN19: =ROUND(EH19/DY19,0) -> 20 | EO19: =ROUND(EI19/DZ19,0) -> 19 | EP19: =EO19-EN19 -> -1 | EQ19: 12 | ES19: 11 | ET19: Парабельский | EU19: 11 | EV19: 57 | EW19: 57 | EX19: =EW19-EV19 -> 0 | EY19: 56 | EZ19: 57 | FA19: =EZ19-EY19 -> 1 | FB19: 34 | FC19: 36 | FD19: =FC19-FB19 -> 2 | FE19: 11 | FF19: 14 | FG19: =FF19-FE19 -> 3 | FH19: 10 | FI19: 12 | FJ19: =FI19-FH19 -> 2 | FK19: =ROUND((FE19+FH19)/FB19*100,1) -> 61.8 | FL19: =ROUND((FF19+FI19)/FC19*100,1) -> 72.2 | FM19: 11 | FN19: =ROUND(FB19/D19,0) -> 3 | FO19: =ROUND(FC19/G19,0) -> 3 | FP19: =FO19-FN19 -> 0 | FR19: 11 | FS19: Парабельский | FT19: 11 | FU19: =FW19+FX19+FY19+GA19 -> 55238 | FV19: =ROUND(FU19/G19,0) -> 4603 | FW19: 30109 | FX19: 22347 | FY19: 2782 | GB19: =ROUND((FW19+FX19)/FU19*100,1) -> 95 | GC19: 55076 | GD19: 36527 | GF19: 3486 | GH19: 926
A20: 12 | B20: Первомайский | C20: 12 | D20: =E20+F20 -> 22 | F20: 22 | G20: =H20+I20 -> 22 | I20: 22 | J20: 1485 | K20: 1425 | L20: =K20-J20 -> -60 | M20: =ROUND(J20/D20,0) -> 68 | N20: =ROUND(K20/G20,0) -> 65 | O20: =N20-M20 -> -3 | P20: 22 | Q20: 22 | R20: =Q20-P20 -> 0 | S20: 1 | U20: =T20-S20 -> -1 | X20: =W20-V20 -> 0 | Y20: =ROUND((S20+V20)/P20*100,1) -> 4.5 | Z20: =ROUND((T20+W20)/Q20*100,1) -> 0 | AA20: =Z20-Y20 -> -4.5 | AD20: =AC20-AB20 -> 0 | AF20: 12 | AG20: Первомайский | AH20: 12 | AI20: =AJ20+AK20 -> 16.4 | AK20: 16.4 | AL20: =AM20+AN20 -> 16.3 | AN20: 16.3 | AO20: =ROUND(AI20/D20,2) -> 0.75 | AP20: 0 | AQ20: =ROUND(AK20/F20,2) -> 0.75 | AR20: =ROUND(AL20/G20,2) -> 0.74 | AS20: 0 | AT20: =ROUND(AN20/I20,2) -> 0.74 | AU20: =AR20-AO20 -> -0.01 | AV20: =AS20-AP20 -> 0 | AW20: =AT20-AQ20 -> -0.01 | AY20: 12 | AZ20: Первомайский | BA20: 12 | BB20: 127 | BC20: 134 | BD20: =BC20-BB20 -> 7 | BE20: 127 | BF20: 134 | BG20: =BF20-BE20 -> 7 | BH20: =ROUND(BB20/D20,0) -> 6 | BI20: =ROUND(BC20/G20,0) -> 6 | BJ20: =BI20-BH20 -> 0 | BK20: 1883 | BL20: 1851 | BM20: =BL20-BK20 -> -32 | BN20: 1883 | BO20: 1851 | BP20: =BO20-BN20 -> -32 | BQ20: =ROUND(BK20/BB20,0) -> 15 | BR20: =ROUND(BL20/BC20,0) -> 14 | BS20: =BR20-BQ20 -> -1 | BT20: 7 | BU20: 58 | BV20: 44 | BW20: =BV20-BU20 -> -14 | BX20: 58 | BY20: 44 | BZ20: =BY20-BX20 -> -14 | CA20: 882 | CB20: 597 | CC20: =CB20-CA20 -> -285 | CD20: 882 | CE20: 597 | CF20: =CE20-CD20 -> -285 | CG20: 80 | CH20: 88 | CI20: =CH20-CG20 -> 8 | CJ20: 80 | CK20: 88 | CL20: =CK20-CJ20 -> 8 | CM20: 42 | CN20: 25 | CO20: =CN20-CM20 -> -17 | CP20: 42 | CQ20: 25 | CR20: =CQ20-CP20 -> -17 | CS20: 1140 | CT20: 1116 | CU20: =CT20-CS20 -> -24 | CV20: 1140 | CW20: 1116 | CX20: =CW20-CV20 -> -24 | CY20: 610 | CZ20: 321 | DA20: =CZ20-CY20 -> -289 | DB20: 610 | DC20: 321 | DD20: =DC20-DB20 -> -289 | DF20: 12 | DG20: Первомайский | DH20: 12 | DI20: 1127 | DJ20: 1602 | DK20: =DJ20-DI20 -> 475 | DL20: 361 | DM20: 704 | DN20: =DM20-DL20 -> 343 | DO20: 49371 | DP20: 79136 | DQ20: =DP20-DO20 -> 29765 | DR20: 8839 | DS20: 13013 | DT20: =DS20-DR20 -> 4174 | DU20: =ROUND(DI20/D20,0) -> 51 | DV20: =ROUND(DJ20/G20,0) -> 73 | DW20: =DV20-DU20 -> 22 | DX20: 14 | DY20: 464 | DZ20: 275 | EA20: =DZ20-DY20 -> -189 | EB20: 61 | EC20: 39 | ED20: =EC20-EB20 -> -22 | EE20: =ROUND(DY20/DI20*100,1) -> 41.2 | EF20: =ROUND(DZ20/DJ20*100,1) -> 17.2 | EG20: =EF20-EE20 -> -24 | EH20: 9764 | EI20: 5015 | EJ20: =EI20-EH20 -> -4749 | EK20: 1323 | EL20: 1519 | EM20: =EL20-EK20 -> 196 | EN20: =ROUND(EH20/DY20,0) -> 21 | EO20: =ROUND(EI20/DZ20,0) -> 18 | EP20: =EO20-EN20 -> -3 | EQ20: 13 | ES20: 12 | ET20: Первомайский | EU20: 12 | EV20: 88 | EW20: 89 | EX20: =EW20-EV20 -> 1 | EY20: 83 | EZ20: 85 | FA20: =EZ20-EY20 -> 2 | FB20: 57 | FC20: 58 | FD20: =FC20-FB20 -> 1 | FE20: 5 | FF20: 14 | FG20: =FF20-FE20 -> 9 | FH20: 18 | FI20: 24 | FJ20: =FI20-FH20 -> 6 | FK20: =ROUND((FE20+FH20)/FB20*100,1) -> 40.4 | FL20: =ROUND((FF20+FI20)/FC20*100,1) -> 65.5 | FM20: 15 | FN20: =ROUND(FB20/D20,0) -> 3 | FO20: =ROUND(FC20/G20,0) -> 3 | FP20: =FO20-FN20 -> 0 | FR20: 12 | FS20: Первомайский | FT20: 12 | FU20: =FW20+FX20+FY20+GA20 -> 52603.1 | FV20: =ROUND(FU20/G20,0) -> 2391 | FW20: 48804.7 | FY20: 3622.8 | FZ20: 1675 | GA20: 175.6 | GB20: =ROUND((FW20+FX20)/FU20*100,1) -> 92.8 | GC20: 52603.1 | GD20: 32935.4 | GE20: 1740.7 | GF20: 987.9 | GG20: 229.1 | GH20: 2167.8
A21: 13 | B21: Тегульдетский | C21: 13 | D21: =E21+F21 -> 6 | F21: 6 | G21: =H21+I21 -> 6 | I21: 6 | J21: 372 | K21: 372 | L21: =K21-J21 -> 0 | M21: =ROUND(J21/D21,0) -> 62 | N21: =ROUND(K21/G21,0) -> 62 | O21: =N21-M21 -> 0 | P21: 6 | Q21: 6 | R21: =Q21-P21 -> 0 | T21: 1 | U21: =T21-S21 -> 1 | X21: =W21-V21 -> 0 | Y21: =ROUND((S21+V21)/P21*100,1) -> 0 | Z21: =ROUND((T21+W21)/Q21*100,1) -> 16.7 | AA21: =Z21-Y21 -> 16.7 | AB21: 1 | AC21: 1 | AD21: =AC21-AB21 -> 0 | AF21: 13 | AG21: Тегульдетский | AH21: 13 | AI21: =AJ21+AK21 -> 6 | AK21: 6 | AL21: =AM21+AN21 -> 6 | AN21: 6 | AO21: =ROUND(AI21/D21,2) -> 1 | AP21: 0 | AQ21: =ROUND(AK21/F21,2) -> 1 | AR21: =ROUND(AL21/G21,2) -> 1 | AS21: 0 | AT21: =ROUND(AN21/I21,2) -> 1 | AU21: =AR21-AO21 -> 0 | AV21: =AS21-AP21 -> 0 | AW21: =AT21-AQ21 -> 0 | AY21: 13 | AZ21: Тегульдетский | BA21: 13 | BB21: 26 | BC21: 26 | BD21: =BC21-BB21 -> 0 | BE21: 26 | BF21: 26 | BG21: =BF21-BE21 -> 0 | BH21: =ROUND(BB21/D21,0) -> 4 | BI21: =ROUND(BC21/G21,0) -> 4 | BJ21: =BI21-BH21 -> 0 | BK21: 470 | BL21: 470 | BM21: =BL21-BK21 -> 0 | BN21: 470 | BO21: 470 | BP21: =BO21-BN21 -> 0 | BQ21: =ROUND(BK21/BB21,0) -> 18 | BR21: =ROUND(BL21/BC21,0) -> 18 | BS21: =BR21-BQ21 -> 0 | BT21: 4 | BU21: 12 | BV21: 12 | BW21: =BV21-BU21 -> 0 | BX21: 12 | BY21: 12 | BZ21: =BY21-BX21 -> 0 | CA21: 241 | CB21: 241 | CC21: =CB21-CA21 -> 0 | CD21: 241 | CE21: 241 | CF21: =CE21-CD21 -> 0 | CG21: 12 | CH21: 12 | CI21: =CH21-CG21 -> 0 | CJ21: 12 | CK21: 12 | CL21: =CK21-CJ21 -> 0 | CM21: 6 | CN21: 6 | CO21: =CN21-CM21 -> 0 | CP21: 6 | CQ21: 6 | CR21: =CQ21-CP21 -> 0 | CS21: 288 | CT21: 288 | CU21: =CT21-CS21 -> 0 | CV21: 288 | CW21: 288 | CX21: =CW21-CV21 -> 0 | CY21: 163 | CZ21: 163 | DA21: =CZ21-CY21 -> 0 | DB21: 163 | DC21: 163 | DD21: =DC21-DB21 -> 0 | DF21: 13 | DG21: Тегульдетский | DH21: 13 | DI21: 341 | DJ21: 444 | DK21: =DJ21-DI21 -> 103 | DL21: 89 | DM21: 183 | DN21: =DM21-DL21 -> 94 | DO21: 13574 | DP21: 14311 | DQ21: =DP21-DO21 -> 737 | DR21: 3819 | DS21: 5299 | DT21: =DS21-DR21 -> 1480 | DU21: =ROUND(DI21/D21,0) -> 57 | DV21: =ROUND(DJ21/G21,0) -> 74 | DW21: =DV21-DU21 -> 17 | DX21: 13 | DY21: 162 | DZ21: 30 | EA21: =DZ21-DY21 -> -132 | EB21: 29 | EC21: 30 | ED21: =EC21-EB21 -> 1 | EE21: =ROUND(DY21/DI21*100,1) -> 47.5 | EF21: =ROUND(DZ21/DJ21*100,1) -> 6.8 | EG21: =EF21-EE21 -> -40.7 | EH21: 7752 | EI21: 1310 | EJ21: =EI21-EH21 -> -6442 | EK21: 2747 | EL21: 1310 | EM21: =EL21-EK21 -> -1437 | EN21: =ROUND(EH21/DY21,0) -> 48 | EO21: =ROUND(EI21/DZ21,0) -> 44 | EP21: =EO21-EN21 -> -4 | EQ21: 8 | ES21: 13 | ET21: Тегульдетский | EU21: 13 | EV21: 34 | EW21: 38 | EX21: =EW21-EV21 -> 4 | EY21: 34 | EZ21: 37 | FA21: =EZ21-EY21 -> 3 | FB21: 16 | FC21: 17 | FD21: =FC21-FB21 -> 1 | FE21: 2 | FF21: 2 | FG21: =FF21-FE21 -> 0 | FH21: 5 | FI21: 7 | FJ21: =FI21-FH21 -> 2 | FK21: =ROUND((FE21+FH21)/FB21*100,1) -> 43.8 | FL21: =ROUND((FF21+FI21)/FC21*100,1) -> 52.9 | FM21: 16 | FN21: =ROUND(FB21/D21,0) -> 3 | FO21: =ROUND(FC21/G21,0) -> 3 | FP21: =FO21-FN21 -> 0 | FR21: 13 | FS21: Тегульдетский | FT21: 13 | FU21: =FW21+FX21+FY21+GA21 -> 95132 | FV21: =ROUND(FU21/G21,0) -> 15855 | FW21: 33547 | FX21: 61339 | FY21: 246 | GB21: =ROUND((FW21+FX21)/FU21*100,1) -> 99.7 | GC21: 86675 | GD21: 17993 | GE21: 57056 | GF21: 2131 | GG21: 49 | GH21: 99
A22: 14 | B22: Томский | C22: 14 | D22: =E22+F22 -> 38 | F22: 38 | G22: =H22+I22 -> 38 | I22: 38 | J22: 5827 | K22: 5827 | L22: =K22-J22 -> 0 | M22: =ROUND(J22/D22,0) -> 153 | N22: =ROUND(K22/G22,0) -> 153 | O22: =N22-M22 -> 0 | P22: 41 | Q22: 41 | R22: =Q22-P22 -> 0 | S22: 11 | T22: 12 | U22: =T22-S22 -> 1 | V22: 2 | W22: 1 | X22: =W22-V22 -> -1 | Y22: =ROUND((S22+V22)/P22*100,1) -> 31.7 | Z22: =ROUND((T22+W22)/Q22*100,1) -> 31.7 | AA22: =Z22-Y22 -> 0 | AB22: 1 | AC22: 1 | AD22: =AC22-AB22 -> 0 | AF22: 14 | AG22: Томский | AH22: 14 | AI22: =AJ22+AK22 -> 79.5 | AK22: 79.5 | AL22: =AM22+AN22 -> 81.2 | AN22: 81.2 | AO22: =ROUND(AI22/D22,2) -> 2.09 | AP22: 0 | AQ22: =ROUND(AK22/F22,2) -> 2.09 | AR22: =ROUND(AL22/G22,2) -> 2.14 | AS22: 0 | AT22: =ROUND(AN22/I22,2) -> 2.14 | AU22: =AR22-AO22 -> 0.05 | AV22: =AS22-AP22 -> 0 | AW22: =AT22-AQ22 -> 0.05 | AY22: 14 | AZ22: Томский | BA22: 14 | BB22: 321 | BC22: 341 | BD22: =BC22-BB22 -> 20 | BE22: 321 | BF22: 341 | BG22: =BF22-BE22 -> 20 | BH22: =ROUND(BB22/D22,0) -> 8 | BI22: =ROUND(BC22/G22,0) -> 9 | BJ22: =BI22-BH22 -> 1 | BK22: 4086 | BL22: 4213 | BM22: =BL22-BK22 -> 127 | BN22: 4086 | BO22: 4213 | BP22: =BO22-BN22 -> 127 | BQ22: =ROUND(BK22/BB22,0) -> 13 | BR22: =ROUND(BL22/BC22,0) -> 12 | BS22: =BR22-BQ22 -> -1 | BT22: 8 | BU22: 169 | BV22: 184 | BW22: =BV22-BU22 -> 15 | BX22: 169 | BY22: 184 | BZ22: =BY22-BX22 -> 15 | CA22: 2254 | CB22: 2361 | CC22: =CB22-CA22 -> 107 | CD22: 2254 | CE22: 2361 | CF22: =CE22-CD22 -> 107 | CG22: 186 | CH22: 197 | CI22: =CH22-CG22 -> 11 | CJ22: 186 | CK22: 197 | CL22: =CK22-CJ22 -> 11 | CM22: 85 | CN22: 107 | CO22: =CN22-CM22 -> 22 | CP22: 85 | CQ22: 107 | CR22: =CQ22-CP22 -> 22 | CS22: 2242 | CT22: 2334 | CU22: =CT22-CS22 -> 92 | CV22: 2242 | CW22: 2334 | CX22: =CW22-CV22 -> 92 | CY22: 1140 | CZ22: 1412 | DA22: =CZ22-CY22 -> 272 | DB22: 1140 | DC22: 1412 | DD22: =DC22-DB22 -> 272 | DF22: 14 | DG22: Томский | DH22: 14 | DI22: 896 | DJ22: 2267 | DK22: =DJ22-DI22 -> 1371 | DL22: 413 | DM22: 1160 | DN22: =DM22-DL22 -> 747 | DO22: 57444 | DP22: 69087 | DQ22: =DP22-DO22 -> 11643 | DR22: 20094 | DS22: 34091 | DT22: =DS22-DR22 -> 13997 | DU22: =ROUND(DI22/D22,0) -> 24 | DV22: =ROUND(DJ22/G22,0) -> 60 | DW22: =DV22-DU22 -> 36 | DX22: 17 | DY22: 82 | DZ22: 24 | EA22: =DZ22-DY22 -> -58 | EB22: 35 | EC22: 14 | ED22: =EC22-EB22 -> -21 | EE22: =ROUND(DY22/DI22*100,1) -> 9.2 | EF22: =ROUND(DZ22/DJ22*100,1) -> 1.1 | EG22: =EF22-EE22 -> -8.1 | EH22: 3310 | EI22: 1180 | EJ22: =EI22-EH22 -> -2130 | EK22: 708 | EL22: 775 | EM22: =EL22-EK22 -> 67 | EN22: =ROUND(EH22/DY22,0) -> 40 | EO22: =ROUND(EI22/DZ22,0) -> 49 | EP22: =EO22-EN22 -> 9 | EQ22: 7 | ES22: 14 | ET22: Томский | EU22: 14 | EV22: 280 | EW22: 278 | EX22: =EW22-EV22 -> -2 | EY22: 226 | EZ22: 228 | FA22: =EZ22-EY22 -> 2 | FB22: 179 | FC22: 163 | FD22: =FC22-FB22 -> -16 | FE22: 70 | FF22: 66 | FG22: =FF22-FE22 -> -4 | FH22: 91 | FI22: 83 | FJ22: =FI22-FH22 -> -8 | FK22: =ROUND((FE22+FH22)/FB22*100,1) -> 89.9 | FL22: =ROUND((FF22+FI22)/FC22*100,1) -> 91.4 | FM22: 2 | FN22: =ROUND(FB22/D22,0) -> 5 | FO22: =ROUND(FC22/G22,0) -> 4 | FP22: =FO22-FN22 -> -1 | FR22: 14 | FS22: Томский | FT22: 14 | FU22: =FW22+FX22+FY22+GA22 -> 142387.1 | FV22: =ROUND(FU22/G22,0) -> 3747 | FW22: 96170.8 | FX22: 44901.6 | FY22: 1121.6 | FZ22: 803.5 | GA22: 193.1 | GB22: =ROUND((FW22+FX22)/FU22*100,1) -> 99.1 | GC22: 143803.4 | GD22: 99270.1 | GE22: 2970 | GF22: 4496.5 | GH22: 5626.6
A23: 15 | B23: Чаинский | C23: 15 | D23: =E23+F23 -> 14 | F23: 14 | G23: =H23+I23 -> 14 | I23: 14 | J23: 1726 | K23: 1726 | L23: =K23-J23 -> 0 | M23: =ROUND(J23/D23,0) -> 123 | N23: =ROUND(K23/G23,0) -> 123 | O23: =N23-M23 -> 0 | P23: 14 | Q23: 14 | R23: =Q23-P23 -> 0 | S23: 2 | T23: 2 | U23: =T23-S23 -> 0 | X23: =W23-V23 -> 0 | Y23: =ROUND((S23+V23)/P23*100,1) -> 14.3 | Z23: =ROUND((T23+W23)/Q23*100,1) -> 14.3 | AA23: =Z23-Y23 -> 0 | AD23: =AC23-AB23 -> 0 | AF23: 15 | AG23: Чаинский | AH23: 15 | AI23: =AJ23+AK23 -> 11.5 | AK23: 11.5 | AL23: =AM23+AN23 -> 11.4 | AN23: 11.4 | AO23: =ROUND(AI23/D23,2) -> 0.82 | AP23: 0 | AQ23: =ROUND(AK23/F23,2) -> 0.82 | AR23: =ROUND(AL23/G23,2) -> 0.81 | AS23: 0 | AT23: =ROUND(AN23/I23,2) -> 0.81 | AU23: =AR23-AO23 -> -0.01 | AV23: =AS23-AP23 -> 0 | AW23: =AT23-AQ23 -> -0.01 | AY23: 15 | AZ23: Чаинский | BA23: 15 | BB23: 85 | BC23: 86 | BD23: =BC23-BB23 -> 1 | BE23: 85 | BF23: 86 | BG23: =BF23-BE23 -> 1 | BH23: =ROUND(BB23/D23,0) -> 6 | BI23: =ROUND(BC23/G23,0) -> 6 | BJ23: =BI23-BH23 -> 0 | BK23: 1170 | BL23: 1172 | BM23: =BL23-BK23 -> 2 | BN23: 1170 | BO23: 1172 | BP23: =BO23-BN23 -> 2 | BQ23: =ROUND(BK23/BB23,0) -> 14 | BR23: =ROUND(BL23/BC23,0) -> 14 | BS23: =BR23-BQ23 -> 0 | BT23: 7 | BU23: 22 | BV23: 23 | BW23: =BV23-BU23 -> 1 | BX23: 22 | BY23: 23 | BZ23: =BY23-BX23 -> 1 | CA23: 309 | CB23: 316 | CC23: =CB23-CA23 -> 7 | CD23: 309 | CE23: 316 | CF23: =CE23-CD23 -> 7 | CG23: 44 | CH23: 44 | CI23: =CH23-CG23 -> 0 | CJ23: 44 | CK23: 44 | CL23: =CK23-CJ23 -> 0 | CM23: 12 | CN23: 13 | CO23: =CN23-CM23 -> 1 | CP23: 12 | CQ23: 13 | CR23: =CQ23-CP23 -> 1 | CS23: 507 | CT23: 505 | CU23: =CT23-CS23 -> -2 | CV23: 507 | CW23: 505 | CX23: =CW23-CV23 -> -2 | CY23: 137 | CZ23: 140 | DA23: =CZ23-CY23 -> 3 | DB23: 137 | DC23: 140 | DD23: =DC23-DB23 -> 3 | DF23: 15 | DG23: Чаинский | DH23: 15 | DI23: 956 | DJ23: 933 | DK23: =DJ23-DI23 -> -23 | DL23: 277 | DM23: 216 | DN23: =DM23-DL23 -> -61 | DO23: 44658 | DP23: 46620 | DQ23: =DP23-DO23 -> 1962 | DR23: 7365 | DS23: 4603 | DT23: =DS23-DR23 -> -2762 | DU23: =ROUND(DI23/D23,0) -> 68 | DV23: =ROUND(DJ23/G23,0) -> 67 | DW23: =DV23-DU23 -> -1 | DX23: 15 | DY23: 435 | DZ23: 255 | EA23: =DZ23-DY23 -> -180 | EB23: 113 | EC23: 51 | ED23: =EC23-EB23 -> -62 | EE23: =ROUND(DY23/DI23*100,1) -> 45.5 | EF23: =ROUND(DZ23/DJ23*100,1) -> 27.3 | EG23: =EF23-EE23 -> -18.2 | EH23: 16447 | EI23: 18143 | EJ23: =EI23-EH23 -> 1696 | EK23: 745 | EL23: 1408 | EM23: =EL23-EK23 -> 663 | EN23: =ROUND(EH23/DY23,0) -> 38 | EO23: =ROUND(EI23/DZ23,0) -> 71 | EP23: =EO23-EN23 -> 33 | EQ23: 5 | ES23: 15 | ET23: Чаинский | EU23: 15 | EV23: 66 | EW23: 64 | EX23: =EW23-EV23 -> -2 | EY23: 59 | EZ23: 58 | FA23: =EZ23-EY23 -> -1 | FB23: 40 | FC23: 34 | FD23: =FC23-FB23 -> -6 | FE23: 7 | FF23: 7 | FG23: =FF23-FE23 -> 0 | FH23: 20 | FI23: 20 | FJ23: =FI23-FH23 -> 0 | FK23: =ROUND((FE23+FH23)/FB23*100,1) -> 67.5 | FL23: =ROUND((FF23+FI23)/FC23*100,1) -> 79.4 | FM23: 8 | FN23: =ROUND(FB23/D23,0) -> 3 | FO23: =ROUND(FC23/G23,0) -> 2 | FP23: =FO23-FN23 -> -1 | FR23: 15 | FS23: Чаинский | FT23: 15 | FU23: =FW23+FX23+FY23+GA23 -> 65365 | FV23: =ROUND(FU23/G23,0) -> 4669 | FW23: 55648.1 | FX23: 9180.9 | FY23: 516 | GA23: 20 | GB23: =ROUND((FW23+FX23)/FU23*100,1) -> 99.2 | GC23: 65306 | GD23: 44702 | GE23: 12 | GF23: 179 | GH23: 219
A24: 16 | B24: Шегарский | C24: 16 | D24: =E24+F24 -> 15 | F24: 15 | G24: =H24+I24 -> 14 | I24: 14 | J24: 1222 | K24: 1032 | L24: =K24-J24 -> -190 | M24: =ROUND(J24/D24,0) -> 81 | N24: =ROUND(K24/G24,0) -> 74 | O24: =N24-M24 -> -7 | P24: 15 | Q24: 13 | R24: =Q24-P24 -> -2 | S24: 8 | T24: 8 | U24: =T24-S24 -> 0 | X24: =W24-V24 -> 0 | Y24: =ROUND((S24+V24)/P24*100,1) -> 53.3 | Z24: =ROUND((T24+W24)/Q24*100,1) -> 61.5 | AA24: =Z24-Y24 -> 8.2 | AD24: =AC24-AB24 -> 0 | AF24: 16 | AG24: Шегарский | AH24: 16 | AI24: =AJ24+AK24 -> 18.9 | AK24: 18.9 | AL24: =AM24+AN24 -> 19 | AN24: 19 | AO24: =ROUND(AI24/D24,2) -> 1.26 | AP24: 0 | AQ24: =ROUND(AK24/F24,2) -> 1.26 | AR24: =ROUND(AL24/G24,2) -> 1.36 | AS24: 0 | AT24: =ROUND(AN24/I24,2) -> 1.36 | AU24: =AR24-AO24 -> 0.1 | AV24: =AS24-AP24 -> 0 | AW24: =AT24-AQ24 -> 0.1 | AY24: 16 | AZ24: Шегарский | BA24: 16 | BB24: 61 | BC24: 56 | BD24: =BC24-BB24 -> -5 | BE24: 61 | BF24: 56 | BG24: =BF24-BE24 -> -5 | BH24: =ROUND(BB24/D24,0) -> 4 | BI24: =ROUND(BC24/G24,0) -> 4 | BJ24: =BI24-BH24 -> 0 | BK24: 875 | BL24: 695 | BM24: =BL24-BK24 -> -180 | BN24: 875 | BO24: 695 | BP24: =BO24-BN24 -> -180 | BQ24: =ROUND(BK24/BB24,0) -> 14 | BR24: =ROUND(BL24/BC24,0) -> 12 | BS24: =BR24-BQ24 -> -2 | BT24: 8 | BU24: 36 | BV24: 36 | BW24: =BV24-BU24 -> 0 | BX24: 36 | BY24: 36 | BZ24: =BY24-BX24 -> 0 | CA24: 568 | CB24: 470 | CC24: =CB24-CA24 -> -98 | CD24: 568 | CE24: 470 | CF24: =CE24-CD24 -> -98 | CG24: 26 | CH24: 25 | CI24: =CH24-CG24 -> -1 | CJ24: 26 | CK24: 25 | CL24: =CK24-CJ24 -> -1 | CM24: 10 | CN24: 13 | CO24: =CN24-CM24 -> 3 | CP24: 10 | CQ24: 13 | CR24: =CQ24-CP24 -> 3 | CS24: 391 | CT24: 321 | CU24: =CT24-CS24 -> -70 | CV24: 391 | CW24: 321 | CX24: =CW24-CV24 -> -70 | CY24: 207 | CZ24: 180 | DA24: =CZ24-CY24 -> -27 | DB24: 207 | DC24: 180 | DD24: =DC24-DB24 -> -27 | DF24: 16 | DG24: Шегарский | DH24: 16 | DI24: 716 | DJ24: 1327 | DK24: =DJ24-DI24 -> 611 | DL24: 343 | DM24: 718 | DN24: =DM24-DL24 -> 375 | DO24: 30430 | DP24: 35320 | DQ24: =DP24-DO24 -> 4890 | DR24: 10143 | DS24: 12323 | DT24: =DS24-DR24 -> 2180 | DU24: =ROUND(DI24/D24,0) -> 48 | DV24: =ROUND(DJ24/G24,0) -> 95 | DW24: =DV24-DU24 -> 47 | DX24: 8 | DY24: 159 | DZ24: 144 | EA24: =DZ24-DY24 -> -15 | EB24: 47 | EC24: 55 | ED24: =EC24-EB24 -> 8 | EE24: =ROUND(DY24/DI24*100,1) -> 22.2 | EF24: =ROUND(DZ24/DJ24*100,1) -> 10.9 | EG24: =EF24-EE24 -> -11.3 | EH24: 1993 | EI24: 2509 | EJ24: =EI24-EH24 -> 516 | EK24: 623 | EL24: 1003 | EM24: =EL24-EK24 -> 380 | EN24: =ROUND(EH24/DY24,0) -> 13 | EO24: =ROUND(EI24/DZ24,0) -> 17 | EP24: =EO24-EN24 -> 4 | EQ24: 14 | ES24: 16 | ET24: Шегарский | EU24: 16 | EV24: 50 | EW24: 44 | EX24: =EW24-EV24 -> -6 | EY24: 50 | EZ24: 44 | FA24: =EZ24-EY24 -> -6 | FB24: 34 | FC24: 31 | FD24: =FC24-FB24 -> -3 | FE24: 4 | FF24: 2 | FG24: =FF24-FE24 -> -2 | FH24: 24 | FI24: 23 | FJ24: =FI24-FH24 -> -1 | FK24: =ROUND((FE24+FH24)/FB24*100,1) -> 82.4 | FL24: =ROUND((FF24+FI24)/FC24*100,1) -> 80.6 | FM24: 6 | FN24: =ROUND(FB24/D24,0) -> 2 | FO24: =ROUND(FC24/G24,0) -> 2 | FP24: =FO24-FN24 -> 0 | FR24: 16 | FS24: Шегарский | FT24: 16 | FU24: =FW24+FX24+FY24+GA24 -> 27244.6 | FV24: =ROUND(FU24/G24,0) -> 1946 | FW24: 26903.8 | FY24: 340.8 | GB24: =ROUND((FW24+FX24)/FU24*100,1) -> 98.7 | GC24: 25349.8 | GD24: 22028.2 | GF24: 331.5 | GH24: 287.9
A25: 17 | B25: г.Кедровый | C25: 17 | D25: =E25+F25 -> 2 | E25: 1 | F25: 1 | G25: =H25+I25 -> 2 | H25: 1 | I25: 1 | J25: 162 | K25: 162 | L25: =K25-J25 -> 0 | M25: =ROUND(J25/D25,0) -> 81 | N25: =ROUND(K25/G25,0) -> 81 | O25: =N25-M25 -> 0 | P25: 2 | Q25: 2 | R25: =Q25-P25 -> 0 | S25: 2 | T25: 2 | U25: =T25-S25 -> 0 | X25: =W25-V25 -> 0 | Y25: =ROUND((S25+V25)/P25*100,1) -> 100 | Z25: =ROUND((T25+W25)/Q25*100,1) -> 100 | AA25: =Z25-Y25 -> 0 | AD25: =AC25-AB25 -> 0 | AF25: 17 | AG25: г.Кедровый | AH25: 17 | AI25: =AJ25+AK25 -> 3 | AJ25: 1.9 | AK25: 1.1 | AL25: =AM25+AN25 -> 3 | AM25: 1.9 | AN25: 1.1 | AO25: =ROUND(AI25/D25,2) -> 1.5 | AP25: =ROUND(AJ25/E25,2) -> 1.9 | AQ25: =ROUND(AK25/F25,2) -> 1.1 | AR25: =ROUND(AL25/G25,2) -> 1.5 | AS25: =ROUND(AM25/H25,2) -> 1.9 | AT25: =ROUND(AN25/I25,2) -> 1.1 | AU25: =AR25-AO25 -> 0 | AV25: =AS25-AP25 -> 0 | AW25: =AT25-AQ25 -> 0 | AY25: 17 | AZ25: г.Кедровый | BA25: 17 | BB25: 7 | BC25: 8 | BD25: =BC25-BB25 -> 1 | BE25: 4 | BF25: 4 | BG25: =BF25-BE25 -> 0 | BH25: =ROUND(BB25/D25,0) -> 4 | BI25: =ROUND(BC25/G25,0) -> 4 | BJ25: =BI25-BH25 -> 0 | BK25: 82 | BL25: 88 | BM25: =BL25-BK25 -> 6 | BN25: 46 | BO25: 46 | BP25: =BO25-BN25 -> 0 | BQ25: =ROUND(BK25/BB25,0) -> 12 | BR25: =ROUND(BL25/BC25,0) -> 11 | BS25: =BR25-BQ25 -> -1 | BT25: 9 | BU25: 2 | BV25: 3 | BW25: =BV25-BU25 -> 1 | BX25: 1 | BY25: 1 | BZ25: =BY25-BX25 -> 0 | CA25: 23 | CB25: 35 | CC25: =CB25-CA25 -> 12 | CD25: 5 | CE25: 13 | CF25: =CE25-CD25 -> 8 | CG25: 5 | CH25: 6 | CI25: =CH25-CG25 -> 1 | CJ25: 3 | CK25: 3 | CL25: =CK25-CJ25 -> 0 | CM25: 2 | CN25: 3 | CO25: =CN25-CM25 -> 1 | CP25: 1 | CQ25: 1 | CR25: =CQ25-CP25 -> 0 | CS25: 50 | CT25: 66 | CU25: =CT25-CS25 -> 16 | CV25: 26 | CW25: 34 | CX25: =CW25-CV25 -> 8 | CY25: 23 | CZ25: 35 | DA25: =CZ25-CY25 -> 12 | DB25: 5 | DC25: 13 | DD25: =DC25-DB25 -> 8 | DF25: 17 | DG25: г.Кедровый | DH25: 17 | DI25: 63 | DJ25: 123 | DK25: =DJ25-DI25 -> 60 | DL25: 29 | DM25: 77 | DN25: =DM25-DL25 -> 48 | DO25: 4033 | DP25: 4690 | DQ25: =DP25-DO25 -> 657 | DR25: 1406 | DS25: 1975 | DT25: =DS25-DR25 -> 569 | DU25: =ROUND(DI25/D25,0) -> 32 | DV25: =ROUND(DJ25/G25,0) -> 62 | DW25: =DV25-DU25 -> 30 | DX25: 16 | DY25: 13 | DZ25: 35 | EA25: =DZ25-DY25 -> 22 | EB25: 3 | EC25: 27 | ED25: =EC25-EB25 -> 24 | EE25: =ROUND(DY25/DI25*100,1) -> 20.6 | EF25: =ROUND(DZ25/DJ25*100,1) -> 28.5 | EG25: =EF25-EE25 -> 7.9 | EH25: 806 | EI25: 931 | EJ25: =EI25-EH25 -> 125 | EK25: 213 | EL25: 513 | EM25: =EL25-EK25 -> 300 | EN25: =ROUND(EH25/DY25,0) -> 62 | EO25: =ROUND(EI25/DZ25,0) -> 27 | EP25: =EO25-EN25 -> -35 | EQ25: 10 | ES25: 17 | ET25: г.Кедровый | EU25: 17 | EV25: 18 | EW25: 18 | EX25: =EW25-EV25 -> 0 | EY25: 17 | EZ25: 17 | FA25: =EZ25-EY25 -> 0 | FB25: 9 | FC25: 9 | FD25: =FC25-FB25 -> 0 | FE25: 3 | FF25: 4 | FG25: =FF25-FE25 -> 1 | FH25: 2 | FI25: 2 | FJ25: =FI25-FH25 -> 0 | FK25: =ROUND((FE25+FH25)/FB25*100,1) -> 55.6 | FL25: =ROUND((FF25+FI25)/FC25*100,1) -> 66.7 | FM25: 14 | FN25: =ROUND(FB25/D25,0) -> 5 | FO25: =ROUND(FC25/G25,0) -> 5 | FP25: =FO25-FN25 -> 0 | FR25: 17 | FS25: г.Кедровый | FT25: 17 | FU25: =FW25+FX25+FY25+GA25 -> 14930.9 | FV25: =ROUND(FU25/G25,0) -> 7465 | FW25: 10209.9 | FX25: 4602.8 | FY25: 118.2 | GB25: =ROUND((FW25+FX25)/FU25*100,1) -> 99.2 | GC25: 14796.8 | GD25: 11192.7 | GE25: 26.1 | GF25: 1915.6 | GH25: 68.2
A26: 18 | B26: г.Стрежевой | C26: 18 | D26: =E26+F26 -> 1 | E26: 1 | G26: =H26+I26 -> 1 | H26: 1 | J26: 385 | K26: 385 | L26: =K26-J26 -> 0 | M26: =ROUND(J26/D26,0) -> 385 | N26: =ROUND(K26/G26,0) -> 385 | O26: =N26-M26 -> 0 | P26: 2 | Q26: 4 | R26: =Q26-P26 -> 2 | U26: =T26-S26 -> 0 | X26: =W26-V26 -> 0 | Y26: =ROUND((S26+V26)/P26*100,1) -> 0 | Z26: =ROUND((T26+W26)/Q26*100,1) -> 0 | AA26: =Z26-Y26 -> 0 | AD26: =AC26-AB26 -> 0 | AF26: 18 | AG26: г.Стрежевой | AH26: 18 | AI26: =AJ26+AK26 -> 40.8 | AJ26: 40.8 | AL26: =AM26+AN26 -> 39.9 | AM26: 39.9 | AO26: =ROUND(AI26/D26,2) -> 40.8 | AP26: =ROUND(AJ26/E26,2) -> 40.8 | AQ26: 0 | AR26: =ROUND(AL26/G26,2) -> 39.9 | AS26: =ROUND(AM26/H26,2) -> 39.9 | AT26: 0 | AU26: =AR26-AO26 -> -0.9 | AV26: =AS26-AP26 -> -0.9 | AW26: =AT26-AQ26 -> 0 | AY26: 18 | AZ26: г.Стрежевой | BA26: 18 | BB26: 48 | BC26: 45 | BD26: =BC26-BB26 -> -3 | BG26: =BF26-BE26 -> 0 | BH26: =ROUND(BB26/D26,0) -> 48 | BI26: =ROUND(BC26/G26,0) -> 45 | BJ26: =BI26-BH26 -> -3 | BK26: 1058 | BL26: 990 | BM26: =BL26-BK26 -> -68 | BP26: =BO26-BN26 -> 0 | BQ26: =ROUND(BK26/BB26,0) -> 22 | BR26: =ROUND(BL26/BC26,0) -> 22 | BS26: =BR26-BQ26 -> 0 | BT26: 2 | BU26: 17 | BV26: 17 | BW26: =BV26-BU26 -> 0 | BZ26: =BY26-BX26 -> 0 | CA26: 356 | CB26: 374 | CC26: =CB26-CA26 -> 18 | CF26: =CE26-CD26 -> 0 | CG26: 29 | CH26: 27 | CI26: =CH26-CG26 -> -2 | CL26: =CK26-CJ26 -> 0 | CM26: 14 | CN26: 11 | CO26: =CN26-CM26 -> -3 | CR26: =CQ26-CP26 -> 0 | CS26: 484 | CT26: 493 | CU26: =CT26-CS26 -> 9 | CX26: =CW26-CV26 -> 0 | CY26: 223 | CZ26: 229 | DA26: =CZ26-CY26 -> 6 | DD26: =DC26-DB26 -> 0 | DF26: 18 | DG26: г.Стрежевой | DH26: 18 | DI26: 140 | DJ26: 214 | DK26: =DJ26-DI26 -> 74 | DL26: 50 | DM26: 119 | DN26: =DM26-DL26 -> 69 | DO26: 32770 | DP26: 24573 | DQ26: =DP26-DO26 -> -8197 | DR26: 2837 | DS26: 8238 | DT26: =DS26-DR26 -> 5401 | DU26: =ROUND(DI26/D26,0) -> 140 | DV26: =ROUND(DJ26/G26,0) -> 214 | DW26: =DV26-DU26 -> 74 | DX26: 2 | DY26: 54 | DZ26: 91 | EA26: =DZ26-DY26 -> 37 | EB26: 24 | EC26: 66 | ED26: =EC26-EB26 -> 42 | EE26: =ROUND(DY26/DI26*100,1) -> 38.6 | EF26: =ROUND(DZ26/DJ26*100,1) -> 42.5 | EG26: =EF26-EE26 -> 3.9 | EH26: 9008 | EI26: 7122 | EJ26: =EI26-EH26 -> -1886 | EK26: 1916 | EL26: 2472 | EM26: =EL26-EK26 -> 556 | EN26: =ROUND(EH26/DY26,0) -> 167 | EO26: =ROUND(EI26/DZ26,0) -> 78 | EP26: =EO26-EN26 -> -89 | EQ26: 2 | ES26: 18 | ET26: г.Стрежевой | EU26: 18 | EV26: 47 | EW26: 48 | EX26: =EW26-EV26 -> 1 | EY26: 36 | EZ26: 39 | FA26: =EZ26-EY26 -> 3 | FB26: 30 | FC26: 30 | FD26: =FC26-FB26 -> 0 | FE26: 11 | FF26: 12 | FG26: =FF26-FE26 -> 1 | FH26: 10 | FI26: 10 | FJ26: =FI26-FH26 -> 0 | FK26: =ROUND((FE26+FH26)/FB26*100,1) -> 70 | FL26: =ROUND((FF26+FI26)/FC26*100,1) -> 73.3 | FM26: 10 | FN26: =ROUND(FB26/D26,0) -> 30 | FO26: =ROUND(FC26/G26,0) -> 30 | FP26: =FO26-FN26 -> 0 | FR26: 18 | FS26: г.Стрежевой | FT26: 18 | FU26: =FW26+FX26+FY26+GA26 -> 98379.5 | FV26: =ROUND(FU26/G26,0) -> 98380 | FW26: 66521.8 | FX26: 25359.6 | FY26: 6091.1 | FZ26: 400 | GA26: 407 | GB26: =ROUND((FW26+FX26)/FU26*100,1) -> 93.4 | GC26: 100143.6 | GD26: 53514.4 | GF26: 5104.8 | GG26: 187 | GH26: 224.1
A27: 19 | B27: г.Томск | C27: 19 | D27: =E27+F27 -> 5 | E27: 5 | G27: =H27+I27 -> 5 | H27: 5 | J27: 947 | K27: 947 | L27: =K27-J27 -> 0 | M27: =ROUND(J27/D27,0) -> 189 | N27: =ROUND(K27/G27,0) -> 189 | O27: =N27-M27 -> 0 | P27: 5 | Q27: 8 | R27: =Q27-P27 -> 3 | S27: 2 | T27: 2 | U27: =T27-S27 -> 0 | X27: =W27-V27 -> 0 | Y27: =ROUND((S27+V27)/P27*100,1) -> 40 | Z27: =ROUND((T27+W27)/Q27*100,1) -> 25 | AA27: =Z27-Y27 -> -15 | AD27: =AC27-AB27 -> 0 | AF27: 19 | AG27: г.Томск | AH27: 19 | AI27: =AJ27+AK27 -> 597.8 | AJ27: 597.8 | AL27: =AM27+AN27 -> 589.7 | AM27: 589.7 | AO27: =ROUND(AI27/D27,2) -> 119.56 | AP27: =ROUND(AJ27/E27,2) -> 119.56 | AQ27: 0 | AR27: =ROUND(AL27/G27,2) -> 117.94 | AS27: =ROUND(AM27/H27,2) -> 117.94 | AT27: 0 | AU27: =AR27-AO27 -> -1.62 | AV27: =AS27-AP27 -> -1.62 | AW27: =AT27-AQ27 -> 0 | AY27: 19 | AZ27: г.Томск | BA27: 19 | BB27: 83 | BC27: 84 | BD27: =BC27-BB27 -> 1 | BG27: =BF27-BE27 -> 0 | BH27: =ROUND(BB27/D27,0) -> 17 | BI27: =ROUND(BC27/G27,0) -> 17 | BJ27: =BI27-BH27 -> 0 | BK27: 1642 | BL27: 1715 | BM27: =BL27-BK27 -> 73 | BP27: =BO27-BN27 -> 0 | BQ27: =ROUND(BK27/BB27,0) -> 20 | BR27: =ROUND(BL27/BC27,0) -> 20 | BS27: =BR27-BQ27 -> 0 | BT27: 3 | BU27: 43 | BV27: 42 | BW27: =BV27-BU27 -> -1 | BZ27: =BY27-BX27 -> 0 | CA27: 1025 | CB27: 1076 | CC27: =CB27-CA27 -> 51 | CF27: =CE27-CD27 -> 0 | CG27: 66 | CH27: 66 | CI27: =CH27-CG27 -> 0 | CL27: =CK27-CJ27 -> 0 | CM27: 34 | CN27: 34 | CO27: =CN27-CM27 -> 0 | CR27: =CQ27-CP27 -> 0 | CS27: 1344 | CT27: 1386 | CU27: =CT27-CS27 -> 42 | CX27: =CW27-CV27 -> 0 | CY27: 815 | CZ27: 849 | DA27: =CZ27-CY27 -> 34 | DD27: =DC27-DB27 -> 0 | DF27: 19 | DG27: г.Томск | DH27: 19 | DI27: 872 | DJ27: 922 | DK27: =DJ27-DI27 -> 50 | DL27: 348 | DM27: 347 | DN27: =DM27-DL27 -> -1 | DO27: 417276 | DP27: 179695 | DQ27: =DP27-DO27 -> -237581 | DR27: 82749 | DS27: 35973 | DT27: =DS27-DR27 -> -46776 | DU27: =ROUND(DI27/D27,0) -> 174 | DV27: =ROUND(DJ27/G27,0) -> 184 | DW27: =DV27-DU27 -> 10 | DX27: 4 | DY27: 74 | DZ27: 375 | EA27: =DZ27-DY27 -> 301 | EB27: 38 | EC27: 104 | ED27: =EC27-EB27 -> 66 | EE27: =ROUND(DY27/DI27*100,1) -> 8.5 | EF27: =ROUND(DZ27/DJ27*100,1) -> 40.7 | EG27: =EF27-EE27 -> 32.2 | EH27: 8626 | EI27: 22069 | EJ27: =EI27-EH27 -> 13443 | EK27: 2079 | EL27: 4089 | EM27: =EL27-EK27 -> 2010 | EN27: =ROUND(EH27/DY27,0) -> 117 | EO27: =ROUND(EI27/DZ27,0) -> 59 | EP27: =EO27-EN27 -> -58 | EQ27: 6 | ES27: 19 | ET27: г.Томск | EU27: 19 | EV27: 281 | EW27: 275 | EX27: =EW27-EV27 -> -6 | EY27: 268 | EZ27: 263 | FA27: =EZ27-EY27 -> -5 | FB27: 204 | FC27: 207 | FD27: =FC27-FB27 -> 3 | FE27: 106 | FF27: 101 | FG27: =FF27-FE27 -> -5 | FH27: 48 | FI27: 43 | FJ27: =FI27-FH27 -> -5 | FK27: =ROUND((FE27+FH27)/FB27*100,1) -> 75.5 | FL27: =ROUND((FF27+FI27)/FC27*100,1) -> 69.6 | FM27: 12 | FN27: =ROUND(FB27/D27,0) -> 41 | FO27: =ROUND(FC27/G27,0) -> 41 | FP27: =FO27-FN27 -> 0 | FR27: 19 | FS27: г.Томск | FT27: 19 | FU27: =FW27+FX27+FY27+GA27 -> 165908 | FV27: =ROUND(FU27/G27,0) -> 33182 | FW27: 150500.3 | FY27: 14938 | FZ27: 5792.2 | GA27: 469.7 | GB27: =ROUND((FW27+FX27)/FU27*100,1) -> 90.7 | GC27: 162930.4 | GD27: 121058.3 | GF27: 2356.6 | GH27: 21436.5
A28: 20 | B28: ЗАТО Северск | C28: 20 | D28: =E28+F28 -> 2 | E28: 1 | F28: 1 | G28: =H28+I28 -> 2 | H28: 1 | I28: 1 | J28: 661 | K28: 661 | L28: =K28-J28 -> 0 | M28: =ROUND(J28/D28,0) -> 331 | N28: =ROUND(K28/G28,0) -> 331 | O28: =N28-M28 -> 0 | P28: 2 | Q28: 2 | R28: =Q28-P28 -> 0 | S28: 1 | T28: 1 | U28: =T28-S28 -> 0 | X28: =W28-V28 -> 0 | Y28: =ROUND((S28+V28)/P28*100,1) -> 50 | Z28: =ROUND((T28+W28)/Q28*100,1) -> 50 | AA28: =Z28-Y28 -> 0 | AD28: =AC28-AB28 -> 0 | AF28: 20 | AG28: ЗАТО Северск | AH28: 20 | AI28: =AJ28+AK28 -> 112.8 | AJ28: 106.5 | AK28: 6.3 | AL28: =AM28+AN28 -> 112.2 | AM28: 105.9 | AN28: 6.3 | AO28: =ROUND(AI28/D28,2) -> 56.4 | AP28: =ROUND(AJ28/E28,2) -> 106.5 | AQ28: =ROUND(AK28/F28,2) -> 6.3 | AR28: =ROUND(AL28/G28,2) -> 56.1 | AS28: =ROUND(AM28/H28,2) -> 105.9 | AT28: =ROUND(AN28/I28,2) -> 6.3 | AU28: =AR28-AO28 -> -0.3 | AV28: =AS28-AP28 -> -0.6 | AW28: =AT28-AQ28 -> 0 | AY28: 20 | AZ28: ЗАТО Северск | BA28: 20 | BB28: 40 | BC28: 38 | BD28: =BC28-BB28 -> -2 | BE28: 11 | BF28: 10 | BG28: =BF28-BE28 -> -1 | BH28: =ROUND(BB28/D28,0) -> 20 | BI28: =ROUND(BC28/G28,0) -> 19 | BJ28: =BI28-BH28 -> -1 | BK28: 1260 | BL28: 1251 | BM28: =BL28-BK28 -> -9 | BN28: 167 | BO28: 158 | BP28: =BO28-BN28 -> -9 | BQ28: =ROUND(BK28/BB28,0) -> 32 | BR28: =ROUND(BL28/BC28,0) -> 33 | BS28: =BR28-BQ28 -> 1 | BT28: 1 | BU28: 17 | BV28: 13 | BW28: =BV28-BU28 -> -4 | BX28: 5 | BY28: 2 | BZ28: =BY28-BX28 -> -3 | CA28: 723 | CB28: 633 | CC28: =CB28-CA28 -> -90 | CD28: 83 | CE28: 45 | CF28: =CE28-CD28 -> -38 | CG28: 30 | CH28: 28 | CI28: =CH28-CG28 -> -2 | CJ28: 8 | CK28: 7 | CL28: =CK28-CJ28 -> -1 | CM28: 15 | CN28: 11 | CO28: =CN28-CM28 -> -4 | CP28: 5 | CQ28: 2 | CR28: =CQ28-CP28 -> -3 | CS28: 990 | CT28: 936 | CU28: =CT28-CS28 -> -54 | CV28: 120 | CW28: 107 | CX28: =CW28-CV28 -> -13 | CY28: 634 | CZ28: 541 | DA28: =CZ28-CY28 -> -93 | DB28: 83 | DC28: 45 | DD28: =DC28-DB28 -> -38 | DF28: 20 | DG28: ЗАТО Северск | DH28: 20 | DI28: 238 | DJ28: 414 | DK28: =DJ28-DI28 -> 176 | DL28: 119 | DM28: 214 | DN28: =DM28-DL28 -> 95 | DO28: 26198 | DP28: 44181 | DQ28: =DP28-DO28 -> 17983 | DR28: 5211 | DS28: 9998 | DT28: =DS28-DR28 -> 4787 | DU28: =ROUND(DI28/D28,0) -> 119 | DV28: =ROUND(DJ28/G28,0) -> 207 | DW28: =DV28-DU28 -> 88 | DX28: 3 | DY28: 92 | DZ28: 136 | EA28: =DZ28-DY28 -> 44 | EB28: 34 | EC28: 52 | ED28: =EC28-EB28 -> 18 | EE28: =ROUND(DY28/DI28*100,1) -> 38.7 | EF28: =ROUND(DZ28/DJ28*100,1) -> 32.9 | EG28: =EF28-EE28 -> -5.8 | EH28: 6068 | EI28: 10991 | EJ28: =EI28-EH28 -> 4923 | EK28: 2312 | EL28: 3885 | EM28: =EL28-EK28 -> 1573 | EN28: =ROUND(EH28/DY28,0) -> 66 | EO28: =ROUND(EI28/DZ28,0) -> 81 | EP28: =EO28-EN28 -> 15 | EQ28: 1 | ES28: 20 | ET28: ЗАТО Северск | EU28: 20 | EV28: 104 | EW28: 109 | EX28: =EW28-EV28 -> 5 | EY28: 90 | EZ28: 93 | FA28: =EZ28-EY28 -> 3 | FB28: 57 | FC28: 58 | FD28: =FC28-FB28 -> 1 | FE28: 24 | FF28: 27 | FG28: =FF28-FE28 -> 3 | FH28: 25 | FI28: 22 | FJ28: =FI28-FH28 -> -3 | FK28: =ROUND((FE28+FH28)/FB28*100,1) -> 86 | FL28: =ROUND((FF28+FI28)/FC28*100,1) -> 84.5 | FM28: 5 | FN28: =ROUND(FB28/D28,0) -> 29 | FO28: =ROUND(FC28/G28,0) -> 29 | FP28: =FO28-FN28 -> 0 | FR28: 20 | FS28: ЗАТО Северск | FT28: 20 | FU28: =FW28+FX28+FY28+GA28 -> 58334.2 | FV28: =ROUND(FU28/G28,0) -> 29167 | FW28: 31901.9 | FX28: 22917.4 | FY28: 3323.6 | FZ28: 775.5 | GA28: 191.3 | GB28: =ROUND((FW28+FX28)/FU28*100,1) -> 94 | GC28: 59355.9 | GD28: 46210 | GF28: 516.5 | GH28: 4802.5
